Workbook
Name AreaTeste: #REF!
Name AreaTeste2: #REF!
Name CélulaInicioPlanilha: #REF!
Name CélulaResumo: #REF!
Name Excel_BuiltIn_Database: #REF!
Name Excel_BuiltIn_Database_2: #REF!

Sheet ORÇ (2)
E2: MEMÓRIA DE CÁLCULO
B6: =Planilha!E6 -> OBRA: AMPLIAÇÃO E REFORMA DA EMEB VEREADOR ELIAS ANDERE | H6: LOCAL: | I6: Ferraz de Vasconcelos
A9: 0 | B9: BLOCO DE FUNDAÇÃO
A71: 0 | B71: VIGA BALDRAME
B121: PILARES
B191: VIGAS
B227: CHAPISCO, EMBOÇO E REBOCO INTERNO
B280: AZULEJO
B303: CHAPISCO, EMBOÇO E REBOCO EXTERNO
B312: REVESTIMENTO CERÂMICO PISO
B370: REVESTIMENTO CERÂMICO PISO
B378: PINTURA

Sheet ORÇ
E2: MEMÓRIA DE CÁLCULO
B6: =Planilha!E6 -> OBRA: AMPLIAÇÃO E REFORMA DA EMEB VEREADOR ELIAS ANDERE | H6: LOCAL: | I6: Ferraz de Vasconcelos
B9: REF | C9: CÓDIGO | D9: DESCRIÇÃO DOS SERVIÇOS | I9: UNID | J9: QUANT
M10: =SUMIF(M12:M976,"<>#N/D",M12:M976) -> 3532854.5 | N10: =M10*1.25 -> 4416068.1 | Q10: =Q11+Q51+Q794+Q911 -> #N/A
C11: + | D11: 1 - SERVIÇOS PRELIMINARES | Q11: =SUM(M11:M50) -> 242760.52
B12: EDIF | C12: 17030002 | D12: =UPPER(IF($B12="EDIF",VLOOKUP($C12,[1]EDIF!$A$1:$F$3677,2,0),(IF($B12="INFRA",VLOOKUP($C12,[1]INFRA!$A$1:$F$1859,2,0),(IF($B12="SINAPI",VLOOKUP($C12,[1]SINAPI!$A$1:$G$9552,2,0),(IF($B12="CDHU",VLOOKUP($C12,[1]CDHU!$A$1:$G$5122,2,0),(IF($B12="SIEC",VLOOKUP($C12,[1]SIEC!$A$1:$F$5304,2,0),(IF($B12="DER",VLOOKUP($C12,[1]DER!$A$1:$F$3075,2,0),(IF($B12="FDE",VLOOKUP($C12,[1]FDE!$A$1:$F$3289,2,0),(IF($B12="SICRO",VLOOKUP($C12,[1]SICRO!$A$1:$E$7371,2,0))))))))))))))))) -> PLACA DE OBRA EM CHAPA DE AÇO GALVANIZADO | I12: =UPPER(IF($B12="EDIF",VLOOKUP($C12,[1]EDIF!$A$1:$F$3677,3,0),(IF($B12="INFRA",VLOOKUP($C12,[1]INFRA!$A$1:$F$1859,3,0),(IF($B12="SINAPI",VLOOKUP($C12,[1]SINAPI!$A$1:$G$9552,3,0),(IF($B12="CDHU",VLOOKUP($C12,[1]CDHU!$A$1:$G$5122,3,0),(IF($B12="SIEC",VLOOKUP($C12,[1]SIEC!$A$1:$F$5304,3,0),(IF($B12="DER",VLOOKUP($C12,[1]DER!$A$1:$F$2075,3,0),(IF($B12="FDE",VLOOKUP($C12,[1]FDE!$A$1:$F$3289,3,0),(IF($B12="SICRO",VLOOKUP($C12,[1]SICRO!$A$1:$E$7371,3,0))))))))))))))))) -> M2 | J12: =SUM(K13:K14) -> 6 | L12: =UPPER(ROUND((IF($B12="EDIF",VLOOKUP($C12,[1]EDIF!$A$1:$F$3677,4,0),(IF($B12="INFRA",VLOOKUP($C12,[1]INFRA!$A$1:$F$1859,4,0),(IF($B12="SINAPI",VLOOKUP($C12,[1]SINAPI!$A$1:$G$9552,4,0),(IF($B12="CDHU",VLOOKUP($C12,[1]CDHU!$A$1:$G$5122,6,0),(IF($B12="SIEC",VLOOKUP($C12,[1]SIEC!$A$1:$F$5304,5,0),(IF($B12="DER",VLOOKUP($C12,[1]DER!$A$1:$F$3075,5,0),(IF($B12="FDE",VLOOKUP($C12,[1]FDE!$A$1:$F$3289,5,0),(IF($B12="SICRO",VLOOKUP($C12,[1]SICRO!$A$1:$E$7371,4,0))))))))))))))))),2)) -> 399,72 | M12: =TRUNC(J12*L12,2) -> 2398.32 | N12: =C12 -> 17030002 | O12: =UPPER(IF($B12="EDIF",VLOOKUP($C12,[1]EDIF!$A$1:$F$3677,5,0),(IF($B12="INFRA",VLOOKUP($C12,[1]INFRA!$A$1:$F$1859,5,0),(IF($B12="SINAPI",VLOOKUP($C12,[1]SINAPI!$A$1:$G$9552,6,0),(IF($B12="CDHU",VLOOKUP($C12,[1]CDHU!$A$1:$G$5122,7,0),(IF($B12="SIEC",VLOOKUP($C12,[1]SIEC!$A$1:$F$5304,6,0),(IF($B12="DER",VLOOKUP($C12,[1]DER!$A$1:$F$3075,6,0),(IF($B12="FDE",VLOOKUP($C12,[1]FDE!$A$1:$F$3289,6,0),(IF($B12="SICRO",VLOOKUP($C12,[1]SICRO!$A$1:$E$7371,5,0))))))))))))))))) -> SIURB-E JAN/26
C13: - | D13: Placa de Obra - 1,5 x 4,0 = 6,0m2 | K13: 6
C14: -
B15: EDIF | C15: 1001001 | D15: =UPPER(IF($B15="EDIF",VLOOKUP($C15,[1]EDIF!$A$1:$F$3677,2,0),(IF($B15="INFRA",VLOOKUP($C15,[1]INFRA!$A$1:$F$1859,2,0),(IF($B15="SINAPI",VLOOKUP($C15,[1]SINAPI!$A$1:$G$9552,2,0),(IF($B15="CDHU",VLOOKUP($C15,[1]CDHU!$A$1:$G$5122,2,0),(IF($B15="SIEC",VLOOKUP($C15,[1]SIEC!$A$1:$F$5304,2,0),(IF($B15="DER",VLOOKUP($C15,[1]DER!$A$1:$F$3075,2,0),(IF($B15="FDE",VLOOKUP($C15,[1]FDE!$A$1:$F$3289,2,0),(IF($B15="SICRO",VLOOKUP($C15,[1]SICRO!$A$1:$E$7371,2,0))))))))))))))))) -> LIMPEZA MECANIZADA GERAL, INCLUSIVE REMOÇÃO DA COBERTURA VEGETAL - TRONCOS COM DIÂMETRO ATÉ 10CM - SEM TRANSPORTE | I15: =UPPER(IF($B15="EDIF",VLOOKUP($C15,[1]EDIF!$A$1:$F$3677,3,0),(IF($B15="INFRA",VLOOKUP($C15,[1]INFRA!$A$1:$F$1859,3,0),(IF($B15="SINAPI",VLOOKUP($C15,[1]SINAPI!$A$1:$G$9552,3,0),(IF($B15="CDHU",VLOOKUP($C15,[1]CDHU!$A$1:$G$5122,3,0),(IF($B15="SIEC",VLOOKUP($C15,[1]SIEC!$A$1:$F$5304,3,0),(IF($B15="DER",VLOOKUP($C15,[1]DER!$A$1:$F$2075,3,0),(IF($B15="FDE",VLOOKUP($C15,[1]FDE!$A$1:$F$3289,3,0),(IF($B15="SICRO",VLOOKUP($C15,[1]SICRO!$A$1:$E$7371,3,0))))))))))))))))) -> M2 | J15: =ROUND(K16,2) -> 355 | L15: =UPPER(ROUND((IF($B15="EDIF",VLOOKUP($C15,[1]EDIF!$A$1:$F$3677,4,0),(IF($B15="INFRA",VLOOKUP($C15,[1]INFRA!$A$1:$F$1859,4,0),(IF($B15="SINAPI",VLOOKUP($C15,[1]SINAPI!$A$1:$G$9552,4,0),(IF($B15="CDHU",VLOOKUP($C15,[1]CDHU!$A$1:$G$5122,6,0),(IF($B15="SIEC",VLOOKUP($C15,[1]SIEC!$A$1:$F$5304,5,0),(IF($B15="DER",VLOOKUP($C15,[1]DER!$A$1:$F$3075,5,0),(IF($B15="FDE",VLOOKUP($C15,[1]FDE!$A$1:$F$3289,5,0),(IF($B15="SICRO",VLOOKUP($C15,[1]SICRO!$A$1:$E$7371,4,0))))))))))))))))),2)) -> 1,78 | M15: =TRUNC(J15*L15,2) -> 631.9 | N15: =C15 -> 1001001 | O15: =UPPER(IF($B15="EDIF",VLOOKUP($C15,[1]EDIF!$A$1:$F$2677,5,0),(IF($B15="INFRA",VLOOKUP($C15,[1]INFRA!$A$1:$F$859,5,0),(IF($B15="SINAPI",VLOOKUP($C15,[1]SINAPI!$A$1:$G$7552,7,0),(IF($B15="CDHU",VLOOKUP($C15,[1]CDHU!$A$1:$G$4122,7,0),(IF($B15="SIEC",VLOOKUP($C15,[1]SIEC!$A$1:$F$4304,6,0),(IF($B15="DER",VLOOKUP($C15,[1]DER!$A$1:$F$2075,6,0),(IF($B15="SICRO",VLOOKUP($C15,[1]SICRO!$A$1:$E$6371,5,0))))))))))))))) -> SIURB-E JAN/26
C16: - | D16: Area Ampliação - 355,00m2 | K16: 355
C17: -
B18: EDIF | C18: 1001006 | D18: =UPPER(IF($B18="EDIF",VLOOKUP($C18,[1]EDIF!$A$1:$F$3677,2,0),(IF($B18="INFRA",VLOOKUP($C18,[1]INFRA!$A$1:$F$1859,2,0),(IF($B18="SINAPI",VLOOKUP($C18,[1]SINAPI!$A$1:$G$9552,2,0),(IF($B18="CDHU",VLOOKUP($C18,[1]CDHU!$A$1:$G$5122,2,0),(IF($B18="SIEC",VLOOKUP($C18,[1]SIEC!$A$1:$F$5304,2,0),(IF($B18="DER",VLOOKUP($C18,[1]DER!$A$1:$F$3075,2,0),(IF($B18="FDE",VLOOKUP($C18,[1]FDE!$A$1:$F$3289,2,0),(IF($B18="SICRO",VLOOKUP($C18,[1]SICRO!$A$1:$E$7371,2,0))))))))))))))))) -> CARGA MANUAL E REMOÇÃO DE ENTULHO, INCLUSIVE TRANSPORTE ATÉ 1 KM | I18: =UPPER(IF($B18="EDIF",VLOOKUP($C18,[1]EDIF!$A$1:$F$3677,3,0),(IF($B18="INFRA",VLOOKUP($C18,[1]INFRA!$A$1:$F$1859,3,0),(IF($B18="SINAPI",VLOOKUP($C18,[1]SINAPI!$A$1:$G$9552,3,0),(IF($B18="CDHU",VLOOKUP($C18,[1]CDHU!$A$1:$G$5122,3,0),(IF($B18="SIEC",VLOOKUP($C18,[1]SIEC!$A$1:$F$5304,3,0),(IF($B18="DER",VLOOKUP($C18,[1]DER!$A$1:$F$2075,3,0),(IF($B18="FDE",VLOOKUP($C18,[1]FDE!$A$1:$F$3289,3,0),(IF($B18="SICRO",VLOOKUP($C18,[1]SICRO!$A$1:$E$7371,3,0))))))))))))))))) -> M3 | J18: =ROUND(K19,2) -> 344.79 | L18: =UPPER(ROUND((IF($B18="EDIF",VLOOKUP($C18,[1]EDIF!$A$1:$F$3677,4,0),(IF($B18="INFRA",VLOOKUP($C18,[1]INFRA!$A$1:$F$1859,4,0),(IF($B18="SINAPI",VLOOKUP($C18,[1]SINAPI!$A$1:$G$9552,4,0),(IF($B18="CDHU",VLOOKUP($C18,[1]CDHU!$A$1:$G$5122,6,0),(IF($B18="SIEC",VLOOKUP($C18,[1]SIEC!$A$1:$F$5304,5,0),(IF($B18="DER",VLOOKUP($C18,[1]DER!$A$1:$F$3075,5,0),(IF($B18="FDE",VLOOKUP($C18,[1]FDE!$A$1:$F$3289,5,0),(IF($B18="SICRO",VLOOKUP($C18,[1]SICRO!$A$1:$E$7371,4,0))))))))))))))))),2)) -> 54,55 | M18: =TRUNC(J18*L18,2) -> 18808.29 | N18: =C18 -> 1001006 | O18: =UPPER(IF($B18="EDIF",VLOOKUP($C18,[1]EDIF!$A$1:$F$2677,5,0),(IF($B18="INFRA",VLOOKUP($C18,[1]INFRA!$A$1:$F$859,5,0),(IF($B18="SINAPI",VLOOKUP($C18,[1]SINAPI!$A$1:$G$7552,7,0),(IF($B18="CDHU",VLOOKUP($C18,[1]CDHU!$A$1:$G$4122,7,0),(IF($B18="SIEC",VLOOKUP($C18,[1]SIEC!$A$1:$F$4304,6,0),(IF($B18="DER",VLOOKUP($C18,[1]DER!$A$1:$F$2075,6,0),(IF($B18="SICRO",VLOOKUP($C18,[1]SICRO!$A$1:$E$6371,5,0))))))))))))))) -> SIURB-E JAN/26
C19: - | K19: =(J53+J57+J62+(J69*0.16)+(J75*0.06)+(J78*0.1)+(J81*0.1)+(J84*0.04)+(J87*0.03)+(J90*0.3*0.04)+(J93*0.3*0.03)+(J119*0.03)+(J72*0.3)+J796+J799+(J802*0.03)+(J820*0.04)+J913+(J917*0.05))*1.3 -> 344.78944
C20: -
B21: EDIF | C21: 1001010 | D21: =UPPER(IF($B21="EDIF",VLOOKUP($C21,[1]EDIF!$A$1:$F$3677,2,0),(IF($B21="INFRA",VLOOKUP($C21,[1]INFRA!$A$1:$F$1859,2,0),(IF($B21="SINAPI",VLOOKUP($C21,[1]SINAPI!$A$1:$G$9552,2,0),(IF($B21="CDHU",VLOOKUP($C21,[1]CDHU!$A$1:$G$5122,2,0),(IF($B21="SIEC",VLOOKUP($C21,[1]SIEC!$A$1:$F$5304,2,0),(IF($B21="DER",VLOOKUP($C21,[1]DER!$A$1:$F$3075,2,0),(IF($B21="FDE",VLOOKUP($C21,[1]FDE!$A$1:$F$3289,2,0),(IF($B21="SICRO",VLOOKUP($C21,[1]SICRO!$A$1:$E$7371,2,0))))))))))))))))) -> TRANSPORTE DE ENTULHO POR CAMINHÃO BASCULANTE, A PARTIR DE 1KM | I21: =UPPER(IF($B21="EDIF",VLOOKUP($C21,[1]EDIF!$A$1:$F$3677,3,0),(IF($B21="INFRA",VLOOKUP($C21,[1]INFRA!$A$1:$F$1859,3,0),(IF($B21="SINAPI",VLOOKUP($C21,[1]SINAPI!$A$1:$G$9552,3,0),(IF($B21="CDHU",VLOOKUP($C21,[1]CDHU!$A$1:$G$5122,3,0),(IF($B21="SIEC",VLOOKUP($C21,[1]SIEC!$A$1:$F$5304,3,0),(IF($B21="DER",VLOOKUP($C21,[1]DER!$A$1:$F$2075,3,0),(IF($B21="FDE",VLOOKUP($C21,[1]FDE!$A$1:$F$3289,3,0),(IF($B21="SICRO",VLOOKUP($C21,[1]SICRO!$A$1:$E$7371,3,0))))))))))))))))) -> M3XKM | J21: =ROUND(K22,2) -> 6895.8 | L21: =UPPER(ROUND((IF($B21="EDIF",VLOOKUP($C21,[1]EDIF!$A$1:$F$3677,4,0),(IF($B21="INFRA",VLOOKUP($C21,[1]INFRA!$A$1:$F$1859,4,0),(IF($B21="SINAPI",VLOOKUP($C21,[1]SINAPI!$A$1:$G$9552,4,0),(IF($B21="CDHU",VLOOKUP($C21,[1]CDHU!$A$1:$G$5122,6,0),(IF($B21="SIEC",VLOOKUP($C21,[1]SIEC!$A$1:$F$5304,5,0),(IF($B21="DER",VLOOKUP($C21,[1]DER!$A$1:$F$3075,5,0),(IF($B21="FDE",VLOOKUP($C21,[1]FDE!$A$1:$F$3289,5,0),(IF($B21="SICRO",VLOOKUP($C21,[1]SICRO!$A$1:$E$7371,4,0))))))))))))))))),2)) -> 1,72 | M21: =TRUNC(J21*L21,2) -> 11860.77 | N21: =C21 -> 1001010 | O21: =UPPER(IF($B21="EDIF",VLOOKUP($C21,[1]EDIF!$A$1:$F$2677,5,0),(IF($B21="INFRA",VLOOKUP($C21,[1]INFRA!$A$1:$F$859,5,0),(IF($B21="SINAPI",VLOOKUP($C21,[1]SINAPI!$A$1:$G$7552,7,0),(IF($B21="CDHU",VLOOKUP($C21,[1]CDHU!$A$1:$G$4122,7,0),(IF($B21="SIEC",VLOOKUP($C21,[1]SIEC!$A$1:$F$4304,6,0),(IF($B21="DER",VLOOKUP($C21,[1]DER!$A$1:$F$2075,6,0),(IF($B21="SICRO",VLOOKUP($C21,[1]SICRO!$A$1:$E$6371,5,0))))))))))))))) -> SIURB-E JAN/26
C22: - | D22: Ver item 01.001.006 x 20km de distacia | K22: =J18*20 -> 6895.8
C23: -
B24: infra | C24: 4064000 | D24: =UPPER(IF($B24="EDIF",VLOOKUP($C24,[1]EDIF!$A$1:$F$3677,2,0),(IF($B24="INFRA",VLOOKUP($C24,[1]INFRA!$A$1:$F$1859,2,0),(IF($B24="SINAPI",VLOOKUP($C24,[1]SINAPI!$A$1:$G$9552,2,0),(IF($B24="CDHU",VLOOKUP($C24,[1]CDHU!$A$1:$G$5122,2,0),(IF($B24="SIEC",VLOOKUP($C24,[1]SIEC!$A$1:$F$5304,2,0),(IF($B24="DER",VLOOKUP($C24,[1]DER!$A$1:$F$3075,2,0),(IF($B24="FDE",VLOOKUP($C24,[1]FDE!$A$1:$F$3289,2,0),(IF($B24="SICRO",VLOOKUP($C24,[1]SICRO!$A$1:$E$7371,2,0))))))))))))))))) -> DISPOSIÇÃO FINAL DE SOLOS E RESÍDUOS, CLASSE II B - INERTES, EM ATERRO SANITÁRIO LICENCIADO | I24: =UPPER(IF($B24="EDIF",VLOOKUP($C24,[1]EDIF!$A$1:$F$3677,3,0),(IF($B24="INFRA",VLOOKUP($C24,[1]INFRA!$A$1:$F$1859,3,0),(IF($B24="SINAPI",VLOOKUP($C24,[1]SINAPI!$A$1:$G$9552,3,0),(IF($B24="CDHU",VLOOKUP($C24,[1]CDHU!$A$1:$G$5122,3,0),(IF($B24="SIEC",VLOOKUP($C24,[1]SIEC!$A$1:$F$5304,3,0),(IF($B24="DER",VLOOKUP($C24,[1]DER!$A$1:$F$2075,3,0),(IF($B24="FDE",VLOOKUP($C24,[1]FDE!$A$1:$F$3289,3,0),(IF($B24="SICRO",VLOOKUP($C24,[1]SICRO!$A$1:$E$7371,3,0))))))))))))))))) -> TON | J24: =ROUND(K25,2) -> 517.19 | L24: =UPPER(ROUND((IF($B24="EDIF",VLOOKUP($C24,[1]EDIF!$A$1:$F$3677,4,0),(IF($B24="INFRA",VLOOKUP($C24,[1]INFRA!$A$1:$F$1859,4,0),(IF($B24="SINAPI",VLOOKUP($C24,[1]SINAPI!$A$1:$G$9552,4,0),(IF($B24="CDHU",VLOOKUP($C24,[1]CDHU!$A$1:$G$5122,6,0),(IF($B24="SIEC",VLOOKUP($C24,[1]SIEC!$A$1:$F$5304,5,0),(IF($B24="DER",VLOOKUP($C24,[1]DER!$A$1:$F$3075,5,0),(IF($B24="FDE",VLOOKUP($C24,[1]FDE!$A$1:$F$3289,5,0),(IF($B24="SICRO",VLOOKUP($C24,[1]SICRO!$A$1:$E$7371,4,0))))))))))))))))),2)) -> 124,28 | M24: =TRUNC(J24*L24,2) -> 64276.37 | N24: =C24 -> 4064000 | O24: =UPPER(IF($B24="EDIF",VLOOKUP($C24,[1]EDIF!$A$1:$F$2677,5,0),(IF($B24="INFRA",VLOOKUP($C24,[1]INFRA!$A$1:$F$859,5,0),(IF($B24="SINAPI",VLOOKUP($C24,[1]SINAPI!$A$1:$G$7552,7,0),(IF($B24="CDHU",VLOOKUP($C24,[1]CDHU!$A$1:$G$4122,7,0),(IF($B24="SIEC",VLOOKUP($C24,[1]SIEC!$A$1:$F$4304,6,0),(IF($B24="DER",VLOOKUP($C24,[1]DER!$A$1:$F$2075,6,0),(IF($B24="SICRO",VLOOKUP($C24,[1]SICRO!$A$1:$E$6371,5,0))))))))))))))) -> SIURB-I JAN/26
C25: - | D25: Adotado 1,5Ton/m3 | K25: =J18*1.5 -> 517.185
C26: -
B27: EDIF | C27: 1003002 | D27: =UPPER(IF($B27="EDIF",VLOOKUP($C27,[1]EDIF!$A$1:$F$3677,2,0),(IF($B27="INFRA",VLOOKUP($C27,[1]INFRA!$A$1:$F$1859,2,0),(IF($B27="SINAPI",VLOOKUP($C27,[1]SINAPI!$A$1:$G$9552,2,0),(IF($B27="CDHU",VLOOKUP($C27,[1]CDHU!$A$1:$G$5122,2,0),(IF($B27="SIEC",VLOOKUP($C27,[1]SIEC!$A$1:$F$5304,2,0),(IF($B27="DER",VLOOKUP($C27,[1]DER!$A$1:$F$3075,2,0),(IF($B27="FDE",VLOOKUP($C27,[1]FDE!$A$1:$F$3289,2,0),(IF($B27="SICRO",VLOOKUP($C27,[1]SICRO!$A$1:$E$7371,2,0))))))))))))))))) -> CORTE E ATERRO COMPACTADO | I27: =UPPER(IF($B27="EDIF",VLOOKUP($C27,[1]EDIF!$A$1:$F$3677,3,0),(IF($B27="INFRA",VLOOKUP($C27,[1]INFRA!$A$1:$F$1859,3,0),(IF($B27="SINAPI",VLOOKUP($C27,[1]SINAPI!$A$1:$G$9552,3,0),(IF($B27="CDHU",VLOOKUP($C27,[1]CDHU!$A$1:$G$5122,3,0),(IF($B27="SIEC",VLOOKUP($C27,[1]SIEC!$A$1:$F$5304,3,0),(IF($B27="DER",VLOOKUP($C27,[1]DER!$A$1:$F$2075,3,0),(IF($B27="FDE",VLOOKUP($C27,[1]FDE!$A$1:$F$3289,3,0),(IF($B27="SICRO",VLOOKUP($C27,[1]SICRO!$A$1:$E$7371,3,0))))))))))))))))) -> M3 | J27: =ROUND(K28,2) -> 213 | L27: =UPPER(ROUND((IF($B27="EDIF",VLOOKUP($C27,[1]EDIF!$A$1:$F$3677,4,0),(IF($B27="INFRA",VLOOKUP($C27,[1]INFRA!$A$1:$F$1859,4,0),(IF($B27="SINAPI",VLOOKUP($C27,[1]SINAPI!$A$1:$G$9552,4,0),(IF($B27="CDHU",VLOOKUP($C27,[1]CDHU!$A$1:$G$5122,6,0),(IF($B27="SIEC",VLOOKUP($C27,[1]SIEC!$A$1:$F$5304,5,0),(IF($B27="DER",VLOOKUP($C27,[1]DER!$A$1:$F$3075,5,0),(IF($B27="FDE",VLOOKUP($C27,[1]FDE!$A$1:$F$3289,5,0),(IF($B27="SICRO",VLOOKUP($C27,[1]SICRO!$A$1:$E$7371,4,0))))))))))))))))),2)) -> 21,14 | M27: =TRUNC(J27*L27,2) -> 4502.82 | N27: =C27 -> 1003002 | O27: =UPPER(IF($B27="EDIF",VLOOKUP($C27,[1]EDIF!$A$1:$F$2677,5,0),(IF($B27="INFRA",VLOOKUP($C27,[1]INFRA!$A$1:$F$859,5,0),(IF($B27="SINAPI",VLOOKUP($C27,[1]SINAPI!$A$1:$G$7552,7,0),(IF($B27="CDHU",VLOOKUP($C27,[1]CDHU!$A$1:$G$4122,7,0),(IF($B27="SIEC",VLOOKUP($C27,[1]SIEC!$A$1:$F$4304,6,0),(IF($B27="DER",VLOOKUP($C27,[1]DER!$A$1:$F$2075,6,0),(IF($B27="SICRO",VLOOKUP($C27,[1]SICRO!$A$1:$E$6371,5,0))))))))))))))) -> SIURB-E JAN/26
C28: - | D28: Area Ampliação - 347,78m2 x 0,6 | K28: =J15*0.6 -> 213
C29: -
B30: EDIF | C30: 1003005 | D30: =UPPER(IF($B30="EDIF",VLOOKUP($C30,[1]EDIF!$A$1:$F$3677,2,0),(IF($B30="INFRA",VLOOKUP($C30,[1]INFRA!$A$1:$F$1859,2,0),(IF($B30="SINAPI",VLOOKUP($C30,[1]SINAPI!$A$1:$G$9552,2,0),(IF($B30="CDHU",VLOOKUP($C30,[1]CDHU!$A$1:$G$5122,2,0),(IF($B30="SIEC",VLOOKUP($C30,[1]SIEC!$A$1:$F$5304,2,0),(IF($B30="DER",VLOOKUP($C30,[1]DER!$A$1:$F$3075,2,0),(IF($B30="FDE",VLOOKUP($C30,[1]FDE!$A$1:$F$3289,2,0),(IF($B30="SICRO",VLOOKUP($C30,[1]SICRO!$A$1:$E$7371,2,0))))))))))))))))) -> FORNECIMENTO DE TERRA, INCLUSIVE CORTE, CARGA, DESCARGA E TRANSPORTE ATÉ 1KM | I30: =UPPER(IF($B30="EDIF",VLOOKUP($C30,[1]EDIF!$A$1:$F$3677,3,0),(IF($B30="INFRA",VLOOKUP($C30,[1]INFRA!$A$1:$F$1859,3,0),(IF($B30="SINAPI",VLOOKUP($C30,[1]SINAPI!$A$1:$G$9552,3,0),(IF($B30="CDHU",VLOOKUP($C30,[1]CDHU!$A$1:$G$5122,3,0),(IF($B30="SIEC",VLOOKUP($C30,[1]SIEC!$A$1:$F$5304,3,0),(IF($B30="DER",VLOOKUP($C30,[1]DER!$A$1:$F$2075,3,0),(IF($B30="FDE",VLOOKUP($C30,[1]FDE!$A$1:$F$3289,3,0),(IF($B30="SICRO",VLOOKUP($C30,[1]SICRO!$A$1:$E$7371,3,0))))))))))))))))) -> M3 | J30: =ROUND(K31,2) -> 85.2 | L30: =UPPER(ROUND((IF($B30="EDIF",VLOOKUP($C30,[1]EDIF!$A$1:$F$3677,4,0),(IF($B30="INFRA",VLOOKUP($C30,[1]INFRA!$A$1:$F$1859,4,0),(IF($B30="SINAPI",VLOOKUP($C30,[1]SINAPI!$A$1:$G$9552,4,0),(IF($B30="CDHU",VLOOKUP($C30,[1]CDHU!$A$1:$G$5122,6,0),(IF($B30="SIEC",VLOOKUP($C30,[1]SIEC!$A$1:$F$5304,5,0),(IF($B30="DER",VLOOKUP($C30,[1]DER!$A$1:$F$3075,5,0),(IF($B30="FDE",VLOOKUP($C30,[1]FDE!$A$1:$F$3289,5,0),(IF($B30="SICRO",VLOOKUP($C30,[1]SICRO!$A$1:$E$7371,4,0))))))))))))))))),2)) -> 32,2 | M30: =TRUNC(J30*L30,2) -> 2743.44 | N30: =C30 -> 1003005 | O30: =UPPER(IF($B30="EDIF",VLOOKUP($C30,[1]EDIF!$A$1:$F$2677,5,0),(IF($B30="INFRA",VLOOKUP($C30,[1]INFRA!$A$1:$F$859,5,0),(IF($B30="SINAPI",VLOOKUP($C30,[1]SINAPI!$A$1:$G$7552,7,0),(IF($B30="CDHU",VLOOKUP($C30,[1]CDHU!$A$1:$G$4122,7,0),(IF($B30="SIEC",VLOOKUP($C30,[1]SIEC!$A$1:$F$4304,6,0),(IF($B30="DER",VLOOKUP($C30,[1]DER!$A$1:$F$2075,6,0),(IF($B30="SICRO",VLOOKUP($C30,[1]SICRO!$A$1:$E$6371,5,0))))))))))))))) -> SIURB-E JAN/26
C31: - | D31: Ver item 01.003.002 x 40% | K31: =J27*0.4 -> 85.2
C32: -
B33: EDIF | C33: 1003010 | D33: =UPPER(IF($B33="EDIF",VLOOKUP($C33,[1]EDIF!$A$1:$F$3677,2,0),(IF($B33="INFRA",VLOOKUP($C33,[1]INFRA!$A$1:$F$1859,2,0),(IF($B33="SINAPI",VLOOKUP($C33,[1]SINAPI!$A$1:$G$9552,2,0),(IF($B33="CDHU",VLOOKUP($C33,[1]CDHU!$A$1:$G$5122,2,0),(IF($B33="SIEC",VLOOKUP($C33,[1]SIEC!$A$1:$F$5304,2,0),(IF($B33="DER",VLOOKUP($C33,[1]DER!$A$1:$F$3075,2,0),(IF($B33="FDE",VLOOKUP($C33,[1]FDE!$A$1:$F$3289,2,0),(IF($B33="SICRO",VLOOKUP($C33,[1]SICRO!$A$1:$E$7371,2,0))))))))))))))))) -> TRANSPORTE DE TERRA POR CAMINHÃO BASCULANTE, A PARTIR DE 1KM | I33: =UPPER(IF($B33="EDIF",VLOOKUP($C33,[1]EDIF!$A$1:$F$3677,3,0),(IF($B33="INFRA",VLOOKUP($C33,[1]INFRA!$A$1:$F$1859,3,0),(IF($B33="SINAPI",VLOOKUP($C33,[1]SINAPI!$A$1:$G$9552,3,0),(IF($B33="CDHU",VLOOKUP($C33,[1]CDHU!$A$1:$G$5122,3,0),(IF($B33="SIEC",VLOOKUP($C33,[1]SIEC!$A$1:$F$5304,3,0),(IF($B33="DER",VLOOKUP($C33,[1]DER!$A$1:$F$2075,3,0),(IF($B33="FDE",VLOOKUP($C33,[1]FDE!$A$1:$F$3289,3,0),(IF($B33="SICRO",VLOOKUP($C33,[1]SICRO!$A$1:$E$7371,3,0))))))))))))))))) -> M3XKM | J33: =ROUND(K34,2) -> 1704 | L33: =UPPER(ROUND((IF($B33="EDIF",VLOOKUP($C33,[1]EDIF!$A$1:$F$3677,4,0),(IF($B33="INFRA",VLOOKUP($C33,[1]INFRA!$A$1:$F$1859,4,0),(IF($B33="SINAPI",VLOOKUP($C33,[1]SINAPI!$A$1:$G$9552,4,0),(IF($B33="CDHU",VLOOKUP($C33,[1]CDHU!$A$1:$G$5122,6,0),(IF($B33="SIEC",VLOOKUP($C33,[1]SIEC!$A$1:$F$5304,5,0),(IF($B33="DER",VLOOKUP($C33,[1]DER!$A$1:$F$3075,5,0),(IF($B33="FDE",VLOOKUP($C33,[1]FDE!$A$1:$F$3289,5,0),(IF($B33="SICRO",VLOOKUP($C33,[1]SICRO!$A$1:$E$7371,4,0))))))))))))))))),2)) -> 3,08 | M33: =TRUNC(J33*L33,2) -> 5248.32 | N33: =C33 -> 1003010 | O33: =UPPER(IF($B33="EDIF",VLOOKUP($C33,[1]EDIF!$A$1:$F$2677,5,0),(IF($B33="INFRA",VLOOKUP($C33,[1]INFRA!$A$1:$F$859,5,0),(IF($B33="SINAPI",VLOOKUP($C33,[1]SINAPI!$A$1:$G$7552,7,0),(IF($B33="CDHU",VLOOKUP($C33,[1]CDHU!$A$1:$G$4122,7,0),(IF($B33="SIEC",VLOOKUP($C33,[1]SIEC!$A$1:$F$4304,6,0),(IF($B33="DER",VLOOKUP($C33,[1]DER!$A$1:$F$2075,6,0),(IF($B33="SICRO",VLOOKUP($C33,[1]SICRO!$A$1:$E$6371,5,0))))))))))))))) -> SIURB-E JAN/26
C34: - | D34: Ver item 01.003.005 x 20km de distacia | K34: =J30*20 -> 1704
C35: -
B36: EDIF | C36: 20003004 | D36: =UPPER(IF($B36="EDIF",VLOOKUP($C36,[1]EDIF!$A$1:$F$3677,2,0),(IF($B36="INFRA",VLOOKUP($C36,[1]INFRA!$A$1:$F$1859,2,0),(IF($B36="SINAPI",VLOOKUP($C36,[1]SINAPI!$A$1:$G$9552,2,0),(IF($B36="CDHU",VLOOKUP($C36,[1]CDHU!$A$1:$G$5122,2,0),(IF($B36="SIEC",VLOOKUP($C36,[1]SIEC!$A$1:$F$5304,2,0),(IF($B36="DER",VLOOKUP($C36,[1]DER!$A$1:$F$3075,2,0),(IF($B36="FDE",VLOOKUP($C36,[1]FDE!$A$1:$F$3289,2,0),(IF($B36="SICRO",VLOOKUP($C36,[1]SICRO!$A$1:$E$7371,2,0))))))))))))))))) -> ENGENHEIRO/ ARQUITETO PLENO | I36: =UPPER(IF($B36="EDIF",VLOOKUP($C36,[1]EDIF!$A$1:$F$3677,3,0),(IF($B36="INFRA",VLOOKUP($C36,[1]INFRA!$A$1:$F$1859,3,0),(IF($B36="SINAPI",VLOOKUP($C36,[1]SINAPI!$A$1:$G$9552,3,0),(IF($B36="CDHU",VLOOKUP($C36,[1]CDHU!$A$1:$G$5122,3,0),(IF($B36="SIEC",VLOOKUP($C36,[1]SIEC!$A$1:$F$5304,3,0),(IF($B36="DER",VLOOKUP($C36,[1]DER!$A$1:$F$2075,3,0),(IF($B36="FDE",VLOOKUP($C36,[1]FDE!$A$1:$F$3289,3,0),(IF($B36="SICRO",VLOOKUP($C36,[1]SICRO!$A$1:$E$7371,3,0))))))))))))))))) -> H | J36: =ROUND(K37,2) -> 480 | L36: =UPPER(ROUND((IF($B36="EDIF",VLOOKUP($C36,[1]EDIF!$A$1:$F$3677,4,0),(IF($B36="INFRA",VLOOKUP($C36,[1]INFRA!$A$1:$F$1859,4,0),(IF($B36="SINAPI",VLOOKUP($C36,[1]SINAPI!$A$1:$G$9552,4,0),(IF($B36="CDHU",VLOOKUP($C36,[1]CDHU!$A$1:$G$5122,6,0),(IF($B36="SIEC",VLOOKUP($C36,[1]SIEC!$A$1:$F$5304,5,0),(IF($B36="DER",VLOOKUP($C36,[1]DER!$A$1:$F$3075,5,0),(IF($B36="FDE",VLOOKUP($C36,[1]FDE!$A$1:$F$3289,5,0),(IF($B36="SICRO",VLOOKUP($C36,[1]SICRO!$A$1:$E$7371,4,0))))))))))))))))),2)) -> 190,43 | M36: =TRUNC(J36*L36,2) -> 91406.4 | N36: =C36 -> 20003004 | O36: =UPPER(IF($B36="EDIF",VLOOKUP($C36,[1]EDIF!$A$1:$F$2677,5,0),(IF($B36="INFRA",VLOOKUP($C36,[1]INFRA!$A$1:$F$859,5,0),(IF($B36="SINAPI",VLOOKUP($C36,[1]SINAPI!$A$1:$G$7552,7,0),(IF($B36="CDHU",VLOOKUP($C36,[1]CDHU!$A$1:$G$4122,7,0),(IF($B36="SIEC",VLOOKUP($C36,[1]SIEC!$A$1:$F$4304,6,0),(IF($B36="DER",VLOOKUP($C36,[1]DER!$A$1:$F$2075,6,0),(IF($B36="SICRO",VLOOKUP($C36,[1]SICRO!$A$1:$E$6371,5,0))))))))))))))) -> #N/A
C37: - | D37: 480h | K37: =2*20*12 -> 480
C38: -
B39: CDHU | C39: 02.01.180 | D39: =UPPER(IF($B39="EDIF",VLOOKUP($C39,[1]EDIF!$A$1:$F$3677,2,0),(IF($B39="INFRA",VLOOKUP($C39,[1]INFRA!$A$1:$F$1859,2,0),(IF($B39="SINAPI",VLOOKUP($C39,[1]SINAPI!$A$1:$G$9552,2,0),(IF($B39="CDHU",VLOOKUP($C39,[1]CDHU!$A$1:$G$5122,2,0),(IF($B39="SIEC",VLOOKUP($C39,[1]SIEC!$A$1:$F$5304,2,0),(IF($B39="DER",VLOOKUP($C39,[1]DER!$A$1:$F$3075,2,0),(IF($B39="FDE",VLOOKUP($C39,[1]FDE!$A$1:$F$3289,2,0),(IF($B39="SICRO",VLOOKUP($C39,[1]SICRO!$A$1:$E$7371,2,0))))))))))))))))) -> BANHEIRO QUÍMICO MODELO STANDARD, COM MANUTENÇÃO CONFORME EXIGÊNCIAS DA CETESB | I39: =UPPER(IF($B39="EDIF",VLOOKUP($C39,[1]EDIF!$A$1:$F$3677,3,0),(IF($B39="INFRA",VLOOKUP($C39,[1]INFRA!$A$1:$F$1859,3,0),(IF($B39="SINAPI",VLOOKUP($C39,[1]SINAPI!$A$1:$G$9552,3,0),(IF($B39="CDHU",VLOOKUP($C39,[1]CDHU!$A$1:$G$5122,3,0),(IF($B39="SIEC",VLOOKUP($C39,[1]SIEC!$A$1:$F$5304,3,0),(IF($B39="DER",VLOOKUP($C39,[1]DER!$A$1:$F$2075,3,0),(IF($B39="FDE",VLOOKUP($C39,[1]FDE!$A$1:$F$3289,3,0),(IF($B39="SICRO",VLOOKUP($C39,[1]SICRO!$A$1:$E$7371,3,0))))))))))))))))) -> UNMES | J39: =ROUND(K40,2) -> 12 | L39: =UPPER(ROUND((IF($B39="EDIF",VLOOKUP($C39,[1]EDIF!$A$1:$F$3677,4,0),(IF($B39="INFRA",VLOOKUP($C39,[1]INFRA!$A$1:$F$1859,4,0),(IF($B39="SINAPI",VLOOKUP($C39,[1]SINAPI!$A$1:$G$9552,4,0),(IF($B39="CDHU",VLOOKUP($C39,[1]CDHU!$A$1:$G$5122,6,0),(IF($B39="SIEC",VLOOKUP($C39,[1]SIEC!$A$1:$F$5304,5,0),(IF($B39="DER",VLOOKUP($C39,[1]DER!$A$1:$F$3075,5,0),(IF($B39="FDE",VLOOKUP($C39,[1]FDE!$A$1:$F$3289,5,0),(IF($B39="SICRO",VLOOKUP($C39,[1]SICRO!$A$1:$E$7371,4,0))))))))))))))))),2)) -> 1213,99 | M39: =TRUNC(J39*L39,2) -> 14567.88 | N39: =C39 -> 02.01.180 | O39: =UPPER(IF($B39="EDIF",VLOOKUP($C39,[1]EDIF!$A$1:$F$2677,5,0),(IF($B39="INFRA",VLOOKUP($C39,[1]INFRA!$A$1:$F$859,5,0),(IF($B39="SINAPI",VLOOKUP($C39,[1]SINAPI!$A$1:$G$7552,7,0),(IF($B39="CDHU",VLOOKUP($C39,[1]CDHU!$A$1:$G$4122,7,0),(IF($B39="SIEC",VLOOKUP($C39,[1]SIEC!$A$1:$F$4304,6,0),(IF($B39="DER",VLOOKUP($C39,[1]DER!$A$1:$F$2075,6,0),(IF($B39="SICRO",VLOOKUP($C39,[1]SICRO!$A$1:$E$6371,5,0))))))))))))))) -> 15
C40: - | D40: Tapume para fechamento de Obra - 63,00m x 2,20m(h) = 138,6m2 | K40: 12
C41: -
B42: CDHU | C42: 02.02.150 | D42: =UPPER(IF($B42="EDIF",VLOOKUP($C42,[1]EDIF!$A$1:$F$3677,2,0),(IF($B42="INFRA",VLOOKUP($C42,[1]INFRA!$A$1:$F$1859,2,0),(IF($B42="SINAPI",VLOOKUP($C42,[1]SINAPI!$A$1:$G$9552,2,0),(IF($B42="CDHU",VLOOKUP($C42,[1]CDHU!$A$1:$G$5122,2,0),(IF($B42="SIEC",VLOOKUP($C42,[1]SIEC!$A$1:$F$5304,2,0),(IF($B42="DER",VLOOKUP($C42,[1]DER!$A$1:$F$3075,2,0),(IF($B42="FDE",VLOOKUP($C42,[1]FDE!$A$1:$F$3289,2,0),(IF($B42="SICRO",VLOOKUP($C42,[1]SICRO!$A$1:$E$7371,2,0))))))))))))))))) -> LOCAÇÃO DE CONTAINER TIPO DEPÓSITO - ÁREA MÍNIMA DE 13,80 M² | I42: =UPPER(IF($B42="EDIF",VLOOKUP($C42,[1]EDIF!$A$1:$F$3677,3,0),(IF($B42="INFRA",VLOOKUP($C42,[1]INFRA!$A$1:$F$1859,3,0),(IF($B42="SINAPI",VLOOKUP($C42,[1]SINAPI!$A$1:$G$9552,3,0),(IF($B42="CDHU",VLOOKUP($C42,[1]CDHU!$A$1:$G$5122,3,0),(IF($B42="SIEC",VLOOKUP($C42,[1]SIEC!$A$1:$F$5304,3,0),(IF($B42="DER",VLOOKUP($C42,[1]DER!$A$1:$F$2075,3,0),(IF($B42="FDE",VLOOKUP($C42,[1]FDE!$A$1:$F$3289,3,0),(IF($B42="SICRO",VLOOKUP($C42,[1]SICRO!$A$1:$E$7371,3,0))))))))))))))))) -> UNMES | J42: =ROUND(K43,2) -> 12 | L42: =UPPER(ROUND((IF($B42="EDIF",VLOOKUP($C42,[1]EDIF!$A$1:$F$3677,4,0),(IF($B42="INFRA",VLOOKUP($C42,[1]INFRA!$A$1:$F$1859,4,0),(IF($B42="SINAPI",VLOOKUP($C42,[1]SINAPI!$A$1:$G$9552,4,0),(IF($B42="CDHU",VLOOKUP($C42,[1]CDHU!$A$1:$G$5122,6,0),(IF($B42="SIEC",VLOOKUP($C42,[1]SIEC!$A$1:$F$5304,5,0),(IF($B42="DER",VLOOKUP($C42,[1]DER!$A$1:$F$3075,5,0),(IF($B42="FDE",VLOOKUP($C42,[1]FDE!$A$1:$F$3289,5,0),(IF($B42="SICRO",VLOOKUP($C42,[1]SICRO!$A$1:$E$7371,4,0))))))))))))))))),2)) -> 999,52 | M42: =TRUNC(J42*L42,2) -> 11994.24 | N42: =C42 -> 02.02.150 | O42: =UPPER(IF($B42="EDIF",VLOOKUP($C42,[1]EDIF!$A$1:$F$2677,5,0),(IF($B42="INFRA",VLOOKUP($C42,[1]INFRA!$A$1:$F$859,5,0),(IF($B42="SINAPI",VLOOKUP($C42,[1]SINAPI!$A$1:$G$7552,7,0),(IF($B42="CDHU",VLOOKUP($C42,[1]CDHU!$A$1:$G$4122,7,0),(IF($B42="SIEC",VLOOKUP($C42,[1]SIEC!$A$1:$F$4304,6,0),(IF($B42="DER",VLOOKUP($C42,[1]DER!$A$1:$F$2075,6,0),(IF($B42="SICRO",VLOOKUP($C42,[1]SICRO!$A$1:$E$6371,5,0))))))))))))))) -> 15
C43: - | D43: Tapume para fechamento de Obra - 63,00m x 2,20m(h) = 138,6m2 | K43: 12
C44: -
B45: EDIF | C45: 1005001 | D45: =UPPER(IF($B45="EDIF",VLOOKUP($C45,[1]EDIF!$A$1:$F$3677,2,0),(IF($B45="INFRA",VLOOKUP($C45,[1]INFRA!$A$1:$F$1859,2,0),(IF($B45="SINAPI",VLOOKUP($C45,[1]SINAPI!$A$1:$G$9552,2,0),(IF($B45="CDHU",VLOOKUP($C45,[1]CDHU!$A$1:$G$5122,2,0),(IF($B45="SIEC",VLOOKUP($C45,[1]SIEC!$A$1:$F$5304,2,0),(IF($B45="DER",VLOOKUP($C45,[1]DER!$A$1:$F$3075,2,0),(IF($B45="FDE",VLOOKUP($C45,[1]FDE!$A$1:$F$3289,2,0),(IF($B45="SICRO",VLOOKUP($C45,[1]SICRO!$A$1:$E$7371,2,0))))))))))))))))) -> TAPUME CHAPA COMPENSADA 6MM | I45: =UPPER(IF($B45="EDIF",VLOOKUP($C45,[1]EDIF!$A$1:$F$3677,3,0),(IF($B45="INFRA",VLOOKUP($C45,[1]INFRA!$A$1:$F$1859,3,0),(IF($B45="SINAPI",VLOOKUP($C45,[1]SINAPI!$A$1:$G$9552,3,0),(IF($B45="CDHU",VLOOKUP($C45,[1]CDHU!$A$1:$G$5122,3,0),(IF($B45="SIEC",VLOOKUP($C45,[1]SIEC!$A$1:$F$5304,3,0),(IF($B45="DER",VLOOKUP($C45,[1]DER!$A$1:$F$2075,3,0),(IF($B45="FDE",VLOOKUP($C45,[1]FDE!$A$1:$F$3289,3,0),(IF($B45="SICRO",VLOOKUP($C45,[1]SICRO!$A$1:$E$7371,3,0))))))))))))))))) -> M2 | J45: =ROUND(K46,2) -> 138.6 | L45: =UPPER(ROUND((IF($B45="EDIF",VLOOKUP($C45,[1]EDIF!$A$1:$F$3677,4,0),(IF($B45="INFRA",VLOOKUP($C45,[1]INFRA!$A$1:$F$1859,4,0),(IF($B45="SINAPI",VLOOKUP($C45,[1]SINAPI!$A$1:$G$9552,4,0),(IF($B45="CDHU",VLOOKUP($C45,[1]CDHU!$A$1:$G$5122,6,0),(IF($B45="SIEC",VLOOKUP($C45,[1]SIEC!$A$1:$F$5304,5,0),(IF($B45="DER",VLOOKUP($C45,[1]DER!$A$1:$F$3075,5,0),(IF($B45="FDE",VLOOKUP($C45,[1]FDE!$A$1:$F$3289,5,0),(IF($B45="SICRO",VLOOKUP($C45,[1]SICRO!$A$1:$E$7371,4,0))))))))))))))))),2)) -> 90,01 | M45: =TRUNC(J45*L45,2) -> 12475.38 | N45: =C45 -> 1005001 | O45: =UPPER(IF($B45="EDIF",VLOOKUP($C45,[1]EDIF!$A$1:$F$2677,5,0),(IF($B45="INFRA",VLOOKUP($C45,[1]INFRA!$A$1:$F$859,5,0),(IF($B45="SINAPI",VLOOKUP($C45,[1]SINAPI!$A$1:$G$7552,7,0),(IF($B45="CDHU",VLOOKUP($C45,[1]CDHU!$A$1:$G$4122,7,0),(IF($B45="SIEC",VLOOKUP($C45,[1]SIEC!$A$1:$F$4304,6,0),(IF($B45="DER",VLOOKUP($C45,[1]DER!$A$1:$F$2075,6,0),(IF($B45="SICRO",VLOOKUP($C45,[1]SICRO!$A$1:$E$6371,5,0))))))))))))))) -> SIURB-E JAN/26
C46: - | D46: Tapume para fechamento de Obra - 63,00m x 2,20m(h) = 138,6m2 | K46: =63*2.2 -> 138.6
C47: -
B48: EDIF | C48: 1005006 | D48: =UPPER(IF($B48="EDIF",VLOOKUP($C48,[1]EDIF!$A$1:$F$3677,2,0),(IF($B48="INFRA",VLOOKUP($C48,[1]INFRA!$A$1:$F$1859,2,0),(IF($B48="SINAPI",VLOOKUP($C48,[1]SINAPI!$A$1:$G$9552,2,0),(IF($B48="CDHU",VLOOKUP($C48,[1]CDHU!$A$1:$G$5122,2,0),(IF($B48="SIEC",VLOOKUP($C48,[1]SIEC!$A$1:$F$5304,2,0),(IF($B48="DER",VLOOKUP($C48,[1]DER!$A$1:$F$3075,2,0),(IF($B48="FDE",VLOOKUP($C48,[1]FDE!$A$1:$F$3289,2,0),(IF($B48="SICRO",VLOOKUP($C48,[1]SICRO!$A$1:$E$7371,2,0))))))))))))))))) -> PORTÃO METÁLICO DE OBRA - 5M, PIVOTANTE, 2 FOLHAS, PARA TAPUME | I48: =UPPER(IF($B48="EDIF",VLOOKUP($C48,[1]EDIF!$A$1:$F$3677,3,0),(IF($B48="INFRA",VLOOKUP($C48,[1]INFRA!$A$1:$F$1859,3,0),(IF($B48="SINAPI",VLOOKUP($C48,[1]SINAPI!$A$1:$G$9552,3,0),(IF($B48="CDHU",VLOOKUP($C48,[1]CDHU!$A$1:$G$5122,3,0),(IF($B48="SIEC",VLOOKUP($C48,[1]SIEC!$A$1:$F$5304,3,0),(IF($B48="DER",VLOOKUP($C48,[1]DER!$A$1:$F$2075,3,0),(IF($B48="FDE",VLOOKUP($C48,[1]FDE!$A$1:$F$3289,3,0),(IF($B48="SICRO",VLOOKUP($C48,[1]SICRO!$A$1:$E$7371,3,0))))))))))))))))) -> M2 | J48: =ROUND(SUM(K48:K50),2) -> 6.16 | L48: =UPPER(ROUND((IF($B48="EDIF",VLOOKUP($C48,[1]EDIF!$A$1:$F$3677,4,0),(IF($B48="INFRA",VLOOKUP($C48,[1]INFRA!$A$1:$F$1859,4,0),(IF($B48="SINAPI",VLOOKUP($C48,[1]SINAPI!$A$1:$G$9552,4,0),(IF($B48="CDHU",VLOOKUP($C48,[1]CDHU!$A$1:$G$5122,6,0),(IF($B48="SIEC",VLOOKUP($C48,[1]SIEC!$A$1:$F$5304,5,0),(IF($B48="DER",VLOOKUP($C48,[1]DER!$A$1:$F$3075,5,0),(IF($B48="FDE",VLOOKUP($C48,[1]FDE!$A$1:$F$3289,5,0),(IF($B48="SICRO",VLOOKUP($C48,[1]SICRO!$A$1:$E$7371,4,0))))))))))))))))),2)) -> 299,74 | M48: =TRUNC(J48*L48,2) -> 1846.39 | N48: =C48 -> 1005006 | O48: =UPPER(IF($B48="EDIF",VLOOKUP($C48,[1]EDIF!$A$1:$F$2677,5,0),(IF($B48="INFRA",VLOOKUP($C48,[1]INFRA!$A$1:$F$859,5,0),(IF($B48="SINAPI",VLOOKUP($C48,[1]SINAPI!$A$1:$G$7552,7,0),(IF($B48="CDHU",VLOOKUP($C48,[1]CDHU!$A$1:$G$4122,7,0),(IF($B48="SIEC",VLOOKUP($C48,[1]SIEC!$A$1:$F$4304,6,0),(IF($B48="DER",VLOOKUP($C48,[1]DER!$A$1:$F$2075,6,0),(IF($B48="SICRO",VLOOKUP($C48,[1]SICRO!$A$1:$E$6371,5,0))))))))))))))) -> SIURB-E JAN/26
C49: - | D49: Porão de Obra - 2,80m x 2,20m(h) = 6,16m2 | K49: =2.2*2.8 -> 6.16
C50: -
C51: + | D51: 2 - AMPLIAÇÃO EMEB ELIAS ANDERE | Q51: =SUM(Q52:Q793) -> #N/A
C52: + | D52: 2.1 - DEMOLIÇÕES E RETIRADAS | Q52: =SUM(M52:M130) -> 53589.34
B53: EDIF | C53: 3050001 | D53: =UPPER(IF($B53="EDIF",VLOOKUP($C53,[1]EDIF!$A$1:$F$3677,2,0),(IF($B53="INFRA",VLOOKUP($C53,[1]INFRA!$A$1:$F$1859,2,0),(IF($B53="SINAPI",VLOOKUP($C53,[1]SINAPI!$A$1:$G$9552,2,0),(IF($B53="CDHU",VLOOKUP($C53,[1]CDHU!$A$1:$G$5122,2,0),(IF($B53="SIEC",VLOOKUP($C53,[1]SIEC!$A$1:$F$5304,2,0),(IF($B53="DER",VLOOKUP($C53,[1]DER!$A$1:$F$3075,2,0),(IF($B53="FDE",VLOOKUP($C53,[1]FDE!$A$1:$F$3289,2,0),(IF($B53="SICRO",VLOOKUP($C53,[1]SICRO!$A$1:$E$7371,2,0))))))))))))))))) -> DEMOLIÇÃO MECANIZADA DE CONCRETO SIMPLES | I53: =UPPER(IF($B53="EDIF",VLOOKUP($C53,[1]EDIF!$A$1:$F$3677,3,0),(IF($B53="INFRA",VLOOKUP($C53,[1]INFRA!$A$1:$F$1859,3,0),(IF($B53="SINAPI",VLOOKUP($C53,[1]SINAPI!$A$1:$G$9552,3,0),(IF($B53="CDHU",VLOOKUP($C53,[1]CDHU!$A$1:$G$5122,3,0),(IF($B53="SIEC",VLOOKUP($C53,[1]SIEC!$A$1:$F$5304,3,0),(IF($B53="DER",VLOOKUP($C53,[1]DER!$A$1:$F$2075,3,0),(IF($B53="FDE",VLOOKUP($C53,[1]FDE!$A$1:$F$3289,3,0),(IF($B53="SICRO",VLOOKUP($C53,[1]SICRO!$A$1:$E$7371,3,0))))))))))))))))) -> M3 | J53: =ROUND(SUM(K53:K56),2) -> 17.02 | L53: =UPPER(ROUND((IF($B53="EDIF",VLOOKUP($C53,[1]EDIF!$A$1:$F$3677,4,0),(IF($B53="INFRA",VLOOKUP($C53,[1]INFRA!$A$1:$F$1859,4,0),(IF($B53="SINAPI",VLOOKUP($C53,[1]SINAPI!$A$1:$G$9552,4,0),(IF($B53="CDHU",VLOOKUP($C53,[1]CDHU!$A$1:$G$5122,6,0),(IF($B53="SIEC",VLOOKUP($C53,[1]SIEC!$A$1:$F$5304,5,0),(IF($B53="DER",VLOOKUP($C53,[1]DER!$A$1:$F$3075,5,0),(IF($B53="FDE",VLOOKUP($C53,[1]FDE!$A$1:$F$3289,5,0),(IF($B53="SICRO",VLOOKUP($C53,[1]SICRO!$A$1:$E$7371,4,0))))))))))))))))),2)) -> 110,22 | M53: =TRUNC(J53*L53,2) -> 1875.94 | N53: =C53 -> 3050001 | O53: =UPPER(IF($B53="EDIF",VLOOKUP($C53,[1]EDIF!$A$1:$F$2677,5,0),(IF($B53="INFRA",VLOOKUP($C53,[1]INFRA!$A$1:$F$859,5,0),(IF($B53="SINAPI",VLOOKUP($C53,[1]SINAPI!$A$1:$G$7552,7,0),(IF($B53="CDHU",VLOOKUP($C53,[1]CDHU!$A$1:$G$4122,7,0),(IF($B53="SIEC",VLOOKUP($C53,[1]SIEC!$A$1:$F$4304,6,0),(IF($B53="DER",VLOOKUP($C53,[1]DER!$A$1:$F$2075,6,0),(IF($B53="SICRO",VLOOKUP($C53,[1]SICRO!$A$1:$E$6371,5,0))))))))))))))) -> SIURB-E JAN/26
C54: - | D54: Demolição passeio lateral - 26,18m² x 0,10m = 2,62m3 | K54: =ROUND(26.18*0.1,2) -> 2.62
C55: - | D55: Demolição Piso Patio Externo - 143,95m² x 0,10m = 14,40m³ | K55: =ROUND(143.95*0.1,2) -> 14.4
C56: -
B57: EDIF | C57: 3050002 | D57: =UPPER(IF($B57="EDIF",VLOOKUP($C57,[1]EDIF!$A$1:$F$3677,2,0),(IF($B57="INFRA",VLOOKUP($C57,[1]INFRA!$A$1:$F$1859,2,0),(IF($B57="SINAPI",VLOOKUP($C57,[1]SINAPI!$A$1:$G$9552,2,0),(IF($B57="CDHU",VLOOKUP($C57,[1]CDHU!$A$1:$G$5122,2,0),(IF($B57="SIEC",VLOOKUP($C57,[1]SIEC!$A$1:$F$5304,2,0),(IF($B57="DER",VLOOKUP($C57,[1]DER!$A$1:$F$3075,2,0),(IF($B57="FDE",VLOOKUP($C57,[1]FDE!$A$1:$F$3289,2,0),(IF($B57="SICRO",VLOOKUP($C57,[1]SICRO!$A$1:$E$7371,2,0))))))))))))))))) -> DEMOLIÇÃO MECANIZADA DE CONCRETO ARMADO | I57: =UPPER(IF($B57="EDIF",VLOOKUP($C57,[1]EDIF!$A$1:$F$3677,3,0),(IF($B57="INFRA",VLOOKUP($C57,[1]INFRA!$A$1:$F$1859,3,0),(IF($B57="SINAPI",VLOOKUP($C57,[1]SINAPI!$A$1:$G$9552,3,0),(IF($B57="CDHU",VLOOKUP($C57,[1]CDHU!$A$1:$G$5122,3,0),(IF($B57="SIEC",VLOOKUP($C57,[1]SIEC!$A$1:$F$5304,3,0),(IF($B57="DER",VLOOKUP($C57,[1]DER!$A$1:$F$2075,3,0),(IF($B57="FDE",VLOOKUP($C57,[1]FDE!$A$1:$F$3289,3,0),(IF($B57="SICRO",VLOOKUP($C57,[1]SICRO!$A$1:$E$7371,3,0))))))))))))))))) -> M3 | J57: =ROUND(SUM(K57:K61),2) -> 6.27 | L57: =UPPER(ROUND((IF($B57="EDIF",VLOOKUP($C57,[1]EDIF!$A$1:$F$3677,4,0),(IF($B57="INFRA",VLOOKUP($C57,[1]INFRA!$A$1:$F$1859,4,0),(IF($B57="SINAPI",VLOOKUP($C57,[1]SINAPI!$A$1:$G$9552,4,0),(IF($B57="CDHU",VLOOKUP($C57,[1]CDHU!$A$1:$G$5122,6,0),(IF($B57="SIEC",VLOOKUP($C57,[1]SIEC!$A$1:$F$5304,5,0),(IF($B57="DER",VLOOKUP($C57,[1]DER!$A$1:$F$3075,5,0),(IF($B57="FDE",VLOOKUP($C57,[1]FDE!$A$1:$F$3289,5,0),(IF($B57="SICRO",VLOOKUP($C57,[1]SICRO!$A$1:$E$7371,4,0))))))))))))))))),2)) -> 440,85 | M57: =TRUNC(J57*L57,2) -> 2764.12 | N57: =C57 -> 3050002 | O57: =UPPER(IF($B57="EDIF",VLOOKUP($C57,[1]EDIF!$A$1:$F$2677,5,0),(IF($B57="INFRA",VLOOKUP($C57,[1]INFRA!$A$1:$F$859,5,0),(IF($B57="SINAPI",VLOOKUP($C57,[1]SINAPI!$A$1:$G$7552,7,0),(IF($B57="CDHU",VLOOKUP($C57,[1]CDHU!$A$1:$G$4122,7,0),(IF($B57="SIEC",VLOOKUP($C57,[1]SIEC!$A$1:$F$4304,6,0),(IF($B57="DER",VLOOKUP($C57,[1]DER!$A$1:$F$2075,6,0),(IF($B57="SICRO",VLOOKUP($C57,[1]SICRO!$A$1:$E$6371,5,0))))))))))))))) -> SIURB-E JAN/26
C58: - | D58: Demolição de pilares - 0,15m x 0,25m x 4,5m(h) x 3unid =0,51m3 | K58: =ROUND((0.15*0.25*4.5*3),2) -> 0.51
C59: - | D59: Demolição de pilares - 0,15m x 0,25m x 3,1m(h) x 2unid =0,23m3 | K59: =ROUND((0.15*0.25*3.1*2),2) -> 0.23
C60: - | D60: Demolição de Laje Piso - 2,58m x 14,30m x 0,15m = 5,53m3 | K60: =ROUND(2.58*14.3*0.15,2) -> 5.53
C61: -
B62: EDIF | C62: 4050004 | D62: =UPPER(IF($B62="EDIF",VLOOKUP($C62,[1]EDIF!$A$1:$F$3677,2,0),(IF($B62="INFRA",VLOOKUP($C62,[1]INFRA!$A$1:$F$1859,2,0),(IF($B62="SINAPI",VLOOKUP($C62,[1]SINAPI!$A$1:$G$9552,2,0),(IF($B62="CDHU",VLOOKUP($C62,[1]CDHU!$A$1:$G$5122,2,0),(IF($B62="SIEC",VLOOKUP($C62,[1]SIEC!$A$1:$F$5304,2,0),(IF($B62="DER",VLOOKUP($C62,[1]DER!$A$1:$F$3075,2,0),(IF($B62="FDE",VLOOKUP($C62,[1]FDE!$A$1:$F$3289,2,0),(IF($B62="SICRO",VLOOKUP($C62,[1]SICRO!$A$1:$E$7371,2,0))))))))))))))))) -> DEMOLIÇÃO DE ALVENARIA EM GERAL (TIJOLOS OU BLOCOS) | I62: =UPPER(IF($B62="EDIF",VLOOKUP($C62,[1]EDIF!$A$1:$F$3677,3,0),(IF($B62="INFRA",VLOOKUP($C62,[1]INFRA!$A$1:$F$1859,3,0),(IF($B62="SINAPI",VLOOKUP($C62,[1]SINAPI!$A$1:$G$9552,3,0),(IF($B62="CDHU",VLOOKUP($C62,[1]CDHU!$A$1:$G$5122,3,0),(IF($B62="SIEC",VLOOKUP($C62,[1]SIEC!$A$1:$F$5304,3,0),(IF($B62="DER",VLOOKUP($C62,[1]DER!$A$1:$F$2075,3,0),(IF($B62="FDE",VLOOKUP($C62,[1]FDE!$A$1:$F$3289,3,0),(IF($B62="SICRO",VLOOKUP($C62,[1]SICRO!$A$1:$E$7371,3,0))))))))))))))))) -> M3 | J62: =ROUND(SUM(K62:K68),2) -> 28.37 | L62: =UPPER(ROUND((IF($B62="EDIF",VLOOKUP($C62,[1]EDIF!$A$1:$F$3677,4,0),(IF($B62="INFRA",VLOOKUP($C62,[1]INFRA!$A$1:$F$1859,4,0),(IF($B62="SINAPI",VLOOKUP($C62,[1]SINAPI!$A$1:$G$9552,4,0),(IF($B62="CDHU",VLOOKUP($C62,[1]CDHU!$A$1:$G$5122,6,0),(IF($B62="SIEC",VLOOKUP($C62,[1]SIEC!$A$1:$F$5304,5,0),(IF($B62="DER",VLOOKUP($C62,[1]DER!$A$1:$F$3075,5,0),(IF($B62="FDE",VLOOKUP($C62,[1]FDE!$A$1:$F$3289,5,0),(IF($B62="SICRO",VLOOKUP($C62,[1]SICRO!$A$1:$E$7371,4,0))))))))))))))))),2)) -> 57,22 | M62: =TRUNC(J62*L62,2) -> 1623.33 | N62: =C62 -> 4050004 | O62: =UPPER(IF($B62="EDIF",VLOOKUP($C62,[1]EDIF!$A$1:$F$2677,5,0),(IF($B62="INFRA",VLOOKUP($C62,[1]INFRA!$A$1:$F$859,5,0),(IF($B62="SINAPI",VLOOKUP($C62,[1]SINAPI!$A$1:$G$7552,7,0),(IF($B62="CDHU",VLOOKUP($C62,[1]CDHU!$A$1:$G$4122,7,0),(IF($B62="SIEC",VLOOKUP($C62,[1]SIEC!$A$1:$F$4304,6,0),(IF($B62="DER",VLOOKUP($C62,[1]DER!$A$1:$F$2075,6,0),(IF($B62="SICRO",VLOOKUP($C62,[1]SICRO!$A$1:$E$6371,5,0))))))))))))))) -> SIURB-E JAN/26
C63: - | D63: Demolição de Paredes - 14,60m x 4,5m(h) x 0,20m = 13,14m3 | K63: =14.6*4.5*0.2 -> 13.14
C64: - | D64: Demolição de Paredes - (3,16m + 3,13m) x 4,5m(h) x 0,20m = 5,66m3 | K64: =ROUND(((3.16+3.13)*4.5*0.2),2) -> 5.66
C65: - | D65: Demolição de Paredes - 1,6m x 3,10m (h) x 2unid x 0,20m = 1,98m3 | K65: =ROUND((1.6*3.1*2*0.2),2) -> 1.98
C66: - | D66: Demolição de vão de porta - 0,90m x 2,20m (h) x 0,20m x 2unid = 0,79m3 | K66: =ROUND((2.2*0.9*2*0.2),2) -> 0.79
C67: - | D67: Demolição de Mureta de Alambrado - (7,88m+1,17m+10,27m+8,08m+3,5m) x 1,10m(h) x 0,20m = 6,80m3 | K67: =ROUND((7.88+1.17+10.27+8.08+3.5)*1.1*0.2,2) -> 6.8
C68: -
B69: EDIF | C69: 3050005 | D69: =UPPER(IF($B69="EDIF",VLOOKUP($C69,[1]EDIF!$A$1:$F$3677,2,0),(IF($B69="INFRA",VLOOKUP($C69,[1]INFRA!$A$1:$F$1859,2,0),(IF($B69="SINAPI",VLOOKUP($C69,[1]SINAPI!$A$1:$G$9552,2,0),(IF($B69="CDHU",VLOOKUP($C69,[1]CDHU!$A$1:$G$5122,2,0),(IF($B69="SIEC",VLOOKUP($C69,[1]SIEC!$A$1:$F$5304,2,0),(IF($B69="DER",VLOOKUP($C69,[1]DER!$A$1:$F$3075,2,0),(IF($B69="FDE",VLOOKUP($C69,[1]FDE!$A$1:$F$3289,2,0),(IF($B69="SICRO",VLOOKUP($C69,[1]SICRO!$A$1:$E$7371,2,0))))))))))))))))) -> DEMOLIÇÃO DE LAJES MISTAS COM ESPESSURA FINAL IGUAL OU INFERIOR A 16CM | I69: =UPPER(IF($B69="EDIF",VLOOKUP($C69,[1]EDIF!$A$1:$F$3677,3,0),(IF($B69="INFRA",VLOOKUP($C69,[1]INFRA!$A$1:$F$1859,3,0),(IF($B69="SINAPI",VLOOKUP($C69,[1]SINAPI!$A$1:$G$9552,3,0),(IF($B69="CDHU",VLOOKUP($C69,[1]CDHU!$A$1:$G$5122,3,0),(IF($B69="SIEC",VLOOKUP($C69,[1]SIEC!$A$1:$F$5304,3,0),(IF($B69="DER",VLOOKUP($C69,[1]DER!$A$1:$F$2075,3,0),(IF($B69="FDE",VLOOKUP($C69,[1]FDE!$A$1:$F$3289,3,0),(IF($B69="SICRO",VLOOKUP($C69,[1]SICRO!$A$1:$E$7371,3,0))))))))))))))))) -> M2 | J69: =ROUND(SUM(K69:K71),2) -> 36.89 | L69: =UPPER(ROUND((IF($B69="EDIF",VLOOKUP($C69,[1]EDIF!$A$1:$F$3677,4,0),(IF($B69="INFRA",VLOOKUP($C69,[1]INFRA!$A$1:$F$1859,4,0),(IF($B69="SINAPI",VLOOKUP($C69,[1]SINAPI!$A$1:$G$9552,4,0),(IF($B69="CDHU",VLOOKUP($C69,[1]CDHU!$A$1:$G$5122,6,0),(IF($B69="SIEC",VLOOKUP($C69,[1]SIEC!$A$1:$F$5304,5,0),(IF($B69="DER",VLOOKUP($C69,[1]DER!$A$1:$F$3075,5,0),(IF($B69="FDE",VLOOKUP($C69,[1]FDE!$A$1:$F$3289,5,0),(IF($B69="SICRO",VLOOKUP($C69,[1]SICRO!$A$1:$E$7371,4,0))))))))))))))))),2)) -> 45,31 | M69: =TRUNC(J69*L69,2) -> 1671.48 | N69: =C69 -> 3050005 | O69: =UPPER(IF($B69="EDIF",VLOOKUP($C69,[1]EDIF!$A$1:$F$2677,5,0),(IF($B69="INFRA",VLOOKUP($C69,[1]INFRA!$A$1:$F$859,5,0),(IF($B69="SINAPI",VLOOKUP($C69,[1]SINAPI!$A$1:$G$7552,7,0),(IF($B69="CDHU",VLOOKUP($C69,[1]CDHU!$A$1:$G$4122,7,0),(IF($B69="SIEC",VLOOKUP($C69,[1]SIEC!$A$1:$F$4304,6,0),(IF($B69="DER",VLOOKUP($C69,[1]DER!$A$1:$F$2075,6,0),(IF($B69="SICRO",VLOOKUP($C69,[1]SICRO!$A$1:$E$6371,5,0))))))))))))))) -> SIURB-E JAN/26
C70: - | D70: Demolição de Laje Para Ampliação - 2,58m x 14,3m = 36,89m² | K70: =ROUND(2.58*14.3,2) -> 36.89
C71: -
B72: EDIF | C72: 5050001 | D72: =UPPER(IF($B72="EDIF",VLOOKUP($C72,[1]EDIF!$A$1:$F$3677,2,0),(IF($B72="INFRA",VLOOKUP($C72,[1]INFRA!$A$1:$F$1859,2,0),(IF($B72="SINAPI",VLOOKUP($C72,[1]SINAPI!$A$1:$G$9552,2,0),(IF($B72="CDHU",VLOOKUP($C72,[1]CDHU!$A$1:$G$5122,2,0),(IF($B72="SIEC",VLOOKUP($C72,[1]SIEC!$A$1:$F$5304,2,0),(IF($B72="DER",VLOOKUP($C72,[1]DER!$A$1:$F$3075,2,0),(IF($B72="FDE",VLOOKUP($C72,[1]FDE!$A$1:$F$3289,2,0),(IF($B72="SICRO",VLOOKUP($C72,[1]SICRO!$A$1:$E$7371,2,0))))))))))))))))) -> DEMOLIÇÃO DE ARGAMASSA IMPERMEÁVEL - ESPESSURA MÉDIA DE 30MM | I72: =UPPER(IF($B72="EDIF",VLOOKUP($C72,[1]EDIF!$A$1:$F$3677,3,0),(IF($B72="INFRA",VLOOKUP($C72,[1]INFRA!$A$1:$F$1859,3,0),(IF($B72="SINAPI",VLOOKUP($C72,[1]SINAPI!$A$1:$G$9552,3,0),(IF($B72="CDHU",VLOOKUP($C72,[1]CDHU!$A$1:$G$5122,3,0),(IF($B72="SIEC",VLOOKUP($C72,[1]SIEC!$A$1:$F$5304,3,0),(IF($B72="DER",VLOOKUP($C72,[1]DER!$A$1:$F$2075,3,0),(IF($B72="FDE",VLOOKUP($C72,[1]FDE!$A$1:$F$3289,3,0),(IF($B72="SICRO",VLOOKUP($C72,[1]SICRO!$A$1:$E$7371,3,0))))))))))))))))) -> M2 | J72: =ROUND(SUM(K72:K74),2) -> 323.25 | L72: =UPPER(ROUND((IF($B72="EDIF",VLOOKUP($C72,[1]EDIF!$A$1:$F$3677,4,0),(IF($B72="INFRA",VLOOKUP($C72,[1]INFRA!$A$1:$F$1859,4,0),(IF($B72="SINAPI",VLOOKUP($C72,[1]SINAPI!$A$1:$G$9552,4,0),(IF($B72="CDHU",VLOOKUP($C72,[1]CDHU!$A$1:$G$5122,6,0),(IF($B72="SIEC",VLOOKUP($C72,[1]SIEC!$A$1:$F$5304,5,0),(IF($B72="DER",VLOOKUP($C72,[1]DER!$A$1:$F$3075,5,0),(IF($B72="FDE",VLOOKUP($C72,[1]FDE!$A$1:$F$3289,5,0),(IF($B72="SICRO",VLOOKUP($C72,[1]SICRO!$A$1:$E$7371,4,0))))))))))))))))),2)) -> 12,95 | M72: =TRUNC(J72*L72,2) -> 4186.08 | N72: =C72 -> 5050001 | O72: =UPPER(IF($B72="EDIF",VLOOKUP($C72,[1]EDIF!$A$1:$F$2677,5,0),(IF($B72="INFRA",VLOOKUP($C72,[1]INFRA!$A$1:$F$859,5,0),(IF($B72="SINAPI",VLOOKUP($C72,[1]SINAPI!$A$1:$G$7552,7,0),(IF($B72="CDHU",VLOOKUP($C72,[1]CDHU!$A$1:$G$4122,7,0),(IF($B72="SIEC",VLOOKUP($C72,[1]SIEC!$A$1:$F$4304,6,0),(IF($B72="DER",VLOOKUP($C72,[1]DER!$A$1:$F$2075,6,0),(IF($B72="SICRO",VLOOKUP($C72,[1]SICRO!$A$1:$E$6371,5,0))))))))))))))) -> SIURB-E JAN/26
C73: - | D73: Regularização Laje existente - 323,25m2 | K73: 323.25
C74: -
B75: EDIF | C75: 4050010 | D75: =UPPER(IF($B75="EDIF",VLOOKUP($C75,[1]EDIF!$A$1:$F$3677,2,0),(IF($B75="INFRA",VLOOKUP($C75,[1]INFRA!$A$1:$F$1859,2,0),(IF($B75="SINAPI",VLOOKUP($C75,[1]SINAPI!$A$1:$G$9552,2,0),(IF($B75="CDHU",VLOOKUP($C75,[1]CDHU!$A$1:$G$5122,2,0),(IF($B75="SIEC",VLOOKUP($C75,[1]SIEC!$A$1:$F$5304,2,0),(IF($B75="DER",VLOOKUP($C75,[1]DER!$A$1:$F$3075,2,0),(IF($B75="FDE",VLOOKUP($C75,[1]FDE!$A$1:$F$3289,2,0),(IF($B75="SICRO",VLOOKUP($C75,[1]SICRO!$A$1:$E$7371,2,0))))))))))))))))) -> DEMOLIÇÃO DE PLACAS DIVISÓRIAS DE GRANILITE OU SIMILAR | I75: =UPPER(IF($B75="EDIF",VLOOKUP($C75,[1]EDIF!$A$1:$F$3677,3,0),(IF($B75="INFRA",VLOOKUP($C75,[1]INFRA!$A$1:$F$1859,3,0),(IF($B75="SINAPI",VLOOKUP($C75,[1]SINAPI!$A$1:$G$9552,3,0),(IF($B75="CDHU",VLOOKUP($C75,[1]CDHU!$A$1:$G$5122,3,0),(IF($B75="SIEC",VLOOKUP($C75,[1]SIEC!$A$1:$F$5304,3,0),(IF($B75="DER",VLOOKUP($C75,[1]DER!$A$1:$F$2075,3,0),(IF($B75="FDE",VLOOKUP($C75,[1]FDE!$A$1:$F$3289,3,0),(IF($B75="SICRO",VLOOKUP($C75,[1]SICRO!$A$1:$E$7371,3,0))))))))))))))))) -> M2 | J75: =ROUND(SUM(K75:K77),2) -> 29.65 | L75: =UPPER(ROUND((IF($B75="EDIF",VLOOKUP($C75,[1]EDIF!$A$1:$F$3677,4,0),(IF($B75="INFRA",VLOOKUP($C75,[1]INFRA!$A$1:$F$1859,4,0),(IF($B75="SINAPI",VLOOKUP($C75,[1]SINAPI!$A$1:$G$9552,4,0),(IF($B75="CDHU",VLOOKUP($C75,[1]CDHU!$A$1:$G$5122,6,0),(IF($B75="SIEC",VLOOKUP($C75,[1]SIEC!$A$1:$F$5304,5,0),(IF($B75="DER",VLOOKUP($C75,[1]DER!$A$1:$F$3075,5,0),(IF($B75="FDE",VLOOKUP($C75,[1]FDE!$A$1:$F$3289,5,0),(IF($B75="SICRO",VLOOKUP($C75,[1]SICRO!$A$1:$E$7371,4,0))))))))))))))))),2)) -> 12,95 | M75: =TRUNC(J75*L75,2) -> 383.96 | N75: =C75 -> 4050010 | O75: =UPPER(IF($B75="EDIF",VLOOKUP($C75,[1]EDIF!$A$1:$F$2677,5,0),(IF($B75="INFRA",VLOOKUP($C75,[1]INFRA!$A$1:$F$859,5,0),(IF($B75="SINAPI",VLOOKUP($C75,[1]SINAPI!$A$1:$G$7552,7,0),(IF($B75="CDHU",VLOOKUP($C75,[1]CDHU!$A$1:$G$4122,7,0),(IF($B75="SIEC",VLOOKUP($C75,[1]SIEC!$A$1:$F$4304,6,0),(IF($B75="DER",VLOOKUP($C75,[1]DER!$A$1:$F$2075,6,0),(IF($B75="SICRO",VLOOKUP($C75,[1]SICRO!$A$1:$E$6371,5,0))))))))))))))) -> SIURB-E JAN/26
C76: - | D76: Demolição de Divisória de Granilite - (2,58m + 1,72m + 0,91m + 1,25m + 1,25m + 2,58m + 1,88m + 0,9m + 0,9m + 1,25m + 1,25m) x 1,8m (h) = 29,65m2 | K76: =ROUND(((2.58+1.72+0.91+1.25+1.25+2.58+1.88+0.9+0.9+1.25+1.25)*1.8),2) -> 29.65
C77: -
B78: EDIF | C78: 6060003 | D78: =UPPER(IF($B78="EDIF",VLOOKUP($C78,[1]EDIF!$A$1:$F$3677,2,0),(IF($B78="INFRA",VLOOKUP($C78,[1]INFRA!$A$1:$F$1859,2,0),(IF($B78="SINAPI",VLOOKUP($C78,[1]SINAPI!$A$1:$G$9552,2,0),(IF($B78="CDHU",VLOOKUP($C78,[1]CDHU!$A$1:$G$5122,2,0),(IF($B78="SIEC",VLOOKUP($C78,[1]SIEC!$A$1:$F$5304,2,0),(IF($B78="DER",VLOOKUP($C78,[1]DER!$A$1:$F$3075,2,0),(IF($B78="FDE",VLOOKUP($C78,[1]FDE!$A$1:$F$3289,2,0),(IF($B78="SICRO",VLOOKUP($C78,[1]SICRO!$A$1:$E$7371,2,0))))))))))))))))) -> RETIRADA DE ESTRUTURA MADEIRA PONTALETADA - PARA TELHAS DE BARRO COZIDO | I78: =UPPER(IF($B78="EDIF",VLOOKUP($C78,[1]EDIF!$A$1:$F$3677,3,0),(IF($B78="INFRA",VLOOKUP($C78,[1]INFRA!$A$1:$F$1859,3,0),(IF($B78="SINAPI",VLOOKUP($C78,[1]SINAPI!$A$1:$G$9552,3,0),(IF($B78="CDHU",VLOOKUP($C78,[1]CDHU!$A$1:$G$5122,3,0),(IF($B78="SIEC",VLOOKUP($C78,[1]SIEC!$A$1:$F$5304,3,0),(IF($B78="DER",VLOOKUP($C78,[1]DER!$A$1:$F$2075,3,0),(IF($B78="FDE",VLOOKUP($C78,[1]FDE!$A$1:$F$3289,3,0),(IF($B78="SICRO",VLOOKUP($C78,[1]SICRO!$A$1:$E$7371,3,0))))))))))))))))) -> M2 | J78: =ROUND(SUM(K78:K80),2) -> 294.35 | L78: =UPPER(ROUND((IF($B78="EDIF",VLOOKUP($C78,[1]EDIF!$A$1:$F$3677,4,0),(IF($B78="INFRA",VLOOKUP($C78,[1]INFRA!$A$1:$F$1859,4,0),(IF($B78="SINAPI",VLOOKUP($C78,[1]SINAPI!$A$1:$G$9552,4,0),(IF($B78="CDHU",VLOOKUP($C78,[1]CDHU!$A$1:$G$5122,6,0),(IF($B78="SIEC",VLOOKUP($C78,[1]SIEC!$A$1:$F$5304,5,0),(IF($B78="DER",VLOOKUP($C78,[1]DER!$A$1:$F$3075,5,0),(IF($B78="FDE",VLOOKUP($C78,[1]FDE!$A$1:$F$3289,5,0),(IF($B78="SICRO",VLOOKUP($C78,[1]SICRO!$A$1:$E$7371,4,0))))))))))))))))),2)) -> 17,93 | M78: =TRUNC(J78*L78,2) -> 5277.69 | N78: =C78 -> 6060003 | O78: =UPPER(IF($B78="EDIF",VLOOKUP($C78,[1]EDIF!$A$1:$F$2677,5,0),(IF($B78="INFRA",VLOOKUP($C78,[1]INFRA!$A$1:$F$859,5,0),(IF($B78="SINAPI",VLOOKUP($C78,[1]SINAPI!$A$1:$G$7552,7,0),(IF($B78="CDHU",VLOOKUP($C78,[1]CDHU!$A$1:$G$4122,7,0),(IF($B78="SIEC",VLOOKUP($C78,[1]SIEC!$A$1:$F$4304,6,0),(IF($B78="DER",VLOOKUP($C78,[1]DER!$A$1:$F$2075,6,0),(IF($B78="SICRO",VLOOKUP($C78,[1]SICRO!$A$1:$E$6371,5,0))))))))))))))) -> SIURB-E JAN/26
C79: - | D79: Retirada De cobertura telha de barro- 254,27m2 + 40,08m2 = 294,35m² | K79: =254.27+40.08 -> 294.35
C80: -
B81: EDIF | C81: 6060004 | D81: =UPPER(IF($B81="EDIF",VLOOKUP($C81,[1]EDIF!$A$1:$F$3677,2,0),(IF($B81="INFRA",VLOOKUP($C81,[1]INFRA!$A$1:$F$1859,2,0),(IF($B81="SINAPI",VLOOKUP($C81,[1]SINAPI!$A$1:$G$9552,2,0),(IF($B81="CDHU",VLOOKUP($C81,[1]CDHU!$A$1:$G$5122,2,0),(IF($B81="SIEC",VLOOKUP($C81,[1]SIEC!$A$1:$F$5304,2,0),(IF($B81="DER",VLOOKUP($C81,[1]DER!$A$1:$F$3075,2,0),(IF($B81="FDE",VLOOKUP($C81,[1]FDE!$A$1:$F$3289,2,0),(IF($B81="SICRO",VLOOKUP($C81,[1]SICRO!$A$1:$E$7371,2,0))))))))))))))))) -> RETIRADA DE ESTRUTURA MADEIRA PONTALETADA - PARA TELHA ONDULADA DE CIMENTO AMIANTO, ALUMÍNIO OU PLÁSTICO | I81: =UPPER(IF($B81="EDIF",VLOOKUP($C81,[1]EDIF!$A$1:$F$3677,3,0),(IF($B81="INFRA",VLOOKUP($C81,[1]INFRA!$A$1:$F$1859,3,0),(IF($B81="SINAPI",VLOOKUP($C81,[1]SINAPI!$A$1:$G$9552,3,0),(IF($B81="CDHU",VLOOKUP($C81,[1]CDHU!$A$1:$G$5122,3,0),(IF($B81="SIEC",VLOOKUP($C81,[1]SIEC!$A$1:$F$5304,3,0),(IF($B81="DER",VLOOKUP($C81,[1]DER!$A$1:$F$2075,3,0),(IF($B81="FDE",VLOOKUP($C81,[1]FDE!$A$1:$F$3289,3,0),(IF($B81="SICRO",VLOOKUP($C81,[1]SICRO!$A$1:$E$7371,3,0))))))))))))))))) -> M2 | J81: =ROUND(SUM(K81:K83),2) -> 214.17 | L81: =UPPER(ROUND((IF($B81="EDIF",VLOOKUP($C81,[1]EDIF!$A$1:$F$3677,4,0),(IF($B81="INFRA",VLOOKUP($C81,[1]INFRA!$A$1:$F$1859,4,0),(IF($B81="SINAPI",VLOOKUP($C81,[1]SINAPI!$A$1:$G$9552,4,0),(IF($B81="CDHU",VLOOKUP($C81,[1]CDHU!$A$1:$G$5122,6,0),(IF($B81="SIEC",VLOOKUP($C81,[1]SIEC!$A$1:$F$5304,5,0),(IF($B81="DER",VLOOKUP($C81,[1]DER!$A$1:$F$3075,5,0),(IF($B81="FDE",VLOOKUP($C81,[1]FDE!$A$1:$F$3289,5,0),(IF($B81="SICRO",VLOOKUP($C81,[1]SICRO!$A$1:$E$7371,4,0))))))))))))))))),2)) -> 11,95 | M81: =TRUNC(J81*L81,2) -> 2559.33 | N81: =C81 -> 6060004 | O81: =UPPER(IF($B81="EDIF",VLOOKUP($C81,[1]EDIF!$A$1:$F$2677,5,0),(IF($B81="INFRA",VLOOKUP($C81,[1]INFRA!$A$1:$F$859,5,0),(IF($B81="SINAPI",VLOOKUP($C81,[1]SINAPI!$A$1:$G$7552,7,0),(IF($B81="CDHU",VLOOKUP($C81,[1]CDHU!$A$1:$G$4122,7,0),(IF($B81="SIEC",VLOOKUP($C81,[1]SIEC!$A$1:$F$4304,6,0),(IF($B81="DER",VLOOKUP($C81,[1]DER!$A$1:$F$2075,6,0),(IF($B81="SICRO",VLOOKUP($C81,[1]SICRO!$A$1:$E$6371,5,0))))))))))))))) -> SIURB-E JAN/26
C82: - | D82: Retirada De cobertura Fibrocimento- 110,02m² + 104,15m²= 214,17m² | K82: =110.02+104.15 -> 214.17
C83: -
B84: EDIF | C84: 6060020 | D84: =UPPER(IF($B84="EDIF",VLOOKUP($C84,[1]EDIF!$A$1:$F$3677,2,0),(IF($B84="INFRA",VLOOKUP($C84,[1]INFRA!$A$1:$F$1859,2,0),(IF($B84="SINAPI",VLOOKUP($C84,[1]SINAPI!$A$1:$G$9552,2,0),(IF($B84="CDHU",VLOOKUP($C84,[1]CDHU!$A$1:$G$5122,2,0),(IF($B84="SIEC",VLOOKUP($C84,[1]SIEC!$A$1:$F$5304,2,0),(IF($B84="DER",VLOOKUP($C84,[1]DER!$A$1:$F$3075,2,0),(IF($B84="FDE",VLOOKUP($C84,[1]FDE!$A$1:$F$3289,2,0),(IF($B84="SICRO",VLOOKUP($C84,[1]SICRO!$A$1:$E$7371,2,0))))))))))))))))) -> RETIRADA DE TELHAS DE BARRO COZIDO OU VIDRO - TIPO FRANCESA | I84: =UPPER(IF($B84="EDIF",VLOOKUP($C84,[1]EDIF!$A$1:$F$3677,3,0),(IF($B84="INFRA",VLOOKUP($C84,[1]INFRA!$A$1:$F$1859,3,0),(IF($B84="SINAPI",VLOOKUP($C84,[1]SINAPI!$A$1:$G$9552,3,0),(IF($B84="CDHU",VLOOKUP($C84,[1]CDHU!$A$1:$G$5122,3,0),(IF($B84="SIEC",VLOOKUP($C84,[1]SIEC!$A$1:$F$5304,3,0),(IF($B84="DER",VLOOKUP($C84,[1]DER!$A$1:$F$2075,3,0),(IF($B84="FDE",VLOOKUP($C84,[1]FDE!$A$1:$F$3289,3,0),(IF($B84="SICRO",VLOOKUP($C84,[1]SICRO!$A$1:$E$7371,3,0))))))))))))))))) -> M2 | J84: =ROUND(SUM(K84:K86),2) -> 294.35 | L84: =UPPER(ROUND((IF($B84="EDIF",VLOOKUP($C84,[1]EDIF!$A$1:$F$3677,4,0),(IF($B84="INFRA",VLOOKUP($C84,[1]INFRA!$A$1:$F$1859,4,0),(IF($B84="SINAPI",VLOOKUP($C84,[1]SINAPI!$A$1:$G$9552,4,0),(IF($B84="CDHU",VLOOKUP($C84,[1]CDHU!$A$1:$G$5122,6,0),(IF($B84="SIEC",VLOOKUP($C84,[1]SIEC!$A$1:$F$5304,5,0),(IF($B84="DER",VLOOKUP($C84,[1]DER!$A$1:$F$3075,5,0),(IF($B84="FDE",VLOOKUP($C84,[1]FDE!$A$1:$F$3289,5,0),(IF($B84="SICRO",VLOOKUP($C84,[1]SICRO!$A$1:$E$7371,4,0))))))))))))))))),2)) -> 12,95 | M84: =TRUNC(J84*L84,2) -> 3811.83 | N84: =C84 -> 6060020 | O84: =UPPER(IF($B84="EDIF",VLOOKUP($C84,[1]EDIF!$A$1:$F$2677,5,0),(IF($B84="INFRA",VLOOKUP($C84,[1]INFRA!$A$1:$F$859,5,0),(IF($B84="SINAPI",VLOOKUP($C84,[1]SINAPI!$A$1:$G$7552,7,0),(IF($B84="CDHU",VLOOKUP($C84,[1]CDHU!$A$1:$G$4122,7,0),(IF($B84="SIEC",VLOOKUP($C84,[1]SIEC!$A$1:$F$4304,6,0),(IF($B84="DER",VLOOKUP($C84,[1]DER!$A$1:$F$2075,6,0),(IF($B84="SICRO",VLOOKUP($C84,[1]SICRO!$A$1:$E$6371,5,0))))))))))))))) -> SIURB-E JAN/26
C85: - | D85: Retirada De cobertura telha de barro- 254,27m2 + 40,08m2 = 294,35m² | K85: =254.27+40.08 -> 294.35
C86: -
B87: EDIF | C87: 6060025 | D87: =UPPER(IF($B87="EDIF",VLOOKUP($C87,[1]EDIF!$A$1:$F$3677,2,0),(IF($B87="INFRA",VLOOKUP($C87,[1]INFRA!$A$1:$F$1859,2,0),(IF($B87="SINAPI",VLOOKUP($C87,[1]SINAPI!$A$1:$G$9552,2,0),(IF($B87="CDHU",VLOOKUP($C87,[1]CDHU!$A$1:$G$5122,2,0),(IF($B87="SIEC",VLOOKUP($C87,[1]SIEC!$A$1:$F$5304,2,0),(IF($B87="DER",VLOOKUP($C87,[1]DER!$A$1:$F$3075,2,0),(IF($B87="FDE",VLOOKUP($C87,[1]FDE!$A$1:$F$3289,2,0),(IF($B87="SICRO",VLOOKUP($C87,[1]SICRO!$A$1:$E$7371,2,0))))))))))))))))) -> RETIRADA DE TELHAS EM GERAL, EXCLUSIVE TELHAS DE BARRO COZIDO, VIDRO E ESTRUTURAIS DE CRFS | I87: =UPPER(IF($B87="EDIF",VLOOKUP($C87,[1]EDIF!$A$1:$F$3677,3,0),(IF($B87="INFRA",VLOOKUP($C87,[1]INFRA!$A$1:$F$1859,3,0),(IF($B87="SINAPI",VLOOKUP($C87,[1]SINAPI!$A$1:$G$9552,3,0),(IF($B87="CDHU",VLOOKUP($C87,[1]CDHU!$A$1:$G$5122,3,0),(IF($B87="SIEC",VLOOKUP($C87,[1]SIEC!$A$1:$F$5304,3,0),(IF($B87="DER",VLOOKUP($C87,[1]DER!$A$1:$F$2075,3,0),(IF($B87="FDE",VLOOKUP($C87,[1]FDE!$A$1:$F$3289,3,0),(IF($B87="SICRO",VLOOKUP($C87,[1]SICRO!$A$1:$E$7371,3,0))))))))))))))))) -> M2 | J87: =ROUND(SUM(K87:K89),2) -> 214.17 | L87: =UPPER(ROUND((IF($B87="EDIF",VLOOKUP($C87,[1]EDIF!$A$1:$F$3677,4,0),(IF($B87="INFRA",VLOOKUP($C87,[1]INFRA!$A$1:$F$1859,4,0),(IF($B87="SINAPI",VLOOKUP($C87,[1]SINAPI!$A$1:$G$9552,4,0),(IF($B87="CDHU",VLOOKUP($C87,[1]CDHU!$A$1:$G$5122,6,0),(IF($B87="SIEC",VLOOKUP($C87,[1]SIEC!$A$1:$F$5304,5,0),(IF($B87="DER",VLOOKUP($C87,[1]DER!$A$1:$F$3075,5,0),(IF($B87="FDE",VLOOKUP($C87,[1]FDE!$A$1:$F$3289,5,0),(IF($B87="SICRO",VLOOKUP($C87,[1]SICRO!$A$1:$E$7371,4,0))))))))))))))))),2)) -> 9,06 | M87: =TRUNC(J87*L87,2) -> 1940.38 | N87: =C87 -> 6060025 | O87: =UPPER(IF($B87="EDIF",VLOOKUP($C87,[1]EDIF!$A$1:$F$2677,5,0),(IF($B87="INFRA",VLOOKUP($C87,[1]INFRA!$A$1:$F$859,5,0),(IF($B87="SINAPI",VLOOKUP($C87,[1]SINAPI!$A$1:$G$7552,7,0),(IF($B87="CDHU",VLOOKUP($C87,[1]CDHU!$A$1:$G$4122,7,0),(IF($B87="SIEC",VLOOKUP($C87,[1]SIEC!$A$1:$F$4304,6,0),(IF($B87="DER",VLOOKUP($C87,[1]DER!$A$1:$F$2075,6,0),(IF($B87="SICRO",VLOOKUP($C87,[1]SICRO!$A$1:$E$6371,5,0))))))))))))))) -> SIURB-E JAN/26
C88: - | D88: Retirada De cobertura Fibrocimento- 110,02m² + 104,15m²= 214,17m² | K88: =110.02+104.15 -> 214.17
C89: -
B90: EDIF | C90: 6060040 | D90: =UPPER(IF($B90="EDIF",VLOOKUP($C90,[1]EDIF!$A$1:$F$3677,2,0),(IF($B90="INFRA",VLOOKUP($C90,[1]INFRA!$A$1:$F$1859,2,0),(IF($B90="SINAPI",VLOOKUP($C90,[1]SINAPI!$A$1:$G$9552,2,0),(IF($B90="CDHU",VLOOKUP($C90,[1]CDHU!$A$1:$G$5122,2,0),(IF($B90="SIEC",VLOOKUP($C90,[1]SIEC!$A$1:$F$5304,2,0),(IF($B90="DER",VLOOKUP($C90,[1]DER!$A$1:$F$3075,2,0),(IF($B90="FDE",VLOOKUP($C90,[1]FDE!$A$1:$F$3289,2,0),(IF($B90="SICRO",VLOOKUP($C90,[1]SICRO!$A$1:$E$7371,2,0))))))))))))))))) -> RETIRADA DE CUMEEIRAS OU ESPIGÕES DE BARRO COZIDO OU VIDRO EM GERAL | I90: =UPPER(IF($B90="EDIF",VLOOKUP($C90,[1]EDIF!$A$1:$F$3677,3,0),(IF($B90="INFRA",VLOOKUP($C90,[1]INFRA!$A$1:$F$1859,3,0),(IF($B90="SINAPI",VLOOKUP($C90,[1]SINAPI!$A$1:$G$9552,3,0),(IF($B90="CDHU",VLOOKUP($C90,[1]CDHU!$A$1:$G$5122,3,0),(IF($B90="SIEC",VLOOKUP($C90,[1]SIEC!$A$1:$F$5304,3,0),(IF($B90="DER",VLOOKUP($C90,[1]DER!$A$1:$F$2075,3,0),(IF($B90="FDE",VLOOKUP($C90,[1]FDE!$A$1:$F$3289,3,0),(IF($B90="SICRO",VLOOKUP($C90,[1]SICRO!$A$1:$E$7371,3,0))))))))))))))))) -> M | J90: =ROUND(SUM(K90:K92),2) -> 18.9 | L90: =UPPER(ROUND((IF($B90="EDIF",VLOOKUP($C90,[1]EDIF!$A$1:$F$3677,4,0),(IF($B90="INFRA",VLOOKUP($C90,[1]INFRA!$A$1:$F$1859,4,0),(IF($B90="SINAPI",VLOOKUP($C90,[1]SINAPI!$A$1:$G$9552,4,0),(IF($B90="CDHU",VLOOKUP($C90,[1]CDHU!$A$1:$G$5122,6,0),(IF($B90="SIEC",VLOOKUP($C90,[1]SIEC!$A$1:$F$5304,5,0),(IF($B90="DER",VLOOKUP($C90,[1]DER!$A$1:$F$3075,5,0),(IF($B90="FDE",VLOOKUP($C90,[1]FDE!$A$1:$F$3289,5,0),(IF($B90="SICRO",VLOOKUP($C90,[1]SICRO!$A$1:$E$7371,4,0))))))))))))))))),2)) -> 7,77 | M90: =TRUNC(J90*L90,2) -> 146.85 | N90: =C90 -> 6060040 | O90: =UPPER(IF($B90="EDIF",VLOOKUP($C90,[1]EDIF!$A$1:$F$2677,5,0),(IF($B90="INFRA",VLOOKUP($C90,[1]INFRA!$A$1:$F$859,5,0),(IF($B90="SINAPI",VLOOKUP($C90,[1]SINAPI!$A$1:$G$7552,7,0),(IF($B90="CDHU",VLOOKUP($C90,[1]CDHU!$A$1:$G$4122,7,0),(IF($B90="SIEC",VLOOKUP($C90,[1]SIEC!$A$1:$F$4304,6,0),(IF($B90="DER",VLOOKUP($C90,[1]DER!$A$1:$F$2075,6,0),(IF($B90="SICRO",VLOOKUP($C90,[1]SICRO!$A$1:$E$6371,5,0))))))))))))))) -> SIURB-E JAN/26
C91: - | D91: Retirada Cumieira= 18,90m | K91: 18.9
C92: -
B93: EDIF | C93: 6060090 | D93: =UPPER(IF($B93="EDIF",VLOOKUP($C93,[1]EDIF!$A$1:$F$3677,2,0),(IF($B93="INFRA",VLOOKUP($C93,[1]INFRA!$A$1:$F$1859,2,0),(IF($B93="SINAPI",VLOOKUP($C93,[1]SINAPI!$A$1:$G$9552,2,0),(IF($B93="CDHU",VLOOKUP($C93,[1]CDHU!$A$1:$G$5122,2,0),(IF($B93="SIEC",VLOOKUP($C93,[1]SIEC!$A$1:$F$5304,2,0),(IF($B93="DER",VLOOKUP($C93,[1]DER!$A$1:$F$3075,2,0),(IF($B93="FDE",VLOOKUP($C93,[1]FDE!$A$1:$F$3289,2,0),(IF($B93="SICRO",VLOOKUP($C93,[1]SICRO!$A$1:$E$7371,2,0))))))))))))))))) -> RETIRADA DE CUMEEIRAS OU ESPIGÕES DE MATERIAIS EM GERAL - EXCLUSIVE BARRO COZIDO OU VIDRO | I93: =UPPER(IF($B93="EDIF",VLOOKUP($C93,[1]EDIF!$A$1:$F$3677,3,0),(IF($B93="INFRA",VLOOKUP($C93,[1]INFRA!$A$1:$F$1859,3,0),(IF($B93="SINAPI",VLOOKUP($C93,[1]SINAPI!$A$1:$G$9552,3,0),(IF($B93="CDHU",VLOOKUP($C93,[1]CDHU!$A$1:$G$5122,3,0),(IF($B93="SIEC",VLOOKUP($C93,[1]SIEC!$A$1:$F$5304,3,0),(IF($B93="DER",VLOOKUP($C93,[1]DER!$A$1:$F$2075,3,0),(IF($B93="FDE",VLOOKUP($C93,[1]FDE!$A$1:$F$3289,3,0),(IF($B93="SICRO",VLOOKUP($C93,[1]SICRO!$A$1:$E$7371,3,0))))))))))))))))) -> M | J93: =ROUND(SUM(K93:K95),2) -> 7.15 | L93: =UPPER(ROUND((IF($B93="EDIF",VLOOKUP($C93,[1]EDIF!$A$1:$F$3677,4,0),(IF($B93="INFRA",VLOOKUP($C93,[1]INFRA!$A$1:$F$1859,4,0),(IF($B93="SINAPI",VLOOKUP($C93,[1]SINAPI!$A$1:$G$9552,4,0),(IF($B93="CDHU",VLOOKUP($C93,[1]CDHU!$A$1:$G$5122,6,0),(IF($B93="SIEC",VLOOKUP($C93,[1]SIEC!$A$1:$F$5304,5,0),(IF($B93="DER",VLOOKUP($C93,[1]DER!$A$1:$F$3075,5,0),(IF($B93="FDE",VLOOKUP($C93,[1]FDE!$A$1:$F$3289,5,0),(IF($B93="SICRO",VLOOKUP($C93,[1]SICRO!$A$1:$E$7371,4,0))))))))))))))))),2)) -> 5,18 | M93: =TRUNC(J93*L93,2) -> 37.03 | N93: =C93 -> 6060090 | O93: =UPPER(IF($B93="EDIF",VLOOKUP($C93,[1]EDIF!$A$1:$F$2677,5,0),(IF($B93="INFRA",VLOOKUP($C93,[1]INFRA!$A$1:$F$859,5,0),(IF($B93="SINAPI",VLOOKUP($C93,[1]SINAPI!$A$1:$G$7552,7,0),(IF($B93="CDHU",VLOOKUP($C93,[1]CDHU!$A$1:$G$4122,7,0),(IF($B93="SIEC",VLOOKUP($C93,[1]SIEC!$A$1:$F$4304,6,0),(IF($B93="DER",VLOOKUP($C93,[1]DER!$A$1:$F$2075,6,0),(IF($B93="SICRO",VLOOKUP($C93,[1]SICRO!$A$1:$E$6371,5,0))))))))))))))) -> SIURB-E JAN/26
C94: - | D94: Retirada Cumeeiras de Fibrocimento - 7,15m | K94: 7.15
C95: -
B96: EDIF | C96: 7060001 | D96: =UPPER(IF($B96="EDIF",VLOOKUP($C96,[1]EDIF!$A$1:$F$3677,2,0),(IF($B96="INFRA",VLOOKUP($C96,[1]INFRA!$A$1:$F$1859,2,0),(IF($B96="SINAPI",VLOOKUP($C96,[1]SINAPI!$A$1:$G$9552,2,0),(IF($B96="CDHU",VLOOKUP($C96,[1]CDHU!$A$1:$G$5122,2,0),(IF($B96="SIEC",VLOOKUP($C96,[1]SIEC!$A$1:$F$5304,2,0),(IF($B96="DER",VLOOKUP($C96,[1]DER!$A$1:$F$3075,2,0),(IF($B96="FDE",VLOOKUP($C96,[1]FDE!$A$1:$F$3289,2,0),(IF($B96="SICRO",VLOOKUP($C96,[1]SICRO!$A$1:$E$7371,2,0))))))))))))))))) -> RETIRADA DE FOLHAS DE PORTA DE PASSAGEM OU JANELA | I96: =UPPER(IF($B96="EDIF",VLOOKUP($C96,[1]EDIF!$A$1:$F$3677,3,0),(IF($B96="INFRA",VLOOKUP($C96,[1]INFRA!$A$1:$F$1859,3,0),(IF($B96="SINAPI",VLOOKUP($C96,[1]SINAPI!$A$1:$G$9552,3,0),(IF($B96="CDHU",VLOOKUP($C96,[1]CDHU!$A$1:$G$5122,3,0),(IF($B96="SIEC",VLOOKUP($C96,[1]SIEC!$A$1:$F$5304,3,0),(IF($B96="DER",VLOOKUP($C96,[1]DER!$A$1:$F$2075,3,0),(IF($B96="FDE",VLOOKUP($C96,[1]FDE!$A$1:$F$3289,3,0),(IF($B96="SICRO",VLOOKUP($C96,[1]SICRO!$A$1:$E$7371,3,0))))))))))))))))) -> UN | J96: =ROUND(SUM(K96:K100),2) -> 14 | L96: =UPPER(ROUND((IF($B96="EDIF",VLOOKUP($C96,[1]EDIF!$A$1:$F$3677,4,0),(IF($B96="INFRA",VLOOKUP($C96,[1]INFRA!$A$1:$F$1859,4,0),(IF($B96="SINAPI",VLOOKUP($C96,[1]SINAPI!$A$1:$G$9552,4,0),(IF($B96="CDHU",VLOOKUP($C96,[1]CDHU!$A$1:$G$5122,6,0),(IF($B96="SIEC",VLOOKUP($C96,[1]SIEC!$A$1:$F$5304,5,0),(IF($B96="DER",VLOOKUP($C96,[1]DER!$A$1:$F$3075,5,0),(IF($B96="FDE",VLOOKUP($C96,[1]FDE!$A$1:$F$3289,5,0),(IF($B96="SICRO",VLOOKUP($C96,[1]SICRO!$A$1:$E$7371,4,0))))))))))))))))),2)) -> 16,93 | M96: =TRUNC(J96*L96,2) -> 237.02 | N96: =C96 -> 7060001 | O96: =UPPER(IF($B96="EDIF",VLOOKUP($C96,[1]EDIF!$A$1:$F$2677,5,0),(IF($B96="INFRA",VLOOKUP($C96,[1]INFRA!$A$1:$F$859,5,0),(IF($B96="SINAPI",VLOOKUP($C96,[1]SINAPI!$A$1:$G$7552,7,0),(IF($B96="CDHU",VLOOKUP($C96,[1]CDHU!$A$1:$G$4122,7,0),(IF($B96="SIEC",VLOOKUP($C96,[1]SIEC!$A$1:$F$4304,6,0),(IF($B96="DER",VLOOKUP($C96,[1]DER!$A$1:$F$2075,6,0),(IF($B96="SICRO",VLOOKUP($C96,[1]SICRO!$A$1:$E$6371,5,0))))))))))))))) -> SIURB-E JAN/26
C97: - | D97: Retirada de portas sala de aula 6unid | K97: 6
C98: - | D98: Retirada de portas entradas 2unid | K98: 2
C99: - | D99: Retirada de portas box banheiros 6unid | K99: 6
C100: -
B101: EDIF | C101: 7060002 | D101: =UPPER(IF($B101="EDIF",VLOOKUP($C101,[1]EDIF!$A$1:$F$3677,2,0),(IF($B101="INFRA",VLOOKUP($C101,[1]INFRA!$A$1:$F$1859,2,0),(IF($B101="SINAPI",VLOOKUP($C101,[1]SINAPI!$A$1:$G$9552,2,0),(IF($B101="CDHU",VLOOKUP($C101,[1]CDHU!$A$1:$G$5122,2,0),(IF($B101="SIEC",VLOOKUP($C101,[1]SIEC!$A$1:$F$5304,2,0),(IF($B101="DER",VLOOKUP($C101,[1]DER!$A$1:$F$3075,2,0),(IF($B101="FDE",VLOOKUP($C101,[1]FDE!$A$1:$F$3289,2,0),(IF($B101="SICRO",VLOOKUP($C101,[1]SICRO!$A$1:$E$7371,2,0))))))))))))))))) -> RETIRADA DE BATENTES DE MADEIRA | I101: =UPPER(IF($B101="EDIF",VLOOKUP($C101,[1]EDIF!$A$1:$F$3677,3,0),(IF($B101="INFRA",VLOOKUP($C101,[1]INFRA!$A$1:$F$1859,3,0),(IF($B101="SINAPI",VLOOKUP($C101,[1]SINAPI!$A$1:$G$9552,3,0),(IF($B101="CDHU",VLOOKUP($C101,[1]CDHU!$A$1:$G$5122,3,0),(IF($B101="SIEC",VLOOKUP($C101,[1]SIEC!$A$1:$F$5304,3,0),(IF($B101="DER",VLOOKUP($C101,[1]DER!$A$1:$F$2075,3,0),(IF($B101="FDE",VLOOKUP($C101,[1]FDE!$A$1:$F$3289,3,0),(IF($B101="SICRO",VLOOKUP($C101,[1]SICRO!$A$1:$E$7371,3,0))))))))))))))))) -> UN | J101: =ROUND(SUM(K101:K105),2) -> 14 | L101: =UPPER(ROUND((IF($B101="EDIF",VLOOKUP($C101,[1]EDIF!$A$1:$F$3677,4,0),(IF($B101="INFRA",VLOOKUP($C101,[1]INFRA!$A$1:$F$1859,4,0),(IF($B101="SINAPI",VLOOKUP($C101,[1]SINAPI!$A$1:$G$9552,4,0),(IF($B101="CDHU",VLOOKUP($C101,[1]CDHU!$A$1:$G$5122,6,0),(IF($B101="SIEC",VLOOKUP($C101,[1]SIEC!$A$1:$F$5304,5,0),(IF($B101="DER",VLOOKUP($C101,[1]DER!$A$1:$F$3075,5,0),(IF($B101="FDE",VLOOKUP($C101,[1]FDE!$A$1:$F$3289,5,0),(IF($B101="SICRO",VLOOKUP($C101,[1]SICRO!$A$1:$E$7371,4,0))))))))))))))))),2)) -> 70,05 | M101: =TRUNC(J101*L101,2) -> 980.7 | N101: =C101 -> 7060002 | O101: =UPPER(IF($B101="EDIF",VLOOKUP($C101,[1]EDIF!$A$1:$F$2677,5,0),(IF($B101="INFRA",VLOOKUP($C101,[1]INFRA!$A$1:$F$859,5,0),(IF($B101="SINAPI",VLOOKUP($C101,[1]SINAPI!$A$1:$G$7552,7,0),(IF($B101="CDHU",VLOOKUP($C101,[1]CDHU!$A$1:$G$4122,7,0),(IF($B101="SIEC",VLOOKUP($C101,[1]SIEC!$A$1:$F$4304,6,0),(IF($B101="DER",VLOOKUP($C101,[1]DER!$A$1:$F$2075,6,0),(IF($B101="SICRO",VLOOKUP($C101,[1]SICRO!$A$1:$E$6371,5,0))))))))))))))) -> SIURB-E JAN/26
C102: - | D102: Retirada de batente sala de aula 6unid | K102: 6
C103: - | D103: Retirada de batente entradas 2unid | K103: 2
C104: - | D104: Retirada de Batentes box banheiros 6unid | K104: 6
C105: -
B106: EDIF | C106: 8060001 | D106: =UPPER(IF($B106="EDIF",VLOOKUP($C106,[1]EDIF!$A$1:$F$3677,2,0),(IF($B106="INFRA",VLOOKUP($C106,[1]INFRA!$A$1:$F$1859,2,0),(IF($B106="SINAPI",VLOOKUP($C106,[1]SINAPI!$A$1:$G$9552,2,0),(IF($B106="CDHU",VLOOKUP($C106,[1]CDHU!$A$1:$G$5122,2,0),(IF($B106="SIEC",VLOOKUP($C106,[1]SIEC!$A$1:$F$5304,2,0),(IF($B106="DER",VLOOKUP($C106,[1]DER!$A$1:$F$3075,2,0),(IF($B106="FDE",VLOOKUP($C106,[1]FDE!$A$1:$F$3289,2,0),(IF($B106="SICRO",VLOOKUP($C106,[1]SICRO!$A$1:$E$7371,2,0))))))))))))))))) -> RETIRADA DE ESQUADRIAS METÁLICAS EM GERAL, PORTAS OU CAIXILHOS | I106: =UPPER(IF($B106="EDIF",VLOOKUP($C106,[1]EDIF!$A$1:$F$3677,3,0),(IF($B106="INFRA",VLOOKUP($C106,[1]INFRA!$A$1:$F$1859,3,0),(IF($B106="SINAPI",VLOOKUP($C106,[1]SINAPI!$A$1:$G$9552,3,0),(IF($B106="CDHU",VLOOKUP($C106,[1]CDHU!$A$1:$G$5122,3,0),(IF($B106="SIEC",VLOOKUP($C106,[1]SIEC!$A$1:$F$5304,3,0),(IF($B106="DER",VLOOKUP($C106,[1]DER!$A$1:$F$2075,3,0),(IF($B106="FDE",VLOOKUP($C106,[1]FDE!$A$1:$F$3289,3,0),(IF($B106="SICRO",VLOOKUP($C106,[1]SICRO!$A$1:$E$7371,3,0))))))))))))))))) -> M2 | J106: =ROUND(SUM(K106:K108),2) -> 1.8 | L106: =UPPER(ROUND((IF($B106="EDIF",VLOOKUP($C106,[1]EDIF!$A$1:$F$3677,4,0),(IF($B106="INFRA",VLOOKUP($C106,[1]INFRA!$A$1:$F$1859,4,0),(IF($B106="SINAPI",VLOOKUP($C106,[1]SINAPI!$A$1:$G$9552,4,0),(IF($B106="CDHU",VLOOKUP($C106,[1]CDHU!$A$1:$G$5122,6,0),(IF($B106="SIEC",VLOOKUP($C106,[1]SIEC!$A$1:$F$5304,5,0),(IF($B106="DER",VLOOKUP($C106,[1]DER!$A$1:$F$3075,5,0),(IF($B106="FDE",VLOOKUP($C106,[1]FDE!$A$1:$F$3289,5,0),(IF($B106="SICRO",VLOOKUP($C106,[1]SICRO!$A$1:$E$7371,4,0))))))))))))))))),2)) -> 40,86 | M106: =TRUNC(J106*L106,2) -> 73.54 | N106: =C106 -> 8060001 | O106: =UPPER(IF($B106="EDIF",VLOOKUP($C106,[1]EDIF!$A$1:$F$2677,5,0),(IF($B106="INFRA",VLOOKUP($C106,[1]INFRA!$A$1:$F$859,5,0),(IF($B106="SINAPI",VLOOKUP($C106,[1]SINAPI!$A$1:$G$7552,7,0),(IF($B106="CDHU",VLOOKUP($C106,[1]CDHU!$A$1:$G$4122,7,0),(IF($B106="SIEC",VLOOKUP($C106,[1]SIEC!$A$1:$F$4304,6,0),(IF($B106="DER",VLOOKUP($C106,[1]DER!$A$1:$F$2075,6,0),(IF($B106="SICRO",VLOOKUP($C106,[1]SICRO!$A$1:$E$6371,5,0))))))))))))))) -> SIURB-E JAN/26
...

Sheet Resumo
B1: + | C1: 1 - SERVIÇOS PRELIMINARES
A2: EDIF | B2: 17030002 | C2: PLACA DE OBRA EM CHAPA DE AÇO GALVANIZADO | H2: M2 | I2: 6
A3: EDIF | B3: 1001001 | C3: LIMPEZA MECANIZADA GERAL, INCLUSIVE REMOÇÃO DA COBERTURA VEGETAL - TRONCOS COM DIÂMETRO ATÉ 10CM - SEM TRANSPORTE | H3: M2 | I3: 355
A4: EDIF | B4: 1001006 | C4: CARGA MANUAL E REMOÇÃO DE ENTULHO, INCLUSIVE TRANSPORTE ATÉ 1 KM | H4: M3 | I4: 308.7
A5: EDIF | B5: 1001010 | C5: TRANSPORTE DE ENTULHO POR CAMINHÃO BASCULANTE, A PARTIR DE 1KM | H5: M3XKM | I5: 6174
A6: infra | B6: 4064000 | C6: DISPOSIÇÃO FINAL DE SOLOS E RESÍDUOS, CLASSE II B - INERTES, EM ATERRO SANITÁRIO LICENCIADO | H6: TON | I6: 463.05
A7: EDIF | B7: 1003002 | C7: CORTE E ATERRO COMPACTADO | H7: M3 | I7: 213
A8: EDIF | B8: 1003005 | C8: FORNECIMENTO DE TERRA, INCLUSIVE CORTE, CARGA, DESCARGA E TRANSPORTE ATÉ 1KM | H8: M3 | I8: 85.2
A9: EDIF | B9: 1003010 | C9: TRANSPORTE DE TERRA POR CAMINHÃO BASCULANTE, A PARTIR DE 1KM | H9: M3XKM | I9: 1704
A10: EDIF | B10: 20003004 | C10: ENGENHEIRO/ ARQUITETO PLENO | H10: H | I10: 480
A11: CDHU | B11: 02.01.180 | C11: BANHEIRO QUÍMICO MODELO STANDARD, COM MANUTENÇÃO CONFORME EXIGÊNCIAS DA CETESB | H11: UNMES | I11: 12
A12: CDHU | B12: 02.02.150 | C12: LOCAÇÃO DE CONTAINER TIPO DEPÓSITO - ÁREA MÍNIMA DE 13,80 M² | H12: UNMES | I12: 12
A13: EDIF | B13: 1005001 | C13: TAPUME CHAPA COMPENSADA 6MM | H13: M2 | I13: 138.6
A14: EDIF | B14: 1005006 | C14: PORTÃO METÁLICO DE OBRA - 5M, PIVOTANTE, 2 FOLHAS, PARA TAPUME | H14: M2 | I14: 6.16
B15: + | C15: 2 - AMPLIAÇÃO EMEB ELIAS ANDERE
B16: + | C16: 2.1 - DEMOLIÇÕES E RETIRADAS
A17: EDIF | B17: 3050001 | C17: DEMOLIÇÃO MECANIZADA DE CONCRETO SIMPLES | H17: M3 | I17: 17.02
A18: EDIF | B18: 3050002 | C18: DEMOLIÇÃO MECANIZADA DE CONCRETO ARMADO | H18: M3 | I18: 6.27
A19: EDIF | B19: 4050004 | C19: DEMOLIÇÃO DE ALVENARIA EM GERAL (TIJOLOS OU BLOCOS) | H19: M3 | I19: 28.37
A20: EDIF | B20: 3050005 | C20: DEMOLIÇÃO DE LAJES MISTAS COM ESPESSURA FINAL IGUAL OU INFERIOR A 16CM | H20: M2 | I20: 36.89
A21: EDIF | B21: 5050001 | C21: DEMOLIÇÃO DE ARGAMASSA IMPERMEÁVEL - ESPESSURA MÉDIA DE 30MM | H21: M2 | I21: 323.25
A22: EDIF | B22: 4050010 | C22: DEMOLIÇÃO DE PLACAS DIVISÓRIAS DE GRANILITE OU SIMILAR | H22: M2 | I22: 29.65
A23: EDIF | B23: 6060003 | C23: RETIRADA DE ESTRUTURA MADEIRA PONTALETADA - PARA TELHAS DE BARRO COZIDO | H23: M2 | I23: 294.35
A24: EDIF | B24: 6060004 | C24: RETIRADA DE ESTRUTURA MADEIRA PONTALETADA - PARA TELHA ONDULADA DE CIMENTO AMIANTO, ALUMÍNIO OU PLÁSTICO | H24: M2 | I24: 214.17
A25: EDIF | B25: 6060020 | C25: RETIRADA DE TELHAS DE BARRO COZIDO OU VIDRO - TIPO FRANCESA | H25: M2 | I25: 294.35
A26: EDIF | B26: 6060025 | C26: RETIRADA DE TELHAS EM GERAL, EXCLUSIVE TELHAS DE BARRO COZIDO, VIDRO E ESTRUTURAIS DE CRFS | H26: M2 | I26: 214.17
A27: EDIF | B27: 6060040 | C27: RETIRADA DE CUMEEIRAS OU ESPIGÕES DE BARRO COZIDO OU VIDRO EM GERAL | H27: M | I27: 18.9
A28: EDIF | B28: 6060090 | C28: RETIRADA DE CUMEEIRAS OU ESPIGÕES DE MATERIAIS EM GERAL - EXCLUSIVE BARRO COZIDO OU VIDRO | H28: M | I28: 7.15
... A37: EDIF | B37: 17060095 | C37: RETIRADA DE ALAMBRADO EM TELA INCLUSIVE ESTRUTURA DE SUSTENTAÇÃO (FP.04) | H37: M | I37: 133.32
B38: + | C38: 2.2 - INFRAESTRUTURA
A39: EDIF | B39: 2001005 | C39: ESTACA DE CONCRETO MOLDADA NO LOCAL, TIPO "STRAUSS" - ATÉ 20T | H39: M | I39: 84
A40: EDIF | B40: 2001006 | C40: ESTACA DE CONCRETO MOLDADA NO LOCAL, TIPO "STRAUSS" - ATÉ 30T | H40: M | I40: 258
A41: EDIF | B41: 2001007 | C41: ESTACA DE CONCRETO MOLDADA NO LOCAL, TIPO "STRAUSS" - ATÉ 40T | H41: M | I41: 186
A42: EDIF | B42: 2002001 | C42: ESCAVAÇÃO MANUAL COM PROFUNDIDADE IGUAL OU INFERIOR A 1,50M | H42: M3 | I42: 69.86
A43: EDIF | B43: 2002016 | C43: LASTRO DE CONCRETO - 150KG CIM/M3 | H43: M3 | I43: 5.61
A44: EDIF | B44: 2003001 | C44: FORMA COMUM DE TÁBUAS DE PINUS | H44: M2 | I44: 169.62
A45: EDIF | B45: 2004004 | C45: ARMADURA EM AÇO CA-50 | H45: KG | I45: 2713.6
A46: EDIF | B46: 2004007 | C46: ARMADURA EM AÇO CA-60 | H46: KG | I46: 678.4
A47: EDIF | B47: 2005010 | C47: CONCRETO FCK=25MPA - USINADO | H47: M3 | I47: 33.92
A48: EDIF | B48: 5001043 | C48: PINTURA PROTETORA COM TINTA BETUMINOSA (PARA ARGAMASSA IMPERMEÁVEL) - 2 DEMÃOS | H48: M2 | I48: 305.32
B49: + | C49: 2.3 - SUPRA-ESTRUTURA
A50: EDIF | B50: 3001001 | C50: FORMA COMUM DE TÁBUAS DE PINUS - PLANA | H50: M2 | I50: 390.96
A51: EDIF | B51: 3001030 | C51: CIMBRAMENTO PARA ALTURAS ENTRE 3,01M E 7,00M | H51: M3 | I51: 1537.86
A52: EDIF | B52: 3002004 | C52: ARMADURA EM AÇO CA-50 | H52: KG | I52: 4318.4
A53: EDIF | B53: 3002007 | C53: ARMADURA EM AÇO CA-60 | H53: KG | I53: 1079.6
A54: EDIF | B54: 3003017 | C54: CONCRETO FCK = 25,0MPA - USINADO | H54: M3 | I54: 53.98
A55: EDIF | B55: 3004021 | C55: LAJE MISTA TRELIÇADA H-12CM COM CAPEAMENTO 4CM (16CM) | H55: M2 | I55: 496.09
A56: EDIF | B56: 5001040 | C56: REGULARIZAÇÃO COM ARGAMASSA DE CIMENTO E AREIA - TRAÇO 1:3, ESPESSURA MÉDIA 30MM | H56: M2 | I56: 819.34
A57: EDIF | B57: 5001047 | C57: PROTEÇÃO MECÂNICA COM ARGAMASSA DE CIMENTO E AREIA - TRAÇO 1:7, ESPESSURA MÉDIA 30MM | H57: M2 | I57: 819.34
A58: EDIF | B58: 5001043 | C58: PINTURA PROTETORA COM TINTA BETUMINOSA (PARA ARGAMASSA IMPERMEÁVEL) - 2 DEMÃOS | H58: M2 | I58: 819.34
B59: + | C59: 2.4 - VEDOS
A60: EDIF | B60: 4001041 | C60: VB.01 - ALVENARIA EM BLOCOS DE CONCRETO 14 X 19 X 39CM | H60: M2 | I60: 1126.45
A61: EDIF | B61: 4001098 | C61: VERGAS, CINTAS E PILARETES DE CONCRETO | H61: M3 | I61: 2.94
A62: EDIF | B62: 4003030 | C62: PLACAS DE GRANILITE - 30MM DE ESPESSURA | H62: M2 | I62: 85.93
A63: EDIF | B63: 4003071 | C63: FORNECIMENTO E INSTALAÇÃO DE PAREDE TIPO DRYWALL DE FACE DUPLA EM GESSO ACARTONADO ST - 1ST 12,5 + 1ST 12,5 | H63: M2 | I63: 43.09
A64: EDIF | B64: 4003074 | C64: ISOLAMENTO ACÚSTICO PARA SISTEMA DE DRYWALL | H64: M2 | I64: 43.09
B65: + | C65: 2.5 - COBERTURA
A66: EDIF | B66: 6001016 | C66: ESTRUTURA COM TESOURAS DE MADEIRA PARA TELHAS ONDULADAS CRFS/AL/PL - VÃOS 7,01 À 10,00M | H66: M2 | I66: 154.56
A67: EDIF | B67: 6001018 | C67: ESTRUTURA COM TESOURAS DE MADEIRA PARA TELHAS ONDULADAS CRFS/AL/PL - VÃOS 13,01 À 18,00M | H67: M2 | I67: 1030.11
A68: EDIF | B68: 6002003 | C68: TELHAS DE BARRO COZIDO - PAULISTA | H68: M2 | I68: 1279.44
A69: EDIF | B69: 6002051 | C69: CUMEEIRA OU ESPIGÃO PARA TELHAS PAULISTA, PLAN E FRANCESA - BARRO OU VIDRO | H69: M | I69: 83.09
B70: + | C70: 2.6 - ESQUADRIAS
A71: EDIF | B71: 7001007 | C71: PM.07 - PORTA LISA ESPECIAL/ SÓLIDA - 82X210CM | H71: UN | I71: 21
A72: EDIF | B72: 7001008 | C72: PM.08 - PORTA LISA ESPECIAL/ SÓLIDA - 92X210CM | H72: UN | I72: 1
A73: EDIF | B73: 7001011 | C73: PM.11 - PORTA LISA COMUM/ ENCABEÇADA - 72X210CM | H73: UN | I73: 24
A74: EDIF | B74: 7001047 | C74: PM.47 - PORTA DE MADEIRA LISA COMUM/ ENCABEÇADA - 2 FOLHAS - 164X210CM | H74: UN | I74: 9
A75: EDIF | B75: 7001050 | C75: EM.01 - BATENTE DE MADEIRA (14CM) - PARA PORTA DE 1 FOLHA, SEM BANDEIRA | H75: JG | I75: 22
A76: EDIF | B76: 7001051 | C76: EM.01 - BATENTE DE MADEIRA (14CM) - PARA PORTA DE 2 FOLHAS, SEM BANDEIRA | H76: JG | I76: 9
A77: EDIF | B77: 7001057 | C77: EM.03 - BATENTE DE MADEIRA (9,5CM) - PARA PORTA EM DIVISÓRIA | H77: M | I77: 24
A78: EDIF | B78: 7002002 | C78: CONJUNTO DE FECHADURA DE CILINDRO, 55MM, TRÁFEGO INTENSO, MAÇANETA EM ZAMAC, GUARNIÇÕES EM AÇO, ACABAMENTO CROMADO - PARA PORTA INTERNA OU EXTERNA | H78: UN | I78: 31
A79: EDIF | B79: 7002031 | C79: FECHADURA TIPO TRANQUETA E TRINCO (55MM) - TRÁFEGO INTENSO, MAÇANETA EM ZAMAC, GUARNIÇÕES EM AÇO, ACABAMENTO CROMADO BRILHANTE - PORTA DE SANITÁRIO | H79: UN | I79: 24
A80: EDIF | B80: 8001001 | C80: PP.01 - PORTA EM FERRO PERFILADO, DUPLA ALMOFADADA - ABRIR, 1 FOLHA | H80: M2 | I80: 2.1
A81: EDIF | B81: 8001002 | C81: PP.02 - PORTA EM FERRO PERFILADO, DUPLA ALMOFADADA - ABRIR, 2 FOLHA | H81: M2 | I81: 12.6
A82: EDIF | B82: 8001074 | C82: EF.03 - BATENTE EM PERFIL DE CHAPA DOBRADA Nº20,1 FOLHA, SEM BANDEIRA | H82: JG | I82: 1
... A87: EDIF | B87: 8002076 | C87: GRADE DE PROTEÇÃO EM FERRO GALVANIZADO ELETROFUNDIDO - BARRA 25X2MM, MALHA 65X132MM | H87: M2 | I87: 103.36
B88: + | C88: 2.7 - INSTALACOES ELETRICAS
A89: EDIF | B89: 9002071 | C89: ELETRODUTO DE PEAD CORRUGADO FLEXÍVEL - 1 1/2" | H89: M | I89: 40
A90: EDIF | B90: 9002056 | C90: ELETRODUTO DE PVC CORRUGADO REFORÇADO, ANTICHAMA - 32MM (1") | H90: M | I90: 60
A91: EDIF | B91: 9002055 | C91: ELETRODUTO DE PVC CORRUGADO REFORÇADO, ANTICHAMA - 25MM (3/4") | H91: M | I91: 480
A92: EDIF | B92: 9003029 | C92: CABO 2,50MM2 - ISOLAMENTO PARA 1,0KV - CLASSE 4 - FLEXÍVEL | H92: M | I92: 2800
A93: EDIF | B93: 9003030 | C93: CABO 4,00MM2 - ISOLAMENTO PARA 1,0KV - CLASSE 4 - FLEXÍVEL | H93: M | I93: 2600
A94: EDIF | B94: 9003031 | C94: CABO 6,00MM2 - ISOLAMENTO PARA 1,0KV - CLASSE 4 - FLEXÍVEL | H94: M | I94: 1200
A95: EDIF | B95: 9003033 | C95: CABO 16,00MM2 - ISOLAMENTO PARA 1,0KV - CLASSE 4 - FLEXÍVEL | H95: M | I95: 30
A96: EDIF | B96: 9003034 | C96: CABO 25,00MM2 - ISOLAMENTO PARA 1,0KV - CLASSE 4 - FLEXÍVEL | H96: M | I96: 90
A97: EDIF | B97: 9005006 | C97: QUADRO DE DISTRIBUIÇÃO EM CHAPA METÁLICA - PARA ATÉ 16 DISJUNTORES | H97: UN | I97: 3
A98: EDIF | B98: 9007001 | C98: PONTO COM INTERRUPTOR SIMPLES - 1 TECLA, EM CAIXA 4"X2" | H98: UN | I98: 19
A99: EDIF | B99: 9007010 | C99: PONTO COM INTERRUPTOR PARALELO - 1 TECLA, EM CAIXA 4"X2" | H99: UN | I99: 12
A100: EDIF | B100: 9007060 | C100: PONTO COM TOMADA SIMPLES DE EMBUTIR - 110/220V CAIXA 4"X2" | H100: UN | I100: 152
... A116: EDIF | B116: 9090040 | C116: CABO UTP - CAT 6 - 4 PARES | H116: M | I116: 600
B117: + | C117: 2.8 - INST.HIDRO-SANITARIAS
B118: + | C118: 2.8.1 - AGUA FRIA
A119: SICRO | B119: 7107376 | C119: FORNECIMENTO E INSTALAÇÃO DE RESERVATÓRIO METÁLICO TIPO TAÇA DE 20.000 LITROS PINTURA INTERNA E EXTERNA COM ESCADA DE ACESSO E BASE DE CONCRETO ARMADO - AREIA E BRITA COMERCIAIS | H119: UN | I119: 1
A120: EDIF | B120: 10004062 | C120: TUBO DE PVC RÍGIDO, SOLDÁVEL (LINHA ÁGUA) - 25MM (3/4") | H120: M | I120: 186.6
A121: EDIF | B121: 10004065 | C121: TUBO DE PVC RÍGIDO, SOLDÁVEL (LINHA ÁGUA) - 50MM (1 1/2") | H121: M | I121: 59
A122: EDIF | B122: 10004067 | C122: TUBO DE PVC RÍGIDO, SOLDÁVEL (LINHA ÁGUA) - 75MM (2 1/2") | H122: M | I122: 131
A123: EDIF | B123: 10004002 | C123: TUBO DE AÇO GALVANIZADO, CLASSE LEVE I (LINHA ÁGUA) - 3/4" | H123: M | I123: 32
A124: EDIF | B124: 10004005 | C124: TUBO DE AÇO GALVANIZADO, CLASSE LEVE I (LINHA ÁGUA) - 1 1/2" | H124: M | I124: 32
A125: EDIF | B125: 10004007 | C125: TUBO DE AÇO GALVANIZADO, CLASSE LEVE I (LINHA ÁGUA) - 2 1/2" | H125: M | I125: 90
A126: EDIF | B126: 10003074 | C126: VÁLVULA DE RETENÇÃO VERTICAL - 1 1/2" | H126: UN | I126: 1
A127: EDIF | B127: 10003076 | C127: VÁLVULA DE RETENÇÃO VERTICAL - 2 1/2" | H127: UN | I127: 5
...

Sheet Calculos
A1: Estacas | D1: Escavação Bloco de Fundação | J1: Lastro de Concreto Bloco de Fundação | P1: Bloco de Fundação | V1: Escavação Viga Baldrame | AA1: Lastro de Concreto em Viga Baldrame | AF1: Forma Lateral Viga Baldrame | AJ1: Viga Baldrame | AO1: Impermeabilização de Baldrame | AU1: Vigas | AZ1: Vigas Forma ( L + H + H) | BE1: Pilar | BL1: Pilar Forma - ((l+l+L+L)xH) | BS1: REVESTIMENTO NOVO (CHAPISCO + EMBOÇO + REBOCO) | BY1: REVESTIMENTOS CERÂMICOS ESMALTADO | CC1: Azulejos
A2: ne | B2: Estaca | D2: Lado B (cm) | E2: Lado H (cm) | F2: h0/há (cm) | G2: h1/hb (cm) | H2: M3 | J2: Lado B (cm) | K2: Lado H (cm) | L2: h0/há (cm) | M2: h1/hb (cm) | N2: M3 | P2: Lado B (cm) | Q2: Lado H (cm) | R2: h0/há (cm) | S2: h1/hb (cm) | T2: M3 | V2: C | W2: L | X2: H | Y2: M3 | AA2: C | AB2: L | AC2: H | AD2: M3 | AF2: C | AG2: H | AH2: M2 | AJ2: C | AK2: L | AL2: H | AM2: M3 | AO2: C | AP2: L | AQ2: L | AR2: H | AS2: M2 | AU2: C | AV2: L | AW2: H | AX2: M3 | AZ2: C | BA2: L | BB2: H | BC2: M2 | BE2: Nome | BF2: Seção (cm) | BG2: l | BH2: L | BI2: H | BJ2: M3 | BL2: Nome | BM2: Seção (cm) | BN2: l | BO2: L | BP2: H | BQ2: M2 | BS2: Local | BT2: AREA (M2) | BU2: PERIMETRO | BV2: PÉ DIREITO | BW2: PAREDES AREA TOTAL (M2) | BY2: Local | BZ2: AREA (M2) | CA2: PERIMETRO | CC2: Local | CD2: PERIMETRO | CE2: PÉ DIREITO | CF2: PAREDES AREA TOTAL (M2)
A3: 1 | B3: C50 | D3: 0.8 | E3: 0.8 | F3: 0 | G3: 0.8 | H3: =D3*E3*G3 -> 0.512 | J3: 0.8 | K3: 0.8 | L3: 0 | M3: 0.05 | N3: =J3*K3*M3 -> 0.032 | P3: 0.8 | Q3: 0.8 | R3: 0 | S3: 0.75 | T3: =P3*Q3*S3 -> 0.48 | V3: 14.45 | W3: 0.2 | X3: 0.55 | Y3: =V3*W3*X3 -> 1.5895 | AA3: 14.45 | AB3: 0.2 | AC3: 0.05 | AD3: =AA3*AB3*AC3 -> 0.1445 | AF3: 14.45 | AG3: 0.5 | AH3: =AF3*AG3*2 -> 14.45 | AJ3: 14.45 | AK3: 0.2 | AL3: 0.5 | AM3: =AJ3*AK3*AL3 -> 1.445 | AO3: 14.45 | AP3: 0.2 | AQ3: 0.2 | AR3: 0.5 | AS3: =AO3*(AP3+AR3+AQ3) -> 13.005 | AU3: 14.45 | AV3: 0.2 | AW3: 0.6 | AX3: =AU3*AV3*AW3 -> 1.734 | AZ3: 14.45 | BA3: 0.2 | BB3: 0.6 | BC3: =(BB3+BB3+BA3)*AZ3 -> 20.23 | BE3: P01 | BF3: 15x50 | BG3: 0.15 | BH3: 0.5 | BI3: 4.58 | BJ3: =BG3*BH3*BI3 -> 0.3435 | BL3: P01 | BM3: 15x50 | BN3: 0.15 | BO3: 0.5 | BP3: 4.58 | BQ3: =((BN3*2)+(BO3*2))*BP3 -> 5.954 | BS3: SALA 1 | BT3: 36 | BU3: 24 | BV3: 3.1 | BW3: =BU3*BV3 -> 74.4 | BY3: SALA 1 | BZ3: 36 | CA3: 24 | CC3: W.C. INFANTIL FEMININO | CD3: 21.7 | CE3: 3.1 | CF3: =CD3*CE3 -> 67.27
A4: 1 | B4: C50 | D4: 0.8 | E4: 0.8 | F4: 0 | G4: 0.8 | H4: =D4*E4*G4 -> 0.512 | J4: 0.8 | K4: 0.8 | L4: 0 | M4: 0.05 | N4: =J4*K4*M4 -> 0.032 | P4: 0.8 | Q4: 0.8 | R4: 0 | S4: 0.75 | T4: =P4*Q4*S4 -> 0.48 | V4: 5.94 | W4: 0.2 | X4: 0.55 | Y4: =V4*W4*X4 -> 0.6534 | AA4: 5.94 | AB4: 0.2 | AC4: 0.05 | AD4: =AA4*AB4*AC4 -> 0.0594 | AF4: 5.94 | AG4: 0.5 | AH4: =AF4*AG4*2 -> 5.94 | AJ4: 5.94 | AK4: 0.2 | AL4: 0.5 | AM4: =AJ4*AK4*AL4 -> 0.594 | AO4: 5.94 | AP4: 0.2 | AQ4: 0.2 | AR4: 0.5 | AS4: =AO4*(AP4+AR4+AQ4) -> 5.346 | AU4: 5.94 | AV4: 0.2 | AW4: 0.6 | AX4: =AU4*AV4*AW4 -> 0.7128 | AZ4: 5.94 | BA4: 0.2 | BB4: 0.6 | BC4: =(BB4+BB4+BA4)*AZ4 -> 8.316 | BE4: P02 | BF4: 15x50 | BG4: 0.15 | BH4: 0.5 | BI4: 4.58 | BJ4: =BG4*BH4*BI4 -> 0.3435 | BL4: P02 | BM4: 15x50 | BN4: 0.15 | BO4: 0.5 | BP4: 4.58 | BQ4: =((BN4*2)+(BO4*2))*BP4 -> 5.954 | BS4: SALA 8 | BT4: 36 | BU4: 24 | BV4: 3.1 | BW4: =BU4*BV4 -> 74.4 | BY4: SALA 8 | BZ4: 36 | CA4: 24 | CC4: BANHEIRO PCD | CD4: 8 | CE4: 3.1 | CF4: =CD4*CE4 -> 24.8
A5: 1 | B5: C40 | D5: 0.7 | E5: 0.7 | F5: 0 | G5: 0.7 | H5: =D5*E5*G5 -> 0.343 | J5: 0.7 | K5: 0.7 | L5: 0 | M5: 0.05 | N5: =J5*K5*M5 -> 0.0245 | P5: 0.7 | Q5: 0.7 | R5: 0 | S5: 0.65 | T5: =P5*Q5*S5 -> 0.3185 | V5: 5.94 | W5: 0.2 | X5: 0.55 | Y5: =V5*W5*X5 -> 0.6534 | AA5: 5.94 | AB5: 0.2 | AC5: 0.05 | AD5: =AA5*AB5*AC5 -> 0.0594 | AF5: 5.94 | AG5: 0.5 | AH5: =AF5*AG5*2 -> 5.94 | AJ5: 5.94 | AK5: 0.2 | AL5: 0.5 | AM5: =AJ5*AK5*AL5 -> 0.594 | AO5: 5.94 | AP5: 0.2 | AQ5: 0.2 | AR5: 0.5 | AS5: =AO5*(AP5+AR5+AQ5) -> 5.346 | AU5: 5.94 | AV5: 0.2 | AW5: 0.3 | AX5: =AU5*AV5*AW5 -> 0.3564 | AZ5: 5.94 | BA5: 0.2 | BB5: 0.3 | BC5: =(BB5+BB5+BA5)*AZ5 -> 4.752 | BE5: P03 | BF5: 15x30 | BG5: 0.15 | BH5: 0.3 | BI5: 4.58 | BJ5: =BG5*BH5*BI5 -> 0.2061 | BL5: P03 | BM5: 15x30 | BN5: 0.15 | BO5: 0.3 | BP5: 4.58 | BQ5: =((BN5*2)+(BO5*2))*BP5 -> 4.122 | BS5: CORREDOR DAS SALAS | BT5: =12+5.4 -> 17.4 | BU5: =(9.4+16-4) -> 21.4 | BV5: 3.1 | BW5: =BU5*BV5 -> 66.34 | BY5: CORREDOR DAS SALAS | BZ5: 61.68 | CA5: 65.68 | CC5: W.C. INFANTIL MASCULINO | CD5: 21.7 | CE5: 3.1 | CF5: =CD5*CE5 -> 67.27
A6: 1 | B6: C40 | D6: 0.7 | E6: 0.7 | F6: 0 | G6: 0.7 | H6: =D6*E6*G6 -> 0.343 | J6: 0.7 | K6: 0.7 | L6: 0 | M6: 0.05 | N6: =J6*K6*M6 -> 0.0245 | P6: 0.7 | Q6: 0.7 | R6: 0 | S6: 0.65 | T6: =P6*Q6*S6 -> 0.3185 | V6: 5.94 | W6: 0.2 | X6: 0.55 | Y6: =V6*W6*X6 -> 0.6534 | AA6: 5.94 | AB6: 0.2 | AC6: 0.05 | AD6: =AA6*AB6*AC6 -> 0.0594 | AF6: 5.94 | AG6: 0.5 | AH6: =AF6*AG6*2 -> 5.94 | AJ6: 5.94 | AK6: 0.2 | AL6: 0.5 | AM6: =AJ6*AK6*AL6 -> 0.594 | AO6: 5.94 | AP6: 0.2 | AQ6: 0.2 | AR6: 0.5 | AS6: =AO6*(AP6+AR6+AQ6) -> 5.346 | AU6: 5.94 | AV6: 0.2 | AW6: 0.3 | AX6: =AU6*AV6*AW6 -> 0.3564 | AZ6: 5.94 | BA6: 0.2 | BB6: 0.3 | BC6: =(BB6+BB6+BA6)*AZ6 -> 4.752 | BE6: P04 | BF6: 15x30 | BG6: 0.15 | BH6: 0.3 | BI6: 4.58 | BJ6: =BG6*BH6*BI6 -> 0.2061 | BL6: P04 | BM6: 15x30 | BN6: 0.15 | BO6: 0.3 | BP6: 4.58 | BQ6: =((BN6*2)+(BO6*2))*BP6 -> 4.122 | BS6: W.C. INFANTIL FEMININO | BT6: 29.1 | BU6: 21.7 | BV6: 3.1 | BW6: =BU6*BV6 -> 67.27 | BY6: W.C. INFANTIL FEMININO | BZ6: 29.1 | CC6: W.C. FEMININO | CD6: 17.86 | CE6: 3.1 | CF6: =CD6*CE6 -> 55.366
A7: 1 | B7: C50 | D7: 0.8 | E7: 0.8 | F7: 0 | G7: 0.8 | H7: =D7*E7*G7 -> 0.512 | J7: 0.8 | K7: 0.8 | L7: 0 | M7: 0.05 | N7: =J7*K7*M7 -> 0.032 | P7: 0.8 | Q7: 0.8 | R7: 0 | S7: 0.75 | T7: =P7*Q7*S7 -> 0.48 | V7: 5.94 | W7: 0.2 | X7: 0.55 | Y7: =V7*W7*X7 -> 0.6534 | AA7: 5.94 | AB7: 0.2 | AC7: 0.05 | AD7: =AA7*AB7*AC7 -> 0.0594 | AF7: 5.94 | AG7: 0.5 | AH7: =AF7*AG7*2 -> 5.94 | AJ7: 5.94 | AK7: 0.2 | AL7: 0.5 | AM7: =AJ7*AK7*AL7 -> 0.594 | AO7: 5.94 | AP7: 0.2 | AQ7: 0.2 | AR7: 0.5 | AS7: =AO7*(AP7+AR7+AQ7) -> 5.346 | AU7: 5.94 | AV7: 0.2 | AW7: 0.3 | AX7: =AU7*AV7*AW7 -> 0.3564 | AZ7: 5.94 | BA7: 0.2 | BB7: 0.3 | BC7: =(BB7+BB7+BA7)*AZ7 -> 4.752 | BE7: P05 | BF7: 15x50 | BG7: 0.15 | BH7: 0.5 | BI7: 4.58 | BJ7: =BG7*BH7*BI7 -> 0.3435 | BL7: P05 | BM7: 15x50 | BN7: 0.15 | BO7: 0.5 | BP7: 4.58 | BQ7: =((BN7*2)+(BO7*2))*BP7 -> 5.954 | BS7: BANHEIRO PCD | BT7: 4 | BU7: 8 | BV7: 3.1 | BW7: =BU7*BV7 -> 24.8 | BY7: BANHEIRO PCD | BZ7: 4 | CC7: W.C. MASCULINO | CD7: 17.86 | CE7: 3.1 | CF7: =CD7*CE7 -> 55.366
A8: 1 | B8: C40 | D8: 0.7 | E8: 0.7 | F8: 0 | G8: 0.7 | H8: =D8*E8*G8 -> 0.343 | J8: 0.7 | K8: 0.7 | L8: 0 | M8: 0.05 | N8: =J8*K8*M8 -> 0.0245 | P8: 0.7 | Q8: 0.7 | R8: 0 | S8: 0.65 | T8: =P8*Q8*S8 -> 0.3185 | V8: 3.97 | W8: 0.2 | X8: 0.55 | Y8: =V8*W8*X8 -> 0.4367 | AA8: 3.97 | AB8: 0.2 | AC8: 0.05 | AD8: =AA8*AB8*AC8 -> 0.0397 | AF8: 3.97 | AG8: 0.5 | AH8: =AF8*AG8*2 -> 3.97 | AJ8: 3.97 | AK8: 0.2 | AL8: 0.5 | AM8: =AJ8*AK8*AL8 -> 0.397 | AO8: 3.97 | AP8: 0.2 | AQ8: 0.2 | AR8: 0.5 | AS8: =AO8*(AP8+AR8+AQ8) -> 3.573 | AU8: 3.97 | AV8: 0.2 | AW8: 0.4 | AX8: =AU8*AV8*AW8 -> 0.3176 | AZ8: 3.97 | BA8: 0.2 | BB8: 0.4 | BC8: =(BB8+BB8+BA8)*AZ8 -> 3.97 | BE8: P06 | BF8: 15x30 | BG8: 0.15 | BH8: 0.3 | BI8: 4.58 | BJ8: =BG8*BH8*BI8 -> 0.2061 | BL8: P06 | BM8: 15x30 | BN8: 0.15 | BO8: 0.3 | BP8: 4.58 | BQ8: =((BN8*2)+(BO8*2))*BP8 -> 4.122 | BS8: W.C. INFANTIL MASCULINO | BT8: 29.1 | BU8: 21.7 | BV8: 3.1 | BW8: =BU8*BV8 -> 67.27 | BY8: W.C. INFANTIL MASCULINO | BZ8: 29.1 | CC8: REFEITÓRIO | CD8: 47.32 | CE8: 1.4 | CF8: =CD8*CE8 -> 66.248
A9: 1 | B9: C20 | D9: 0.5 | E9: 0.5 | F9: 0 | G9: 0.55 | H9: =D9*E9*G9 -> 0.1375 | J9: 0.5 | K9: 0.5 | L9: 0 | M9: 0.05 | N9: =J9*K9*M9 -> 0.0125 | P9: 0.5 | Q9: 0.5 | R9: 0 | S9: 0.5 | T9: =P9*Q9*S9 -> 0.125 | V9: 0.38 | W9: 0.2 | X9: 0.55 | Y9: =V9*W9*X9 -> 0.0418 | AA9: 0.38 | AB9: 0.2 | AC9: 0.05 | AD9: =AA9*AB9*AC9 -> 0.0038 | AF9: 0.38 | AG9: 0.5 | AH9: =AF9*AG9*2 -> 0.38 | AJ9: 0.38 | AK9: 0.2 | AL9: 0.5 | AM9: =AJ9*AK9*AL9 -> 0.038 | AO9: 0.38 | AP9: 0.2 | AQ9: 0.2 | AR9: 0.5 | AS9: =AO9*(AP9+AR9+AQ9) -> 0.342 | AU9: 0.38 | AV9: 0.2 | AW9: 0.4 | AX9: =AU9*AV9*AW9 -> 0.0304 | AZ9: 0.38 | BA9: 0.2 | BB9: 0.4 | BC9: =(BB9+BB9+BA9)*AZ9 -> 0.38 | BE9: P07 | BF9: 15x30 | BG9: 0.15 | BH9: 0.3 | BI9: 3.35 | BJ9: =BG9*BH9*BI9 -> 0.15075 | BL9: P07 | BM9: 15x30 | BN9: 0.15 | BO9: 0.3 | BP9: 3.35 | BQ9: =((BN9*2)+(BO9*2))*BP9 -> 3.015 | BS9: PÁTIO COBERTO | BT9: 103.4 | BU9: 42.68 | BV9: 3.1 | BW9: =BU9*BV9 -> 132.308 | BY9: PÁTIO COBERTO | BZ9: 103.4 | CA9: 42.68 | CC9: COZINHA | CD9: 23.4 | CE9: 3.1 | CF9: =CD9*CE9 -> 72.54
A10: 1 | B10: C40 | D10: 0.7 | E10: 0.7 | F10: 0 | G10: 0.7 | H10: =D10*E10*G10 -> 0.343 | J10: 0.7 | K10: 0.7 | L10: 0 | M10: 0.05 | N10: =J10*K10*M10 -> 0.0245 | P10: 0.7 | Q10: 0.7 | R10: 0 | S10: 0.65 | T10: =P10*Q10*S10 -> 0.3185 | V10: 4.12 | W10: 0.2 | X10: 0.55 | Y10: =V10*W10*X10 -> 0.4532 | AA10: 4.12 | AB10: 0.2 | AC10: 0.05 | AD10: =AA10*AB10*AC10 -> 0.0412 | AF10: 4.12 | AG10: 0.5 | AH10: =AF10*AG10*2 -> 4.12 | AJ10: 4.12 | AK10: 0.2 | AL10: 0.5 | AM10: =AJ10*AK10*AL10 -> 0.412 | AO10: 4.12 | AP10: 0.2 | AQ10: 0.2 | AR10: 0.5 | AS10: =AO10*(AP10+AR10+AQ10) -> 3.708 | AU10: 4.12 | AV10: 0.2 | AW10: 0.4 | AX10: =AU10*AV10*AW10 -> 0.3296 | AZ10: 4.12 | BA10: 0.2 | BB10: 0.4 | BC10: =(BB10+BB10+BA10)*AZ10 -> 4.12 | BE10: P08 | BF10: 15x30 | BG10: 0.15 | BH10: 0.3 | BI10: 3.35 | BJ10: =BG10*BH10*BI10 -> 0.15075 | BL10: P08 | BM10: 15x30 | BN10: 0.15 | BO10: 0.3 | BP10: 3.35 | BQ10: =((BN10*2)+(BO10*2))*BP10 -> 3.015 | BS10: SECRETARIA | BT10: 52.7 | BU10: 33.7 | BV10: 3.1 | BW10: =BU10*BV10 -> 104.47 | BY10: SECRETARIA | BZ10: 52.7 | CA10: 33.7 | CC10: ÁREA DE SERVIÇO | CD10: 11.4 | CE10: 3.1 | CF10: =CD10*CE10 -> 35.34
A11: 1 | B11: C40 | D11: 0.7 | E11: 0.7 | F11: 0 | G11: 0.7 | H11: =D11*E11*G11 -> 0.343 | J11: 0.7 | K11: 0.7 | L11: 0 | M11: 0.05 | N11: =J11*K11*M11 -> 0.0245 | P11: 0.7 | Q11: 0.7 | R11: 0 | S11: 0.65 | T11: =P11*Q11*S11 -> 0.3185 | V11: 5.95 | W11: 0.2 | X11: 0.55 | Y11: =V11*W11*X11 -> 0.6545 | AA11: 5.95 | AB11: 0.2 | AC11: 0.05 | AD11: =AA11*AB11*AC11 -> 0.0595 | AF11: 5.95 | AG11: 0.5 | AH11: =AF11*AG11*2 -> 5.95 | AJ11: 5.95 | AK11: 0.2 | AL11: 0.5 | AM11: =AJ11*AK11*AL11 -> 0.595 | AO11: 5.95 | AP11: 0.2 | AQ11: 0.2 | AR11: 0.5 | AS11: =AO11*(AP11+AR11+AQ11) -> 5.355 | AU11: 5.95 | AV11: 0.2 | AW11: 0.6 | AX11: =AU11*AV11*AW11 -> 0.714 | AZ11: 5.95 | BA11: 0.2 | BB11: 0.6 | BC11: =(BB11+BB11+BA11)*AZ11 -> 8.33 | BE11: P09 | BF11: 15x30 | BG11: 0.15 | BH11: 0.3 | BI11: 3.35 | BJ11: =BG11*BH11*BI11 -> 0.15075 | BL11: P09 | BM11: 15x30 | BN11: 0.15 | BO11: 0.3 | BP11: 3.35 | BQ11: =((BN11*2)+(BO11*2))*BP11 -> 3.015 | BS11: DIRETORIA | BT11: 11.7 | BU11: 12 | BV11: 3.1 | BW11: =BU11*BV11 -> 37.2 | BY11: DIRETORIA | BZ11: 11.7 | CA11: 12 | CC11: ESTOQUE | CD11: 13.6 | CE11: 3.1 | CF11: =CD11*CE11 -> 42.16
A12: 1 | B12: C40 | D12: 0.7 | E12: 0.7 | F12: 0 | G12: 0.7 | H12: =D12*E12*G12 -> 0.343 | J12: 0.7 | K12: 0.7 | L12: 0 | M12: 0.05 | N12: =J12*K12*M12 -> 0.0245 | P12: 0.7 | Q12: 0.7 | R12: 0 | S12: 0.65 | T12: =P12*Q12*S12 -> 0.3185 | V12: 5.95 | W12: 0.2 | X12: 0.55 | Y12: =V12*W12*X12 -> 0.6545 | AA12: 5.95 | AB12: 0.2 | AC12: 0.05 | AD12: =AA12*AB12*AC12 -> 0.0595 | AF12: 5.95 | AG12: 0.5 | AH12: =AF12*AG12*2 -> 5.95 | AJ12: 5.95 | AK12: 0.2 | AL12: 0.5 | AM12: =AJ12*AK12*AL12 -> 0.595 | AO12: 5.95 | AP12: 0.2 | AQ12: 0.2 | AR12: 0.5 | AS12: =AO12*(AP12+AR12+AQ12) -> 5.355 | AU12: 5.95 | AV12: 0.2 | AW12: 0.3 | AX12: =AU12*AV12*AW12 -> 0.357 | AZ12: 5.95 | BA12: 0.2 | BB12: 0.3 | BC12: =(BB12+BB12+BA12)*AZ12 -> 4.76 | BE12: P10 | BF12: 15x30 | BG12: 0.15 | BH12: 0.3 | BI12: 4.58 | BJ12: =BG12*BH12*BI12 -> 0.2061 | BL12: P10 | BM12: 15x30 | BN12: 0.15 | BO12: 0.3 | BP12: 4.58 | BQ12: =((BN12*2)+(BO12*2))*BP12 -> 4.122 | BS12: SALA DOS PROFESSORES | BT12: 24.8 | BU12: 24 | BV12: 3.1 | BW12: =BU12*BV12 -> 74.4 | BY12: SALA DOS PROFESSORES | BZ12: 24.8 | CA12: 24 | CC12: ACESSO ESTOQUE | CD12: 13.6 | CE12: 3.1 | CF12: =CD12*CE12 -> 42.16
A13: 1 | B13: C50 | D13: 0.8 | E13: 0.8 | F13: 0 | G13: 0.8 | H13: =D13*E13*G13 -> 0.512 | J13: 0.8 | K13: 0.8 | L13: 0 | M13: 0.05 | N13: =J13*K13*M13 -> 0.032 | P13: 0.8 | Q13: 0.8 | R13: 0 | S13: 0.75 | T13: =P13*Q13*S13 -> 0.48 | V13: 22.26 | W13: 0.2 | X13: 0.55 | Y13: =V13*W13*X13 -> 2.4486 | AA13: 22.26 | AB13: 0.2 | AC13: 0.05 | AD13: =AA13*AB13*AC13 -> 0.2226 | AF13: 22.26 | AG13: 0.5 | AH13: =AF13*AG13*2 -> 22.26 | AJ13: 22.26 | AK13: 0.2 | AL13: 0.5 | AM13: =AJ13*AK13*AL13 -> 2.226 | AO13: 22.26 | AP13: 0.2 | AQ13: 0.2 | AR13: 0.5 | AS13: =AO13*(AP13+AR13+AQ13) -> 20.034 | AU13: 22.26 | AV13: 0.2 | AW13: 0.5 | AX13: =AU13*AV13*AW13 -> 2.226 | AZ13: 22.26 | BA13: 0.2 | BB13: 0.5 | BC13: =(BB13+BB13+BA13)*AZ13 -> 26.712 | BE13: P11 | BF13: 15x50 | BG13: 0.15 | BH13: 0.5 | BI13: 4.58 | BJ13: =BG13*BH13*BI13 -> 0.3435 | BL13: P11 | BM13: 15x50 | BN13: 0.15 | BO13: 0.5 | BP13: 4.58 | BQ13: =((BN13*2)+(BO13*2))*BP13 -> 5.954 | BS13: COPA | BT13: 10.53 | BU13: 13.2 | BV13: 3.1 | BW13: =BU13*BV13 -> 40.92 | BY13: COPA | BZ13: 10.53 | CA13: 13.2 | CC13: TOTAL: | CD13: TOTAL: | CF13: =SUM(CF3:CF12) -> 528.52
A14: 1 | B14: C40 | D14: 0.7 | E14: 0.7 | F14: 0 | G14: 0.7 | H14: =D14*E14*G14 -> 0.343 | J14: 0.7 | K14: 0.7 | L14: 0 | M14: 0.05 | N14: =J14*K14*M14 -> 0.0245 | P14: 0.7 | Q14: 0.7 | R14: 0 | S14: 0.65 | T14: =P14*Q14*S14 -> 0.3185 | V14: 3.87 | W14: 0.2 | X14: 0.55 | Y14: =V14*W14*X14 -> 0.4257 | AA14: 3.87 | AB14: 0.2 | AC14: 0.05 | AD14: =AA14*AB14*AC14 -> 0.0387 | AF14: 3.87 | AG14: 0.5 | AH14: =AF14*AG14*2 -> 3.87 | AJ14: 3.87 | AK14: 0.2 | AL14: 0.5 | AM14: =AJ14*AK14*AL14 -> 0.387 | AO14: 3.87 | AP14: 0.2 | AQ14: 0.2 | AR14: 0.5 | AS14: =AO14*(AP14+AR14+AQ14) -> 3.483 | AU14: 3.87 | AV14: 0.2 | AW14: 0.5 | AX14: =AU14*AV14*AW14 -> 0.387 | AZ14: 3.87 | BA14: 0.2 | BB14: 0.5 | BC14: =(BB14+BB14+BA14)*AZ14 -> 4.644 | BE14: P12 | BF14: 15x30 | BG14: 0.15 | BH14: 0.3 | BI14: 3.35 | BJ14: =BG14*BH14*BI14 -> 0.15075 | BL14: P12 | BM14: 15x30 | BN14: 0.15 | BO14: 0.3 | BP14: 3.35 | BQ14: =((BN14*2)+(BO14*2))*BP14 -> 3.015 | BS14: SALA DE USO MULTIPLO | BT14: 31.74 | BU14: 22.58 | BV14: 3.1 | BW14: =BU14*BV14 -> 69.998 | BY14: SALA DE USO MULTIPLO | BZ14: 31.74 | CA14: 22.58
A15: 1 | B15: C50 | D15: 0.8 | E15: 0.8 | F15: 0 | G15: 0.8 | H15: =D15*E15*G15 -> 0.512 | J15: 0.8 | K15: 0.8 | L15: 0 | M15: 0.05 | N15: =J15*K15*M15 -> 0.032 | P15: 0.8 | Q15: 0.8 | R15: 0 | S15: 0.75 | T15: =P15*Q15*S15 -> 0.48 | V15: 2.95 | W15: 0.2 | X15: 0.55 | Y15: =V15*W15*X15 -> 0.3245 | AA15: 2.95 | AB15: 0.2 | AC15: 0.05 | AD15: =AA15*AB15*AC15 -> 0.0295 | AF15: 2.95 | AG15: 0.5 | AH15: =AF15*AG15*2 -> 2.95 | AJ15: 2.95 | AK15: 0.2 | AL15: 0.5 | AM15: =AJ15*AK15*AL15 -> 0.295 | AO15: 2.95 | AP15: 0.2 | AQ15: 0.2 | AR15: 0.5 | AS15: =AO15*(AP15+AR15+AQ15) -> 2.655 | AU15: 2.95 | AV15: 0.2 | AW15: 0.3 | AX15: =AU15*AV15*AW15 -> 0.177 | AZ15: 2.95 | BA15: 0.2 | BB15: 0.3 | BC15: =(BB15+BB15+BA15)*AZ15 -> 2.36 | BE15: P13 | BF15: 15x50 | BG15: 0.15 | BH15: 0.5 | BI15: 3.35 | BJ15: =BG15*BH15*BI15 -> 0.25125 | BL15: P13 | BM15: 15x50 | BN15: 0.15 | BO15: 0.5 | BP15: 3.35 | BQ15: =((BN15*2)+(BO15*2))*BP15 -> 4.355 | BS15: ALMOXARIFADO | BT15: 18.48 | BU15: 18.16 | BV15: 3.1 | BW15: =BU15*BV15 -> 56.296 | BY15: ALMOXARIFADO | BZ15: 18.48 | CA15: 18.16
A16: 1 | B16: C40 | D16: 0.7 | E16: 0.7 | F16: 0 | G16: 0.7 | H16: =D16*E16*G16 -> 0.343 | J16: 0.7 | K16: 0.7 | L16: 0 | M16: 0.05 | N16: =J16*K16*M16 -> 0.0245 | P16: 0.7 | Q16: 0.7 | R16: 0 | S16: 0.65 | T16: =P16*Q16*S16 -> 0.3185 | V16: 25.41 | W16: 0.2 | X16: 0.55 | Y16: =V16*W16*X16 -> 2.7951 | AA16: 25.41 | AB16: 0.2 | AC16: 0.05 | AD16: =AA16*AB16*AC16 -> 0.2541 | AF16: 25.41 | AG16: 0.5 | AH16: =AF16*AG16*2 -> 25.41 | AJ16: 25.41 | AK16: 0.2 | AL16: 0.5 | AM16: =AJ16*AK16*AL16 -> 2.541 | AO16: 25.41 | AP16: 0.2 | AQ16: 0.2 | AR16: 0.5 | AS16: =AO16*(AP16+AR16+AQ16) -> 22.869 | AU16: 25.41 | AV16: 0.2 | AW16: 0.5 | AX16: =AU16*AV16*AW16 -> 2.541 | AZ16: 25.41 | BA16: 0.2 | BB16: 0.5 | BC16: =(BB16+BB16+BA16)*AZ16 -> 30.492 | BE16: P14 | BF16: 15x30 | BG16: 0.15 | BH16: 0.3 | BI16: 3.35 | BJ16: =BG16*BH16*BI16 -> 0.15075 | BL16: P14 | BM16: 15x30 | BN16: 0.15 | BO16: 0.3 | BP16: 3.35 | BQ16: =((BN16*2)+(BO16*2))*BP16 -> 3.015 | BS16: ÁREA DE SERVIÇO | BT16: 8.1161 | BU16: 11.4 | BV16: 3.1 | BW16: =BU16*BV16 -> 35.34 | BY16: DML | BZ16: 8.1161 | CA16: 11.4
A17: 1 | B17: C40 | D17: 0.7 | E17: 0.7 | F17: 0 | G17: 0.7 | H17: =D17*E17*G17 -> 0.343 | J17: 0.7 | K17: 0.7 | L17: 0 | M17: 0.05 | N17: =J17*K17*M17 -> 0.0245 | P17: 0.7 | Q17: 0.7 | R17: 0 | S17: 0.65 | T17: =P17*Q17*S17 -> 0.3185 | V17: 5.95 | W17: 0.2 | X17: 0.55 | Y17: =V17*W17*X17 -> 0.6545 | AA17: 5.95 | AB17: 0.2 | AC17: 0.05 | AD17: =AA17*AB17*AC17 -> 0.0595 | AF17: 5.95 | AG17: 0.5 | AH17: =AF17*AG17*2 -> 5.95 | AJ17: 5.95 | AK17: 0.2 | AL17: 0.5 | AM17: =AJ17*AK17*AL17 -> 0.595 | AO17: 5.95 | AP17: 0.2 | AQ17: 0.2 | AR17: 0.5 | AS17: =AO17*(AP17+AR17+AQ17) -> 5.355 | AU17: 5.95 | AV17: 0.2 | AW17: 0.6 | AX17: =AU17*AV17*AW17 -> 0.714 | AZ17: 5.95 | BA17: 0.2 | BB17: 0.6 | BC17: =(BB17+BB17+BA17)*AZ17 -> 8.33 | BE17: P15 | BF17: 15x30 | BG17: 0.15 | BH17: 0.3 | BI17: 3.35 | BJ17: =BG17*BH17*BI17 -> 0.15075 | BL17: P15 | BM17: 15x30 | BN17: 0.15 | BO17: 0.3 | BP17: 3.35 | BQ17: =((BN17*2)+(BO17*2))*BP17 -> 3.015 | BS17: DML | BT17: 8.1161 | BU17: 11.4 | BV17: 3.1 | BW17: =BU17*BV17 -> 35.34 | BY17: CORREDOR 2 | BZ17: 46.3 | CA17: 50.3
A18: 1 | B18: C50 | D18: 0.8 | E18: 0.8 | F18: 0 | G18: 0.8 | H18: =D18*E18*G18 -> 0.512 | J18: 0.8 | K18: 0.8 | L18: 0 | M18: 0.05 | N18: =J18*K18*M18 -> 0.032 | P18: 0.8 | Q18: 0.8 | R18: 0 | S18: 0.75 | T18: =P18*Q18*S18 -> 0.48 | V18: 5.95 | W18: 0.2 | X18: 0.55 | Y18: =V18*W18*X18 -> 0.6545 | AA18: 5.95 | AB18: 0.2 | AC18: 0.05 | AD18: =AA18*AB18*AC18 -> 0.0595 | AF18: 5.95 | AG18: 0.5 | AH18: =AF18*AG18*2 -> 5.95 | AJ18: 5.95 | AK18: 0.2 | AL18: 0.5 | AM18: =AJ18*AK18*AL18 -> 0.595 | AO18: 5.95 | AP18: 0.2 | AQ18: 0.2 | AR18: 0.5 | AS18: =AO18*(AP18+AR18+AQ18) -> 5.355 | AU18: 5.95 | AV18: 0.2 | AW18: 0.4 | AX18: =AU18*AV18*AW18 -> 0.476 | AZ18: 5.95 | BA18: 0.2 | BB18: 0.4 | BC18: =(BB18+BB18+BA18)*AZ18 -> 5.95 | BE18: P16 | BF18: 15x50 | BG18: 0.15 | BH18: 0.5 | BI18: 4.58 | BJ18: =BG18*BH18*BI18 -> 0.3435 | BL18: P16 | BM18: 15x50 | BN18: 0.15 | BO18: 0.5 | BP18: 4.58 | BQ18: =((BN18*2)+(BO18*2))*BP18 -> 5.954 | BS18: REFEITÓRIO | BT18: 113.632 | BU18: 47.32 | BV18: 3.1 | BW18: =BU18*BV18 -> 146.692 | BY18: W.C. FEMININO | BZ18: 17.58
A19: 1 | B19: C40 | D19: 0.7 | E19: 0.7 | F19: 0 | G19: 0.7 | H19: =D19*E19*G19 -> 0.343 | J19: 0.7 | K19: 0.7 | L19: 0 | M19: 0.05 | N19: =J19*K19*M19 -> 0.0245 | P19: 0.7 | Q19: 0.7 | R19: 0 | S19: 0.65 | T19: =P19*Q19*S19 -> 0.3185 | V19: 5.95 | W19: 0.2 | X19: 0.55 | Y19: =V19*W19*X19 -> 0.6545 | AA19: 5.95 | AB19: 0.2 | AC19: 0.05 | AD19: =AA19*AB19*AC19 -> 0.0595 | AF19: 5.95 | AG19: 0.5 | AH19: =AF19*AG19*2 -> 5.95 | AJ19: 5.95 | AK19: 0.2 | AL19: 0.5 | AM19: =AJ19*AK19*AL19 -> 0.595 | AO19: 5.95 | AP19: 0.2 | AQ19: 0.2 | AR19: 0.5 | AS19: =AO19*(AP19+AR19+AQ19) -> 5.355 | AU19: 5.95 | AV19: 0.2 | AW19: 0.4 | AX19: =AU19*AV19*AW19 -> 0.476 | AZ19: 5.95 | BA19: 0.2 | BB19: 0.4 | BC19: =(BB19+BB19+BA19)*AZ19 -> 5.95 | BE19: P17 | BF19: 15x30 | BG19: 0.15 | BH19: 0.3 | BI19: 3.35 | BJ19: =BG19*BH19*BI19 -> 0.15075 | BL19: P17 | BM19: 15x30 | BN19: 0.15 | BO19: 0.3 | BP19: 3.35 | BQ19: =((BN19*2)+(BO19*2))*BP19 -> 3.015 | BS19: COZINHA | BT19: 33.5 | BU19: 23.4 | BV19: 3.1 | BW19: =BU19*BV19 -> 72.54 | BY19: W.C. MASCULINO | BZ19: 17.58
A20: 1 | B20: C40 | D20: 0.7 | E20: 0.7 | F20: 0 | G20: 0.7 | H20: =D20*E20*G20 -> 0.343 | J20: 0.7 | K20: 0.7 | L20: 0 | M20: 0.05 | N20: =J20*K20*M20 -> 0.0245 | P20: 0.7 | Q20: 0.7 | R20: 0 | S20: 0.65 | T20: =P20*Q20*S20 -> 0.3185 | V20: 5.95 | W20: 0.2 | X20: 0.55 | Y20: =V20*W20*X20 -> 0.6545 | AA20: 5.95 | AB20: 0.2 | AC20: 0.05 | AD20: =AA20*AB20*AC20 -> 0.0595 | AF20: 5.95 | AG20: 0.5 | AH20: =AF20*AG20*2 -> 5.95 | AJ20: 5.95 | AK20: 0.2 | AL20: 0.5 | AM20: =AJ20*AK20*AL20 -> 0.595 | AO20: 5.95 | AP20: 0.2 | AQ20: 0.2 | AR20: 0.5 | AS20: =AO20*(AP20+AR20+AQ20) -> 5.355 | AU20: 5.95 | AV20: 0.2 | AW20: 0.4 | AX20: =AU20*AV20*AW20 -> 0.476 | AZ20: 5.95 | BA20: 0.2 | BB20: 0.4 | BC20: =(BB20+BB20+BA20)*AZ20 -> 5.95 | BE20: P18 | BF20: 15x30 | BG20: 0.15 | BH20: 0.3 | BI20: 3.35 | BJ20: =BG20*BH20*BI20 -> 0.15075 | BL20: P18 | BM20: 15x30 | BN20: 0.15 | BO20: 0.3 | BP20: 3.35 | BQ20: =((BN20*2)+(BO20*2))*BP20 -> 3.015 | BS20: ESTOQUE | BT20: 10.34 | BU20: 13.6 | BV20: 3.1 | BW20: =BU20*BV20 -> 42.16 | BY20: SALA 2 | BZ20: 42.84 | CA20: 26.28
A21: 1 | B21: C40 | D21: 0.7 | E21: 0.7 | F21: 0 | G21: 0.7 | H21: =D21*E21*G21 -> 0.343 | J21: 0.7 | K21: 0.7 | L21: 0 | M21: 0.05 | N21: =J21*K21*M21 -> 0.0245 | P21: 0.7 | Q21: 0.7 | R21: 0 | S21: 0.65 | T21: =P21*Q21*S21 -> 0.3185 | V21: 36.45 | W21: 0.2 | X21: 0.55 | Y21: =V21*W21*X21 -> 4.0095 | AA21: 36.45 | AB21: 0.2 | AC21: 0.05 | AD21: =AA21*AB21*AC21 -> 0.3645 | AF21: 36.45 | AG21: 0.5 | AH21: =AF21*AG21*2 -> 36.45 | AJ21: 36.45 | AK21: 0.2 | AL21: 0.5 | AM21: =AJ21*AK21*AL21 -> 3.645 | AO21: 36.45 | AP21: 0.2 | AQ21: 0.2 | AR21: 0.5 | AS21: =AO21*(AP21+AR21+AQ21) -> 32.805 | AU21: 36.45 | AV21: 0.2 | AW21: 0.6 | AX21: =AU21*AV21*AW21 -> 4.374 | AZ21: 36.45 | BA21: 0.2 | BB21: 0.6 | BC21: =(BB21+BB21+BA21)*AZ21 -> 51.03 | BE21: P19 | BF21: 15x30 | BG21: 0.15 | BH21: 0.3 | BI21: 3.35 | BJ21: =BG21*BH21*BI21 -> 0.15075 | BL21: P19 | BM21: 15x30 | BN21: 0.15 | BO21: 0.3 | BP21: 3.35 | BQ21: =((BN21*2)+(BO21*2))*BP21 -> 3.015 | BS21: ACESSO ESTOQUE | BT21: 10.34 | BU21: 13.6 | BV21: 3.1 | BW21: =BU21*BV21 -> 42.16 | BY21: SALA 3 | BZ21: 43.26 | CA21: 26.42
A22: 1 | B22: C50 | D22: 0.8 | E22: 0.8 | F22: 0 | G22: 0.8 | H22: =D22*E22*G22 -> 0.512 | J22: 0.8 | K22: 0.8 | L22: 0 | M22: 0.05 | N22: =J22*K22*M22 -> 0.032 | P22: 0.8 | Q22: 0.8 | R22: 0 | S22: 0.75 | T22: =P22*Q22*S22 -> 0.48 | V22: 23.1 | W22: 0.2 | X22: 0.55 | Y22: =V22*W22*X22 -> 2.541 | AA22: 23.1 | AB22: 0.2 | AC22: 0.05 | AD22: =AA22*AB22*AC22 -> 0.231 | AF22: 23.1 | AG22: 0.5 | AH22: =AF22*AG22*2 -> 23.1 | AJ22: 23.1 | AK22: 0.2 | AL22: 0.5 | AM22: =AJ22*AK22*AL22 -> 2.31 | AO22: 23.1 | AP22: 0.2 | AQ22: 0.2 | AR22: 0.5 | AS22: =AO22*(AP22+AR22+AQ22) -> 20.79 | AU22: 23.1 | AV22: 0.2 | AW22: 0.5 | AX22: =AU22*AV22*AW22 -> 2.31 | AZ22: 23.1 | BA22: 0.2 | BB22: 0.5 | BC22: =(BB22+BB22+BA22)*AZ22 -> 27.72 | BE22: P20 | BF22: 15x50 | BG22: 0.15 | BH22: 0.5 | BI22: 3.35 | BJ22: =BG22*BH22*BI22 -> 0.25125 | BL22: P20 | BM22: 15x50 | BN22: 0.15 | BO22: 0.5 | BP22: 3.35 | BQ22: =((BN22*2)+(BO22*2))*BP22 -> 4.355 | BS22: CORREDOR 2 | BT22: 46.3 | BU22: 50.3 | BV22: 3.1 | BW22: =BU22*BV22 -> 155.93 | BY22: SALA 4 | BZ22: 43.14 | CA22: 26.38
A23: 1 | B23: C40 | D23: 0.7 | E23: 0.7 | F23: 0 | G23: 0.7 | H23: =D23*E23*G23 -> 0.343 | J23: 0.7 | K23: 0.7 | L23: 0 | M23: 0.05 | N23: =J23*K23*M23 -> 0.0245 | P23: 0.7 | Q23: 0.7 | R23: 0 | S23: 0.65 | T23: =P23*Q23*S23 -> 0.3185 | V23: 36.64 | W23: 0.2 | X23: 0.55 | Y23: =V23*W23*X23 -> 4.0304 | AA23: 36.64 | AB23: 0.2 | AC23: 0.05 | AD23: =AA23*AB23*AC23 -> 0.3664 | AF23: 36.64 | AG23: 0.5 | AH23: =AF23*AG23*2 -> 36.64 | AJ23: 36.64 | AK23: 0.2 | AL23: 0.5 | AM23: =AJ23*AK23*AL23 -> 3.664 | AO23: 36.64 | AP23: 0.2 | AQ23: 0.2 | AR23: 0.5 | AS23: =AO23*(AP23+AR23+AQ23) -> 32.976 | AU23: 36.64 | AV23: 0.2 | AW23: 0.4 | AX23: =AU23*AV23*AW23 -> 2.9312 | AZ23: 36.64 | BA23: 0.2 | BB23: 0.4 | BC23: =(BB23+BB23+BA23)*AZ23 -> 36.64 | BE23: P21 | BF23: 15x30 | BG23: 0.15 | BH23: 0.3 | BI23: 3.35 | BJ23: =BG23*BH23*BI23 -> 0.15075 | BL23: P21 | BM23: 15x30 | BN23: 0.15 | BO23: 0.3 | BP23: 3.35 | BQ23: =((BN23*2)+(BO23*2))*BP23 -> 3.015 | BS23: W.C. FEMININO | BT23: 17.58 | BU23: 17.86 | BV23: 3.1 | BW23: =BU23*BV23 -> 55.366 | BY23: SALA 5 | BZ23: 43.14 | CA23: 26.38
A24: 1 | B24: C50 | D24: 0.8 | E24: 0.8 | F24: 0 | G24: 0.8 | H24: =D24*E24*G24 -> 0.512 | J24: 0.8 | K24: 0.8 | L24: 0 | M24: 0.05 | N24: =J24*K24*M24 -> 0.032 | P24: 0.8 | Q24: 0.8 | R24: 0 | S24: 0.75 | T24: =P24*Q24*S24 -> 0.48 | V24: 11.58 | W24: 0.2 | X24: 0.55 | Y24: =V24*W24*X24 -> 1.2738 | AA24: 11.58 | AB24: 0.2 | AC24: 0.05 | AD24: =AA24*AB24*AC24 -> 0.1158 | AF24: 11.58 | AG24: 0.5 | AH24: =AF24*AG24*2 -> 11.58 | AJ24: 11.58 | AK24: 0.2 | AL24: 0.5 | AM24: =AJ24*AK24*AL24 -> 1.158 | AO24: 11.58 | AP24: 0.2 | AQ24: 0.2 | AR24: 0.5 | AS24: =AO24*(AP24+AR24+AQ24) -> 10.422 | AU24: 11.58 | AV24: 0.2 | AW24: 0.7 | AX24: =AU24*AV24*AW24 -> 1.6212 | AZ24: 11.58 | BA24: 0.2 | BB24: 0.7 | BC24: =(BB24+BB24+BA24)*AZ24 -> 18.528 | BE24: P22 | BF24: 15x50 | BG24: 0.15 | BH24: 0.5 | BI24: 4.58 | BJ24: =BG24*BH24*BI24 -> 0.3435 | BL24: P22 | BM24: 15x50 | BN24: 0.15 | BO24: 0.5 | BP24: 4.58 | BQ24: =((BN24*2)+(BO24*2))*BP24 -> 5.954 | BS24: W.C. MASCULINO | BT24: 17.58 | BU24: 17.86 | BV24: 3.1 | BW24: =BU24*BV24 -> 55.366 | BY24: SALA 6 | BZ24: 43.26 | CA24: 26.42
A25: 1 | B25: C40 | D25: 0.7 | E25: 0.7 | F25: 0 | G25: 0.7 | H25: =D25*E25*G25 -> 0.343 | J25: 0.7 | K25: 0.7 | L25: 0 | M25: 0.05 | N25: =J25*K25*M25 -> 0.0245 | P25: 0.7 | Q25: 0.7 | R25: 0 | S25: 0.65 | T25: =P25*Q25*S25 -> 0.3185 | V25: 6.65 | W25: 0.2 | X25: 0.55 | Y25: =V25*W25*X25 -> 0.7315 | AA25: 6.65 | AB25: 0.2 | AC25: 0.05 | AD25: =AA25*AB25*AC25 -> 0.0665 | AF25: 6.65 | AG25: 0.5 | AH25: =AF25*AG25*2 -> 6.65 | AJ25: 6.65 | AK25: 0.2 | AL25: 0.5 | AM25: =AJ25*AK25*AL25 -> 0.665 | AO25: 6.65 | AP25: 0.2 | AQ25: 0.2 | AR25: 0.5 | AS25: =AO25*(AP25+AR25+AQ25) -> 5.985 | AU25: 6.65 | AV25: 0.2 | AW25: 0.7 | AX25: =AU25*AV25*AW25 -> 0.931 | AZ25: 6.65 | BA25: 0.2 | BB25: 0.7 | BC25: =(BB25+BB25+BA25)*AZ25 -> 10.64 | BE25: P23 | BF25: 15x30 | BG25: 0.15 | BH25: 0.3 | BI25: 4.58 | BJ25: =BG25*BH25*BI25 -> 0.2061 | BL25: P23 | BM25: 15x30 | BN25: 0.15 | BO25: 0.3 | BP25: 4.58 | BQ25: =((BN25*2)+(BO25*2))*BP25 -> 4.122 | BS25: TOTAL: | BT25: =SUM(BT3:BT24) -> 670.4542 | BU25: TOTAL: | BW25: =SUM(BW3:BW24) -> 1530.966 | BY25: SALA 7 | BZ25: 42.84 | CA25: 26.28
A26: 1 | B26: C40 | D26: 0.7 | E26: 0.7 | F26: 0 | G26: 0.7 | H26: =D26*E26*G26 -> 0.343 | J26: 0.7 | K26: 0.7 | L26: 0 | M26: 0.05 | N26: =J26*K26*M26 -> 0.0245 | P26: 0.7 | Q26: 0.7 | R26: 0 | S26: 0.65 | T26: =P26*Q26*S26 -> 0.3185 | V26: 6.65 | W26: 0.2 | X26: 0.55 | Y26: =V26*W26*X26 -> 0.7315 | AA26: 6.65 | AB26: 0.2 | AC26: 0.05 | AD26: =AA26*AB26*AC26 -> 0.0665 | AF26: 6.65 | AG26: 0.5 | AH26: =AF26*AG26*2 -> 6.65 | AJ26: 6.65 | AK26: 0.2 | AL26: 0.5 | AM26: =AJ26*AK26*AL26 -> 0.665 | AO26: 6.65 | AP26: 0.2 | AQ26: 0.2 | AR26: 0.5 | AS26: =AO26*(AP26+AR26+AQ26) -> 5.985 | AU26: 6.65 | AV26: 0.2 | AW26: 0.7 | AX26: =AU26*AV26*AW26 -> 0.931 | AZ26: 6.65 | BA26: 0.2 | BB26: 0.7 | BC26: =(BB26+BB26+BA26)*AZ26 -> 10.64 | BE26: P24 | BF26: 15x30 | BG26: 0.15 | BH26: 0.3 | BI26: 4.58 | BJ26: =BG26*BH26*BI26 -> 0.2061 | BL26: P24 | BM26: 15x30 | BN26: 0.15 | BO26: 0.3 | BP26: 4.58 | BQ26: =((BN26*2)+(BO26*2))*BP26 -> 4.122 | BY26: TOTAL: | BZ26: =SUM(BZ3:BZ25) -> 797.2861 | CA26: =SUM(CA3:CA25) -> 499.86
A27: 1 | B27: C50 | D27: 0.8 | E27: 0.8 | F27: 0 | G27: 0.8 | H27: =D27*E27*G27 -> 0.512 | J27: 0.8 | K27: 0.8 | L27: 0 | M27: 0.05 | N27: =J27*K27*M27 -> 0.032 | P27: 0.8 | Q27: 0.8 | R27: 0 | S27: 0.75 | T27: =P27*Q27*S27 -> 0.48 | V27: 6.65 | W27: 0.2 | X27: 0.55 | Y27: =V27*W27*X27 -> 0.7315 | AA27: 6.65 | AB27: 0.2 | AC27: 0.05 | AD27: =AA27*AB27*AC27 -> 0.0665 | AF27: 6.65 | AG27: 0.5 | AH27: =AF27*AG27*2 -> 6.65 | AJ27: 6.65 | AK27: 0.2 | AL27: 0.5 | AM27: =AJ27*AK27*AL27 -> 0.665 | AO27: 6.65 | AP27: 0.2 | AQ27: 0.2 | AR27: 0.5 | AS27: =AO27*(AP27+AR27+AQ27) -> 5.985 | AU27: 6.65 | AV27: 0.2 | AW27: 0.7 | AX27: =AU27*AV27*AW27 -> 0.931 | AZ27: 6.65 | BA27: 0.2 | BB27: 0.7 | BC27: =(BB27+BB27+BA27)*AZ27 -> 10.64 | BE27: P25 | BF27: 15x50 | BG27: 0.15 | BH27: 0.5 | BI27: 4.58 | BJ27: =BG27*BH27*BI27 -> 0.3435 | BL27: P25 | BM27: 15x50 | BN27: 0.15 | BO27: 0.5 | BP27: 4.58 | BQ27: =((BN27*2)+(BO27*2))*BP27 -> 5.954 | BS27: REVESTIMENTO EXISTENTE (CHAPISCO + EMBOÇO + REBOCO)
A28: 1 | B28: C40 | D28: 0.7 | E28: 0.7 | F28: 0 | G28: 0.7 | H28: =D28*E28*G28 -> 0.343 | J28: 0.7 | K28: 0.7 | L28: 0 | M28: 0.05 | N28: =J28*K28*M28 -> 0.0245 | P28: 0.7 | Q28: 0.7 | R28: 0 | S28: 0.65 | T28: =P28*Q28*S28 -> 0.3185 | V28: 6.65 | W28: 0.2 | X28: 0.55 | Y28: =V28*W28*X28 -> 0.7315 | AA28: 6.65 | AB28: 0.2 | AC28: 0.05 | AD28: =AA28*AB28*AC28 -> 0.0665 | AF28: 6.65 | AG28: 0.5 | AH28: =AF28*AG28*2 -> 6.65 | AJ28: 6.65 | AK28: 0.2 | AL28: 0.5 | AM28: =AJ28*AK28*AL28 -> 0.665 | AO28: 6.65 | AP28: 0.2 | AQ28: 0.2 | AR28: 0.5 | AS28: =AO28*(AP28+AR28+AQ28) -> 5.985 | AU28: 6.65 | AV28: 0.2 | AW28: 0.7 | AX28: =AU28*AV28*AW28 -> 0.931 | AZ28: 6.65 | BA28: 0.2 | BB28: 0.7 | BC28: =(BB28+BB28+BA28)*AZ28 -> 10.64 | BE28: P26 | BF28: 15x30 | BG28: 0.15 | BH28: 0.3 | BI28: 4.58 | BJ28: =BG28*BH28*BI28 -> 0.2061 | BL28: P26 | BM28: 15x30 | BN28: 0.15 | BO28: 0.3 | BP28: 4.58 | BQ28: =((BN28*2)+(BO28*2))*BP28 -> 4.122 | BS28: Local | BT28: AREA (M2) | BU28: PERIMETRO | BV28: PÉ DIREITO | BW28: PAREDES AREA TOTAL (M2) | BY28: REVESTIMENTOS CERÂMICOS ANTIDERRAPANTE
A29: 1 | B29: C50 | D29: 0.8 | E29: 0.8 | F29: 0 | G29: 0.8 | H29: =D29*E29*G29 -> 0.512 | J29: 0.8 | K29: 0.8 | L29: 0 | M29: 0.05 | N29: =J29*K29*M29 -> 0.032 | P29: 0.8 | Q29: 0.8 | R29: 0 | S29: 0.75 | T29: =P29*Q29*S29 -> 0.48 | V29: 4.85 | W29: 0.2 | X29: 0.55 | Y29: =V29*W29*X29 -> 0.5335 | AA29: 4.85 | AB29: 0.2 | AC29: 0.05 | AD29: =AA29*AB29*AC29 -> 0.0485 | AF29: 4.85 | AG29: 0.5 | AH29: =AF29*AG29*2 -> 4.85 | AJ29: 4.85 | AK29: 0.2 | AL29: 0.5 | AM29: =AJ29*AK29*AL29 -> 0.485 | AO29: 4.85 | AP29: 0.2 | AQ29: 0.2 | AR29: 0.5 | AS29: =AO29*(AP29+AR29+AQ29) -> 4.365 | AU29: 4.85 | AV29: 0.2 | AW29: 0.5 | AX29: =AU29*AV29*AW29 -> 0.485 | AZ29: 4.85 | BA29: 0.2 | BB29: 0.5 | BC29: =(BB29+BB29+BA29)*AZ29 -> 5.82 | BE29: P27 | BF29: 15x50 | BG29: 0.15 | BH29: 0.5 | BI29: 4.58 | BJ29: =BG29*BH29*BI29 -> 0.3435 | BL29: P27 | BM29: 15x50 | BN29: 0.15 | BO29: 0.5 | BP29: 4.58 | BQ29: =((BN29*2)+(BO29*2))*BP29 -> 5.954 | BS29: SALA 2 | BT29: 42.84 | BU29: 26.28 | BV29: 3.1 | BW29: =BU29*BV29 -> 81.468 | BY29: Local | BZ29: AREA (M2) | CA29: PERIMETRO
A30: 1 | B30: C50 | D30: 0.8 | E30: 0.8 | F30: 0 | G30: 0.8 | H30: =D30*E30*G30 -> 0.512 | J30: 0.8 | K30: 0.8 | L30: 0 | M30: 0.05 | N30: =J30*K30*M30 -> 0.032 | P30: 0.8 | Q30: 0.8 | R30: 0 | S30: 0.75 | T30: =P30*Q30*S30 -> 0.48 | V30: 14.65 | W30: 0.2 | X30: 0.55 | Y30: =V30*W30*X30 -> 1.6115 | AA30: 14.65 | AB30: 0.2 | AC30: 0.05 | AD30: =AA30*AB30*AC30 -> 0.1465 | AF30: 14.65 | AG30: 0.5 | AH30: =AF30*AG30*2 -> 14.65 | AJ30: 14.65 | AK30: 0.2 | AL30: 0.5 | AM30: =AJ30*AK30*AL30 -> 1.465 | AO30: 14.65 | AP30: 0.2 | AQ30: 0.2 | AR30: 0.5 | AS30: =AO30*(AP30+AR30+AQ30) -> 13.185 | AU30: 14.65 | AV30: 0.2 | AW30: 0.6 | AX30: =AU30*AV30*AW30 -> 1.758 | AZ30: 14.65 | BA30: 0.2 | BB30: 0.6 | BC30: =(BB30+BB30+BA30)*AZ30 -> 20.51 | BE30: P28 | BF30: 15x50 | BG30: 0.15 | BH30: 0.5 | BI30: 4.58 | BJ30: =BG30*BH30*BI30 -> 0.3435 | BL30: P28 | BM30: 15x50 | BN30: 0.15 | BO30: 0.5 | BP30: 4.58 | BQ30: =((BN30*2)+(BO30*2))*BP30 -> 5.954 | BS30: SALA 3 | BT30: 43.26 | BU30: 26.42 | BV30: 3.1 | BW30: =BU30*BV30 -> 81.902 | BY30: REFEITÓRIO | BZ30: 113.632
A31: 1 | B31: C20 | D31: 0.5 | E31: 0.5 | F31: 0 | G31: 0.55 | H31: =D31*E31*G31 -> 0.1375 | J31: 0.5 | K31: 0.5 | L31: 0 | M31: 0.05 | N31: =J31*K31*M31 -> 0.0125 | P31: 0.5 | Q31: 0.5 | R31: 0 | S31: 0.5 | T31: =P31*Q31*S31 -> 0.125 | V31: 14.65 | W31: 0.2 | X31: 0.55 | Y31: =V31*W31*X31 -> 1.6115 | AA31: 14.65 | AB31: 0.2 | AC31: 0.05 | AD31: =AA31*AB31*AC31 -> 0.1465 | AF31: 14.65 | AG31: 0.5 | AH31: =AF31*AG31*2 -> 14.65 | AJ31: 14.65 | AK31: 0.2 | AL31: 0.5 | AM31: =AJ31*AK31*AL31 -> 1.465 | AO31: 14.65 | AP31: 0.2 | AQ31: 0.2 | AR31: 0.5 | AS31: =AO31*(AP31+AR31+AQ31) -> 13.185 | AU31: 14.65 | AV31: 0.2 | AW31: 0.4 | AX31: =AU31*AV31*AW31 -> 1.172 | AZ31: 14.65 | BA31: 0.2 | BB31: 0.4 | BC31: =(BB31+BB31+BA31)*AZ31 -> 14.65 | BE31: P29 | BF31: 15x30 | BG31: 0.15 | BH31: 0.3 | BI31: 3.35 | BJ31: =BG31*BH31*BI31 -> 0.15075 | BL31: P29 | BM31: 15x30 | BN31: 0.15 | BO31: 0.3 | BP31: 3.35 | BQ31: =((BN31*2)+(BO31*2))*BP31 -> 3.015 | BS31: SALA 4 | BT31: 43.14 | BU31: 26.38 | BV31: 3.1 | BW31: =BU31*BV31 -> 81.778 | BY31: COZINHA | BZ31: 33.5
A32: 1 | B32: C40 | D32: 0.7 | E32: 0.7 | F32: 0 | G32: 0.7 | H32: =D32*E32*G32 -> 0.343 | J32: 0.7 | K32: 0.7 | L32: 0 | M32: 0.05 | N32: =J32*K32*M32 -> 0.0245 | P32: 0.7 | Q32: 0.7 | R32: 0 | S32: 0.65 | T32: =P32*Q32*S32 -> 0.3185 | V32: 14.65 | W32: 0.2 | X32: 0.55 | Y32: =V32*W32*X32 -> 1.6115 | AA32: 14.65 | AB32: 0.2 | AC32: 0.05 | AD32: =AA32*AB32*AC32 -> 0.1465 | AF32: 14.65 | AG32: 0.5 | AH32: =AF32*AG32*2 -> 14.65 | AJ32: 14.65 | AK32: 0.2 | AL32: 0.5 | AM32: =AJ32*AK32*AL32 -> 1.465 | AO32: 14.65 | AP32: 0.2 | AQ32: 0.2 | AR32: 0.5 | AS32: =AO32*(AP32+AR32+AQ32) -> 13.185 | AU32: 14.65 | AV32: 0.2 | AW32: 0.4 | AX32: =AU32*AV32*AW32 -> 1.172 | AZ32: 14.65 | BA32: 0.2 | BB32: 0.4 | BC32: =(BB32+BB32+BA32)*AZ32 -> 14.65 | BE32: P30 | BF32: 15x30 | BG32: 0.15 | BH32: 0.3 | BI32: 3.35 | BJ32: =BG32*BH32*BI32 -> 0.15075 | BL32: P30 | BM32: 15x30 | BN32: 0.15 | BO32: 0.3 | BP32: 3.35 | BQ32: =((BN32*2)+(BO32*2))*BP32 -> 3.015 | BS32: SALA 5 | BT32: 43.14 | BU32: 26.38 | BV32: 3.1 | BW32: =BU32*BV32 -> 81.778 | BY32: ÁREA DE SERVIÇO | BZ32: 8.1161
A33: 1 | B33: C40 | D33: 0.7 | E33: 0.7 | F33: 0 | G33: 0.7 | H33: =D33*E33*G33 -> 0.343 | J33: 0.7 | K33: 0.7 | L33: 0 | M33: 0.05 | N33: =J33*K33*M33 -> 0.0245 | P33: 0.7 | Q33: 0.7 | R33: 0 | S33: 0.65 | T33: =P33*Q33*S33 -> 0.3185 | V33: 4.8 | W33: 0.2 | X33: 0.55 | Y33: =V33*W33*X33 -> 0.528 | AA33: 4.8 | AB33: 0.2 | AC33: 0.05 | AD33: =AA33*AB33*AC33 -> 0.048 | AF33: 4.8 | AG33: 0.5 | AH33: =AF33*AG33*2 -> 4.8 | AJ33: 4.8 | AK33: 0.2 | AL33: 0.5 | AM33: =AJ33*AK33*AL33 -> 0.48 | AO33: 4.8 | AP33: 0.2 | AQ33: 0.2 | AR33: 0.5 | AS33: =AO33*(AP33+AR33+AQ33) -> 4.32 | AU33: 4.8 | AV33: 0.2 | AW33: 0.4 | AX33: =AU33*AV33*AW33 -> 0.384 | AZ33: 4.8 | BA33: 0.2 | BB33: 0.4 | BC33: =(BB33+BB33+BA33)*AZ33 -> 4.8 | BE33: P31 | BF33: 15x30 | BG33: 0.15 | BH33: 0.3 | BI33: 3.35 | BJ33: =BG33*BH33*BI33 -> 0.15075 | BL33: P31 | BM33: 15x30 | BN33: 0.15 | BO33: 0.3 | BP33: 3.35 | BQ33: =((BN33*2)+(BO33*2))*BP33 -> 3.015 | BS33: SALA 6 | BT33: 43.26 | BU33: 26.42 | BV33: 3.1 | BW33: =BU33*BV33 -> 81.902 | BY33: ESTOQUE | BZ33: 10.34
A34: 1 | B34: C40 | D34: 0.7 | E34: 0.7 | F34: 0 | G34: 0.7 | H34: =D34*E34*G34 -> 0.343 | J34: 0.7 | K34: 0.7 | L34: 0 | M34: 0.05 | N34: =J34*K34*M34 -> 0.0245 | P34: 0.7 | Q34: 0.7 | R34: 0 | S34: 0.65 | T34: =P34*Q34*S34 -> 0.3185 | V34: 4.8 | W34: 0.2 | X34: 0.55 | Y34: =V34*W34*X34 -> 0.528 | AA34: 4.8 | AB34: 0.2 | AC34: 0.05 | AD34: =AA34*AB34*AC34 -> 0.048 | AF34: 4.8 | AG34: 0.5 | AH34: =AF34*AG34*2 -> 4.8 | AJ34: 4.8 | AK34: 0.2 | AL34: 0.5 | AM34: =AJ34*AK34*AL34 -> 0.48 | AO34: 4.8 | AP34: 0.2 | AQ34: 0.2 | AR34: 0.5 | AS34: =AO34*(AP34+AR34+AQ34) -> 4.32 | AU34: 4.8 | AV34: 0.2 | AW34: 0.4 | AX34: =AU34*AV34*AW34 -> 0.384 | AZ34: 4.8 | BA34: 0.2 | BB34: 0.4 | BC34: =(BB34+BB34+BA34)*AZ34 -> 4.8 | BE34: P32 | BF34: 15x30 | BG34: 0.15 | BH34: 0.3 | BI34: 4.58 | BJ34: =BG34*BH34*BI34 -> 0.2061 | BL34: P32 | BM34: 15x30 | BN34: 0.15 | BO34: 0.3 | BP34: 4.58 | BQ34: =((BN34*2)+(BO34*2))*BP34 -> 4.122 | BS34: SALA 7 | BT34: 42.84 | BU34: 26.28 | BV34: 3.1 | BW34: =BU34*BV34 -> 81.468 | BY34: ACESSO ESTOQUE | BZ34: 10.34
A35: 1 | B35: C20 | D35: 0.5 | E35: 0.5 | F35: 0 | G35: 0.55 | H35: =D35*E35*G35 -> 0.1375 | J35: 0.5 | K35: 0.5 | L35: 0 | M35: 0.05 | N35: =J35*K35*M35 -> 0.0125 | P35: 0.5 | Q35: 0.5 | R35: 0 | S35: 0.5 | T35: =P35*Q35*S35 -> 0.125 | V35: 4.8 | W35: 0.2 | X35: 0.55 | Y35: =V35*W35*X35 -> 0.528 | AA35: 4.8 | AB35: 0.2 | AC35: 0.05 | AD35: =AA35*AB35*AC35 -> 0.048 | AF35: 4.8 | AG35: 0.5 | AH35: =AF35*AG35*2 -> 4.8 | AJ35: 4.8 | AK35: 0.2 | AL35: 0.5 | AM35: =AJ35*AK35*AL35 -> 0.48 | AO35: 4.8 | AP35: 0.2 | AQ35: 0.2 | AR35: 0.5 | AS35: =AO35*(AP35+AR35+AQ35) -> 4.32 | AU35: 4.8 | AV35: 0.2 | AW35: 0.4 | AX35: =AU35*AV35*AW35 -> 0.384 | AZ35: 4.8 | BA35: 0.2 | BB35: 0.4 | BC35: =(BB35+BB35+BA35)*AZ35 -> 4.8 | BE35: P33 | BF35: 15x30 | BG35: 0.15 | BH35: 0.3 | BI35: 3.35 | BJ35: =BG35*BH35*BI35 -> 0.15075 | BL35: P33 | BM35: 15x30 | BN35: 0.15 | BO35: 0.3 | BP35: 3.35 | BQ35: =((BN35*2)+(BO35*2))*BP35 -> 3.015 | BS35: CORREDOR DAS SALAS | BT35: =61.68-BT5 -> 44.28 | BU35: =22.15*2 -> 44.3 | BV35: 3.1 | BW35: =BU35*BV35 -> 137.33 | BY35: TOTAL: | BZ35: =SUM(BZ30:BZ34) -> 175.9281 | CA35: =SUM(CA30:CA34) -> 0
A36: 1 | B36: C50 | D36: 0.8 | E36: 0.8 | F36: 0 | G36: 0.8 | H36: =D36*E36*G36 -> 0.512 | J36: 0.8 | K36: 0.8 | L36: 0 | M36: 0.05 | N36: =J36*K36*M36 -> 0.032 | P36: 0.8 | Q36: 0.8 | R36: 0 | S36: 0.75 | T36: =P36*Q36*S36 -> 0.48 | V36: 4.8 | W36: 0.2 | X36: 0.55 | Y36: =V36*W36*X36 -> 0.528 | AA36: 4.8 | AB36: 0.2 | AC36: 0.05 | AD36: =AA36*AB36*AC36 -> 0.048 | AF36: 4.8 | AG36: 0.5 | AH36: =AF36*AG36*2 -> 4.8 | AJ36: 4.8 | AK36: 0.2 | AL36: 0.5 | AM36: =AJ36*AK36*AL36 -> 0.48 | AO36: 4.8 | AP36: 0.2 | AQ36: 0.2 | AR36: 0.5 | AS36: =AO36*(AP36+AR36+AQ36) -> 4.32 | AU36: 4.8 | AV36: 0.2 | AW36: 0.4 | AX36: =AU36*AV36*AW36 -> 0.384 | AZ36: 4.8 | BA36: 0.2 | BB36: 0.4 | BC36: =(BB36+BB36+BA36)*AZ36 -> 4.8 | BE36: P34 | BF36: 15x50 | BG36: 0.15 | BH36: 0.5 | BI36: 4.58 | BJ36: =BG36*BH36*BI36 -> 0.3435 | BL36: P34 | BM36: 15x50 | BN36: 0.15 | BO36: 0.5 | BP36: 4.58 | BQ36: =((BN36*2)+(BO36*2))*BP36 -> 5.954 | BS36: TOTAL: | BT36: =SUM(BT29:BT35) -> 302.76 | BU36: TOTAL: | BW36: =SUM(BW29:BW35) -> 627.626
A37: 1 | B37: C40 | D37: 0.7 | E37: 0.7 | F37: 0 | G37: 0.7 | H37: =D37*E37*G37 -> 0.343 | J37: 0.7 | K37: 0.7 | L37: 0 | M37: 0.05 | N37: =J37*K37*M37 -> 0.0245 | P37: 0.7 | Q37: 0.7 | R37: 0 | S37: 0.65 | T37: =P37*Q37*S37 -> 0.3185 | V37: Total: | Y37: =SUM(Y3:Y36) -> 37.3164 | AA37: Total: | AD37: =SUM(AD3:AD36) -> 3.3924 | AF37: Total: | AH37: =SUM(AH3:AH36) -> 339.24 | AJ37: Total: | AM37: =SUM(AM3:AM36) -> 33.924 | AO37: Total: | AS37: =SUM(AS3:AS36) -> 305.316 | AU37: Total: | AX37: =SUM(AX3:AX36) -> 33.821 | AZ37: Total: | BC37: =SUM(BC3:BC36) -> 406.058 | BE37: P35 | BF37: 15x30 | BG37: 0.15 | BH37: 0.3 | BI37: 3.35 | BJ37: =BG37*BH37*BI37 -> 0.15075 | BL37: P35 | BM37: 15x30 | BN37: 0.15 | BO37: 0.3 | BP37: 3.35 | BQ37: =((BN37*2)+(BO37*2))*BP37 -> 3.015
A38: 1 | B38: C40 | D38: 0.7 | E38: 0.7 | F38: 0 | G38: 0.7 | H38: =D38*E38*G38 -> 0.343 | J38: 0.7 | K38: 0.7 | L38: 0 | M38: 0.05 | N38: =J38*K38*M38 -> 0.0245 | P38: 0.7 | Q38: 0.7 | R38: 0 | S38: 0.65 | T38: =P38*Q38*S38 -> 0.3185 | BE38: P36 | BF38: 15x30 | BG38: 0.15 | BH38: 0.3 | BI38: 3.35 | BJ38: =BG38*BH38*BI38 -> 0.15075 | BL38: P36 | BM38: 15x30 | BN38: 0.15 | BO38: 0.3 | BP38: 3.35 | BQ38: =((BN38*2)+(BO38*2))*BP38 -> 3.015
A39: 1 | B39: C20 | D39: 0.5 | E39: 0.5 | F39: 0 | G39: 0.55 | H39: =D39*E39*G39 -> 0.1375 | J39: 0.5 | K39: 0.5 | L39: 0 | M39: 0.05 | N39: =J39*K39*M39 -> 0.0125 | P39: 0.5 | Q39: 0.5 | R39: 0 | S39: 0.5 | T39: =P39*Q39*S39 -> 0.125 | BE39: P37 | BF39: 15x30 | BG39: 0.15 | BH39: 0.3 | BI39: 3.35 | BJ39: =BG39*BH39*BI39 -> 0.15075 | BL39: P37 | BM39: 15x30 | BN39: 0.15 | BO39: 0.3 | BP39: 3.35 | BQ39: =((BN39*2)+(BO39*2))*BP39 -> 3.015 | BS39: REVESTIMENTO EXTERNO (CHAPISCO + EMBOÇO + REBOCO) | BY39: FORRO DE GESSO
A40: 1 | B40: C40 | D40: 0.7 | E40: 0.7 | F40: 0 | G40: 0.7 | H40: =D40*E40*G40 -> 0.343 | J40: 0.7 | K40: 0.7 | L40: 0 | M40: 0.05 | N40: =J40*K40*M40 -> 0.0245 | P40: 0.7 | Q40: 0.7 | R40: 0 | S40: 0.65 | T40: =P40*Q40*S40 -> 0.3185 | BE40: P38 | BF40: 15x30 | BG40: 0.15 | BH40: 0.3 | BI40: 3.35 | BJ40: =BG40*BH40*BI40 -> 0.15075 | BL40: P38 | BM40: 15x30 | BN40: 0.15 | BO40: 0.3 | BP40: 3.35 | BQ40: =((BN40*2)+(BO40*2))*BP40 -> 3.015 | BS40: EXTERNO NOVO | BU40: 123.9 | BV40: 4.58 | BW40: =BU40*BV40 -> 567.462 | BY40: PÁTIO COBERTO | BZ40: 103.4
A41: 1 | B41: C20 | D41: 0.5 | E41: 0.5 | F41: 0 | G41: 0.55 | H41: =D41*E41*G41 -> 0.1375 | J41: 0.5 | K41: 0.5 | L41: 0 | M41: 0.05 | N41: =J41*K41*M41 -> 0.0125 | P41: 0.5 | Q41: 0.5 | R41: 0 | S41: 0.5 | T41: =P41*Q41*S41 -> 0.125 | BE41: P39 | BF41: 15x30 | BG41: 0.15 | BH41: 0.3 | BI41: 4.58 | BJ41: =BG41*BH41*BI41 -> 0.2061 | BL41: P39 | BM41: 15x30 | BN41: 0.15 | BO41: 0.3 | BP41: 4.58 | BQ41: =((BN41*2)+(BO41*2))*BP41 -> 4.122 | BS41: EXTERNO NOVO | BU41: =81.05-49.8 -> 31.25 | BV41: 5.15 | BW41: =BU41*BV41 -> 160.9375 | BY41: TOTAL: | BZ41: =SUM(BZ36:BZ40) -> 103.4
A42: 1 | B42: C40 | D42: 0.7 | E42: 0.7 | F42: 0 | G42: 0.7 | H42: =D42*E42*G42 -> 0.343 | J42: 0.7 | K42: 0.7 | L42: 0 | M42: 0.05 | N42: =J42*K42*M42 -> 0.0245 | P42: 0.7 | Q42: 0.7 | R42: 0 | S42: 0.65 | T42: =P42*Q42*S42 -> 0.3185 | BE42: P40 | BF42: 15x30 | BG42: 0.15 | BH42: 0.3 | BI42: 3.35 | BJ42: =BG42*BH42*BI42 -> 0.15075 | BL42: P40 | BM42: 15x30 | BN42: 0.15 | BO42: 0.3 | BP42: 3.35 | BQ42: =((BN42*2)+(BO42*2))*BP42 -> 3.015 | BS42: EXTERNO EXISTENTE | BU42: =24.9*2 -> 49.8 | BV42: 5.15 | BW42: =BU42*BV42 -> 256.47
A43: 1 | B43: C50 | D43: 0.8 | E43: 0.8 | F43: 0 | G43: 0.8 | H43: =D43*E43*G43 -> 0.512 | J43: 0.8 | K43: 0.8 | L43: 0 | M43: 0.05 | N43: =J43*K43*M43 -> 0.032 | P43: 0.8 | Q43: 0.8 | R43: 0 | S43: 0.75 | T43: =P43*Q43*S43 -> 0.48 | BE43: P41 | BF43: 15x50 | BG43: 0.15 | BH43: 0.5 | BI43: 3.35 | BJ43: =BG43*BH43*BI43 -> 0.25125 | BL43: P41 | BM43: 15x50 | BN43: 0.15 | BO43: 0.5 | BP43: 3.35 | BQ43: =((BN43*2)+(BO43*2))*BP43 -> 4.355 | BS43: TOTAL: | BW43: =SUM(BW40:BW42) -> 984.8695
A44: 1 | B44: C40 | D44: 0.7 | E44: 0.7 | F44: 0 | G44: 0.7 | H44: =D44*E44*G44 -> 0.343 | J44: 0.7 | K44: 0.7 | L44: 0 | M44: 0.05 | N44: =J44*K44*M44 -> 0.0245 | P44: 0.7 | Q44: 0.7 | R44: 0 | S44: 0.65 | T44: =P44*Q44*S44 -> 0.3185 | BE44: P42 | BF44: 15x30 | BG44: 0.15 | BH44: 0.3 | BI44: 3.35 | BJ44: =BG44*BH44*BI44 -> 0.15075 | BL44: P42 | BM44: 15x30 | BN44: 0.15 | BO44: 0.3 | BP44: 3.35 | BQ44: =((BN44*2)+(BO44*2))*BP44 -> 3.015
A45: 1 | B45: C50 | D45: 0.8 | E45: 0.8 | F45: 0 | G45: 0.8 | H45: =D45*E45*G45 -> 0.512 | J45: 0.8 | K45: 0.8 | L45: 0 | M45: 0.05 | N45: =J45*K45*M45 -> 0.032 | P45: 0.8 | Q45: 0.8 | R45: 0 | S45: 0.75 | T45: =P45*Q45*S45 -> 0.48 | BE45: P43 | BF45: 15x50 | BG45: 0.15 | BH45: 0.5 | BI45: 4.58 | BJ45: =BG45*BH45*BI45 -> 0.3435 | BL45: P43 | BM45: 15x50 | BN45: 0.15 | BO45: 0.5 | BP45: 4.58 | BQ45: =((BN45*2)+(BO45*2))*BP45 -> 5.954
A46: 1 | B46: C40 | D46: 0.7 | E46: 0.7 | F46: 0 | G46: 0.7 | H46: =D46*E46*G46 -> 0.343 | J46: 0.7 | K46: 0.7 | L46: 0 | M46: 0.05 | N46: =J46*K46*M46 -> 0.0245 | P46: 0.7 | Q46: 0.7 | R46: 0 | S46: 0.65 | T46: =P46*Q46*S46 -> 0.3185 | BE46: P44 | BF46: 15x30 | BG46: 0.15 | BH46: 0.3 | BI46: 4.58 | BJ46: =BG46*BH46*BI46 -> 0.2061 | BL46: P44 | BM46: 15x30 | BN46: 0.15 | BO46: 0.3 | BP46: 4.58 | BQ46: =((BN46*2)+(BO46*2))*BP46 -> 4.122
A47: 1 | B47: C40 | D47: 0.7 | E47: 0.7 | F47: 0 | G47: 0.7 | H47: =D47*E47*G47 -> 0.343 | J47: 0.7 | K47: 0.7 | L47: 0 | M47: 0.05 | N47: =J47*K47*M47 -> 0.0245 | P47: 0.7 | Q47: 0.7 | R47: 0 | S47: 0.65 | T47: =P47*Q47*S47 -> 0.3185 | BE47: P45 | BF47: 15x30 | BG47: 0.15 | BH47: 0.3 | BI47: 4.58 | BJ47: =BG47*BH47*BI47 -> 0.2061 | BL47: P45 | BM47: 15x30 | BN47: 0.15 | BO47: 0.3 | BP47: 4.58 | BQ47: =((BN47*2)+(BO47*2))*BP47 -> 4.122 | BS47: REMOÇÃO PINTURA
A48: 1 | B48: C50 | D48: 0.8 | E48: 0.8 | F48: 0 | G48: 0.8 | H48: =D48*E48*G48 -> 0.512 | J48: 0.8 | K48: 0.8 | L48: 0 | M48: 0.05 | N48: =J48*K48*M48 -> 0.032 | P48: 0.8 | Q48: 0.8 | R48: 0 | S48: 0.75 | T48: =P48*Q48*S48 -> 0.48 | BE48: P46 | BF48: 15x50 | BG48: 0.15 | BH48: 0.5 | BI48: 4.58 | BJ48: =BG48*BH48*BI48 -> 0.3435 | BL48: P46 | BM48: 15x50 | BN48: 0.15 | BO48: 0.5 | BP48: 4.58 | BQ48: =((BN48*2)+(BO48*2))*BP48 -> 5.954 | BS48: Local | BT48: Teto AREA (M2) | BU48: PERIMETRO | BV48: PÉ DIREITO | BW48: PAREDES AREA TOTAL (M2)
A49: 1 | B49: C40 | D49: 0.7 | E49: 0.7 | F49: 0 | G49: 0.7 | H49: =D49*E49*G49 -> 0.343 | J49: 0.7 | K49: 0.7 | L49: 0 | M49: 0.05 | N49: =J49*K49*M49 -> 0.0245 | P49: 0.7 | Q49: 0.7 | R49: 0 | S49: 0.65 | T49: =P49*Q49*S49 -> 0.3185 | BE49: P47 | BF49: 15x30 | BG49: 0.15 | BH49: 0.3 | BI49: 4.58 | BJ49: =BG49*BH49*BI49 -> 0.2061 | BL49: P47 | BM49: 15x30 | BN49: 0.15 | BO49: 0.3 | BP49: 4.58 | BQ49: =((BN49*2)+(BO49*2))*BP49 -> 4.122 | BS49: SALA 2 | BT49: 42.84 | BU49: 26.28 | BV49: 3.1 | BW49: =BU49*BV49 -> 81.468
A50: 1 | B50: C50 | D50: 0.8 | E50: 0.8 | F50: 0 | G50: 0.8 | H50: =D50*E50*G50 -> 0.512 | J50: 0.8 | K50: 0.8 | L50: 0 | M50: 0.05 | N50: =J50*K50*M50 -> 0.032 | P50: 0.8 | Q50: 0.8 | R50: 0 | S50: 0.75 | T50: =P50*Q50*S50 -> 0.48 | BE50: P48 | BF50: 15x50 | BG50: 0.15 | BH50: 0.5 | BI50: 4.58 | BJ50: =BG50*BH50*BI50 -> 0.3435 | BL50: P48 | BM50: 15x50 | BN50: 0.15 | BO50: 0.5 | BP50: 4.58 | BQ50: =((BN50*2)+(BO50*2))*BP50 -> 5.954 | BS50: SALA 3 | BT50: 43.26 | BU50: 26.42 | BV50: 3.1 | BW50: =BU50*BV50 -> 81.902
A51: 1 | B51: C50 | D51: 0.8 | E51: 0.8 | F51: 0 | G51: 0.8 | H51: =D51*E51*G51 -> 0.512 | J51: 0.8 | K51: 0.8 | L51: 0 | M51: 0.05 | N51: =J51*K51*M51 -> 0.032 | P51: 0.8 | Q51: 0.8 | R51: 0 | S51: 0.75 | T51: =P51*Q51*S51 -> 0.48 | BE51: P49 | BF51: 15x50 | BG51: 0.15 | BH51: 0.5 | BI51: 4.58 | BJ51: =BG51*BH51*BI51 -> 0.3435 | BL51: P49 | BM51: 15x50 | BN51: 0.15 | BO51: 0.5 | BP51: 4.58 | BQ51: =((BN51*2)+(BO51*2))*BP51 -> 5.954 | BS51: SALA 4 | BT51: 43.14 | BU51: 26.38 | BV51: 3.1 | BW51: =BU51*BV51 -> 81.778
A52: 1 | B52: C20 | D52: 0.5 | E52: 0.5 | F52: 0 | G52: 0.55 | H52: =D52*E52*G52 -> 0.1375 | J52: 0.5 | K52: 0.5 | L52: 0 | M52: 0.05 | N52: =J52*K52*M52 -> 0.0125 | P52: 0.5 | Q52: 0.5 | R52: 0 | S52: 0.5 | T52: =P52*Q52*S52 -> 0.125 | BE52: P50 | BF52: 15x30 | BG52: 0.15 | BH52: 0.3 | BI52: 3.35 | BJ52: =BG52*BH52*BI52 -> 0.15075 | BL52: P50 | BM52: 15x30 | BN52: 0.15 | BO52: 0.3 | BP52: 3.35 | BQ52: =((BN52*2)+(BO52*2))*BP52 -> 3.015 | BS52: SALA 5 | BT52: 43.14 | BU52: 26.38 | BV52: 3.1 | BW52: =BU52*BV52 -> 81.778
A53: 1 | B53: C40 | D53: 0.7 | E53: 0.7 | F53: 0 | G53: 0.7 | H53: =D53*E53*G53 -> 0.343 | J53: 0.7 | K53: 0.7 | L53: 0 | M53: 0.05 | N53: =J53*K53*M53 -> 0.0245 | P53: 0.7 | Q53: 0.7 | R53: 0 | S53: 0.65 | T53: =P53*Q53*S53 -> 0.3185 | BE53: P51 | BF53: 15x30 | BG53: 0.15 | BH53: 0.3 | BI53: 3.35 | BJ53: =BG53*BH53*BI53 -> 0.15075 | BL53: P51 | BM53: 15x30 | BN53: 0.15 | BO53: 0.3 | BP53: 3.35 | BQ53: =((BN53*2)+(BO53*2))*BP53 -> 3.015 | BS53: SALA 6 | BT53: 43.26 | BU53: 26.42 | BV53: 3.1 | BW53: =BU53*BV53 -> 81.902
A54: 1 | B54: C40 | D54: 0.7 | E54: 0.7 | F54: 0 | G54: 0.7 | H54: =D54*E54*G54 -> 0.343 | J54: 0.7 | K54: 0.7 | L54: 0 | M54: 0.05 | N54: =J54*K54*M54 -> 0.0245 | P54: 0.7 | Q54: 0.7 | R54: 0 | S54: 0.65 | T54: =P54*Q54*S54 -> 0.3185 | BE54: P52 | BF54: 15x30 | BG54: 0.15 | BH54: 0.3 | BI54: 3.35 | BJ54: =BG54*BH54*BI54 -> 0.15075 | BL54: P52 | BM54: 15x30 | BN54: 0.15 | BO54: 0.3 | BP54: 3.35 | BQ54: =((BN54*2)+(BO54*2))*BP54 -> 3.015 | BS54: SALA 7 | BT54: 42.84 | BU54: 26.28 | BV54: 3.1 | BW54: =BU54*BV54 -> 81.468
A55: 1 | B55: C50 | D55: 0.8 | E55: 0.8 | F55: 0 | G55: 0.8 | H55: =D55*E55*G55 -> 0.512 | J55: 0.8 | K55: 0.8 | L55: 0 | M55: 0.05 | N55: =J55*K55*M55 -> 0.032 | P55: 0.8 | Q55: 0.8 | R55: 0 | S55: 0.75 | T55: =P55*Q55*S55 -> 0.48 | BE55: P53 | BF55: 15x50 | BG55: 0.15 | BH55: 0.5 | BI55: 5.15 | BJ55: =BG55*BH55*BI55 -> 0.38625 | BL55: P53 | BM55: 15x50 | BN55: 0.15 | BO55: 0.5 | BP55: 5.15 | BQ55: =((BN55*2)+(BO55*2))*BP55 -> 6.695 | BS55: PERIMETRO EXTERNO | BU55: =BU42 -> 49.8 | BV55: 5.15 | BW55: =BU55*BV55 -> 256.47
A56: 1 | B56: C20 | D56: 0.5 | E56: 0.5 | F56: 0 | G56: 0.55 | H56: =D56*E56*G56 -> 0.1375 | J56: 0.5 | K56: 0.5 | L56: 0 | M56: 0.05 | N56: =J56*K56*M56 -> 0.0125 | P56: 0.5 | Q56: 0.5 | R56: 0 | S56: 0.5 | T56: =P56*Q56*S56 -> 0.125 | BE56: P54 | BF56: 15x30 | BG56: 0.15 | BH56: 0.3 | BI56: 5.15 | BJ56: =BG56*BH56*BI56 -> 0.23175 | BL56: P54 | BM56: 15x30 | BN56: 0.15 | BO56: 0.3 | BP56: 5.15 | BQ56: =((BN56*2)+(BO56*2))*BP56 -> 4.635 | BS56: TOTAL: | BT56: =SUM(BT49:BT55) -> 258.48 | BU56: TOTAL: | BW56: =SUM(BW49:BW55) -> 746.766
A57: 1 | B57: C50 | D57: 0.8 | E57: 0.8 | F57: 0 | G57: 0.8 | H57: =D57*E57*G57 -> 0.512 | J57: 0.8 | K57: 0.8 | L57: 0 | M57: 0.05 | N57: =J57*K57*M57 -> 0.032 | P57: 0.8 | Q57: 0.8 | R57: 0 | S57: 0.75 | T57: =P57*Q57*S57 -> 0.48 | BE57: P55 | BF57: 15x50 | BG57: 0.15 | BH57: 0.5 | BI57: 5.15 | BJ57: =BG57*BH57*BI57 -> 0.38625 | BL57: P55 | BM57: 15x50 | BN57: 0.15 | BO57: 0.5 | BP57: 5.15 | BQ57: =((BN57*2)+(BO57*2))*BP57 -> 6.695
A58: 1 | B58: C50 | D58: 0.8 | E58: 0.8 | F58: 0 | G58: 0.8 | H58: =D58*E58*G58 -> 0.512 | J58: 0.8 | K58: 0.8 | L58: 0 | M58: 0.05 | N58: =J58*K58*M58 -> 0.032 | P58: 0.8 | Q58: 0.8 | R58: 0 | S58: 0.75 | T58: =P58*Q58*S58 -> 0.48 | BE58: P56 | BF58: 15x50 | BG58: 0.15 | BH58: 0.5 | BI58: 4.58 | BJ58: =BG58*BH58*BI58 -> 0.3435 | BL58: P56 | BM58: 15x50 | BN58: 0.15 | BO58: 0.5 | BP58: 4.58 | BQ58: =((BN58*2)+(BO58*2))*BP58 -> 5.954
A59: 1 | B59: C40 | D59: 0.7 | E59: 0.7 | F59: 0 | G59: 0.7 | H59: =D59*E59*G59 -> 0.343 | J59: 0.7 | K59: 0.7 | L59: 0 | M59: 0.05 | N59: =J59*K59*M59 -> 0.0245 | P59: 0.7 | Q59: 0.7 | R59: 0 | S59: 0.65 | T59: =P59*Q59*S59 -> 0.3185 | BE59: P57 | BF59: 15x30 | BG59: 0.15 | BH59: 0.3 | BI59: 4.58 | BJ59: =BG59*BH59*BI59 -> 0.2061 | BL59: P57 | BM59: 15x30 | BN59: 0.15 | BO59: 0.3 | BP59: 4.58 | BQ59: =((BN59*2)+(BO59*2))*BP59 -> 4.122
A60: 1 | B60: C50 | D60: 0.8 | E60: 0.8 | F60: 0 | G60: 0.8 | H60: =D60*E60*G60 -> 0.512 | J60: 0.8 | K60: 0.8 | L60: 0 | M60: 0.05 | N60: =J60*K60*M60 -> 0.032 | P60: 0.8 | Q60: 0.8 | R60: 0 | S60: 0.75 | T60: =P60*Q60*S60 -> 0.48 | BE60: P58 | BF60: 15x50 | BG60: 0.15 | BH60: 0.5 | BI60: 4.58 | BJ60: =BG60*BH60*BI60 -> 0.3435 | BL60: P58 | BM60: 15x50 | BN60: 0.15 | BO60: 0.5 | BP60: 4.58 | BQ60: =((BN60*2)+(BO60*2))*BP60 -> 5.954
A61: 1 | B61: C40 | D61: 0.7 | E61: 0.7 | F61: 0 | G61: 0.7 | H61: =D61*E61*G61 -> 0.343 | J61: 0.7 | K61: 0.7 | L61: 0 | M61: 0.05 | N61: =J61*K61*M61 -> 0.0245 | P61: 0.7 | Q61: 0.7 | R61: 0 | S61: 0.65 | T61: =P61*Q61*S61 -> 0.3185 | BE61: P59 | BF61: 15x30 | BG61: 0.15 | BH61: 0.3 | BI61: 4.58 | BJ61: =BG61*BH61*BI61 -> 0.2061 | BL61: P59 | BM61: 15x30 | BN61: 0.15 | BO61: 0.3 | BP61: 4.58 | BQ61: =((BN61*2)+(BO61*2))*BP61 -> 4.122
A62: 1 | B62: C40 | D62: 0.7 | E62: 0.7 | F62: 0 | G62: 0.7 | H62: =D62*E62*G62 -> 0.343 | J62: 0.7 | K62: 0.7 | L62: 0 | M62: 0.05 | N62: =J62*K62*M62 -> 0.0245 | P62: 0.7 | Q62: 0.7 | R62: 0 | S62: 0.65 | T62: =P62*Q62*S62 -> 0.3185 | BE62: P60 | BF62: 15x30 | BG62: 0.15 | BH62: 0.3 | BI62: 3.35 | BJ62: =BG62*BH62*BI62 -> 0.15075 | BL62: P60 | BM62: 15x30 | BN62: 0.15 | BO62: 0.3 | BP62: 3.35 | BQ62: =((BN62*2)+(BO62*2))*BP62 -> 3.015
A63: 1 | B63: C40 | D63: 0.7 | E63: 0.7 | F63: 0 | G63: 0.7 | H63: =D63*E63*G63 -> 0.343 | J63: 0.7 | K63: 0.7 | L63: 0 | M63: 0.05 | N63: =J63*K63*M63 -> 0.0245 | P63: 0.7 | Q63: 0.7 | R63: 0 | S63: 0.65 | T63: =P63*Q63*S63 -> 0.3185 | BE63: P61 | BF63: 15x30 | BG63: 0.15 | BH63: 0.3 | BI63: 5.15 | BJ63: =BG63*BH63*BI63 -> 0.23175 | BL63: P61 | BM63: 15x30 | BN63: 0.15 | BO63: 0.3 | BP63: 5.15 | BQ63: =((BN63*2)+(BO63*2))*BP63 -> 4.635
A64: 1 | B64: C50 | D64: 0.8 | E64: 0.8 | F64: 0 | G64: 0.8 | H64: =D64*E64*G64 -> 0.512 | J64: 0.8 | K64: 0.8 | L64: 0 | M64: 0.05 | N64: =J64*K64*M64 -> 0.032 | P64: 0.8 | Q64: 0.8 | R64: 0 | S64: 0.75 | T64: =P64*Q64*S64 -> 0.48 | BE64: P62 | BF64: 15x50 | BG64: 0.15 | BH64: 0.5 | BI64: 4.58 | BJ64: =BG64*BH64*BI64 -> 0.3435 | BL64: P62 | BM64: 15x50 | BN64: 0.15 | BO64: 0.5 | BP64: 4.58 | BQ64: =((BN64*2)+(BO64*2))*BP64 -> 5.954
A65: 1 | B65: C20 | D65: 0.5 | E65: 0.5 | F65: 0 | G65: 0.55 | H65: =D65*E65*G65 -> 0.1375 | J65: 0.5 | K65: 0.5 | L65: 0 | M65: 0.05 | N65: =J65*K65*M65 -> 0.0125 | P65: 0.5 | Q65: 0.5 | R65: 0 | S65: 0.5 | T65: =P65*Q65*S65 -> 0.125 | BE65: P63 | BF65: 15x30 | BG65: 0.15 | BH65: 0.3 | BI65: 3.35 | BJ65: =BG65*BH65*BI65 -> 0.15075 | BL65: P63 | BM65: 15x30 | BN65: 0.15 | BO65: 0.3 | BP65: 3.35 | BQ65: =((BN65*2)+(BO65*2))*BP65 -> 3.015
A66: 1 | B66: C50 | D66: 0.8 | E66: 0.8 | F66: 0 | G66: 0.8 | H66: =D66*E66*G66 -> 0.512 | J66: 0.8 | K66: 0.8 | L66: 0 | M66: 0.05 | N66: =J66*K66*M66 -> 0.032 | P66: 0.8 | Q66: 0.8 | R66: 0 | S66: 0.75 | T66: =P66*Q66*S66 -> 0.48 | BE66: P64 | BF66: 15x50 | BG66: 0.15 | BH66: 0.5 | BI66: 3.35 | BJ66: =BG66*BH66*BI66 -> 0.25125 | BL66: P64 | BM66: 15x50 | BN66: 0.15 | BO66: 0.5 | BP66: 3.35 | BQ66: =((BN66*2)+(BO66*2))*BP66 -> 4.355 | BS66: PINTURA
A67: 1 | B67: C40 | D67: 0.7 | E67: 0.7 | F67: 0 | G67: 0.7 | H67: =D67*E67*G67 -> 0.343 | J67: 0.7 | K67: 0.7 | L67: 0 | M67: 0.05 | N67: =J67*K67*M67 -> 0.0245 | P67: 0.7 | Q67: 0.7 | R67: 0 | S67: 0.65 | T67: =P67*Q67*S67 -> 0.3185 | BE67: P65 | BF67: 15x30 | BG67: 0.15 | BH67: 0.3 | BI67: 3.35 | BJ67: =BG67*BH67*BI67 -> 0.15075 | BL67: P65 | BM67: 15x30 | BN67: 0.15 | BO67: 0.3 | BP67: 3.35 | BQ67: =((BN67*2)+(BO67*2))*BP67 -> 3.015 | BS67: Local | BT67: Teto AREA (M2) | BU67: PERIMETRO | BV67: PÉ DIREITO | BW67: PAREDES AREA TOTAL (M2)
A68: 1 | B68: C20 | D68: 0.5 | E68: 0.5 | F68: 0 | G68: 0.55 | H68: =D68*E68*G68 -> 0.1375 | J68: 0.5 | K68: 0.5 | L68: 0 | M68: 0.05 | N68: =J68*K68*M68 -> 0.0125 | P68: 0.5 | Q68: 0.5 | R68: 0 | S68: 0.5 | T68: =P68*Q68*S68 -> 0.125 | BE68: P66 | BF68: 15x30 | BG68: 0.15 | BH68: 0.3 | BI68: 3.35 | BJ68: =BG68*BH68*BI68 -> 0.15075 | BL68: P66 | BM68: 15x30 | BN68: 0.15 | BO68: 0.3 | BP68: 3.35 | BQ68: =((BN68*2)+(BO68*2))*BP68 -> 3.015 | BS68: SALA 1 | BT68: 36 | BU68: 24 | BV68: =3.1-BV103 -> 1.7 | BW68: =BU68*BV68 -> 40.8
A69: 1 | B69: C40 | D69: 0.7 | E69: 0.7 | F69: 0 | G69: 0.7 | H69: =D69*E69*G69 -> 0.343 | J69: 0.7 | K69: 0.7 | L69: 0 | M69: 0.05 | N69: =J69*K69*M69 -> 0.0245 | P69: 0.7 | Q69: 0.7 | R69: 0 | S69: 0.65 | T69: =P69*Q69*S69 -> 0.3185 | BE69: P67 | BF69: 15x30 | BG69: 0.15 | BH69: 0.3 | BI69: 3.35 | BJ69: =BG69*BH69*BI69 -> 0.15075 | BL69: P67 | BM69: 15x30 | BN69: 0.15 | BO69: 0.3 | BP69: 3.35 | BQ69: =((BN69*2)+(BO69*2))*BP69 -> 3.015 | BS69: SALA 2 | BT69: 42.84 | BU69: 26.28 | BV69: =3.1-BV104 -> 1.7 | BW69: =BU69*BV69 -> 44.676
A70: 1 | B70: C40 | D70: 0.7 | E70: 0.7 | F70: 0 | G70: 0.7 | H70: =D70*E70*G70 -> 0.343 | J70: 0.7 | K70: 0.7 | L70: 0 | M70: 0.05 | N70: =J70*K70*M70 -> 0.0245 | P70: 0.7 | Q70: 0.7 | R70: 0 | S70: 0.65 | T70: =P70*Q70*S70 -> 0.3185 | BE70: P68 | BF70: 15x30 | BG70: 0.15 | BH70: 0.3 | BI70: 5.15 | BJ70: =BG70*BH70*BI70 -> 0.23175 | BL70: P68 | BM70: 15x30 | BN70: 0.15 | BO70: 0.3 | BP70: 5.15 | BQ70: =((BN70*2)+(BO70*2))*BP70 -> 4.635 | BS70: SALA 3 | BT70: 43.26 | BU70: 26.42 | BV70: =3.1-BV105 -> 1.7 | BW70: =BU70*BV70 -> 44.914
A71: 1 | B71: C40 | D71: 0.7 | E71: 0.7 | F71: 0 | G71: 0.7 | H71: =D71*E71*G71 -> 0.343 | J71: 0.7 | K71: 0.7 | L71: 0 | M71: 0.05 | N71: =J71*K71*M71 -> 0.0245 | P71: 0.7 | Q71: 0.7 | R71: 0 | S71: 0.65 | T71: =P71*Q71*S71 -> 0.3185 | BE71: P69 | BF71: 15x30 | BG71: 0.15 | BH71: 0.3 | BI71: 4.58 | BJ71: =BG71*BH71*BI71 -> 0.2061 | BL71: P69 | BM71: 15x30 | BN71: 0.15 | BO71: 0.3 | BP71: 4.58 | BQ71: =((BN71*2)+(BO71*2))*BP71 -> 4.122 | BS71: SALA 4 | BT71: 43.14 | BU71: 26.38 | BV71: =3.1-BV106 -> 1.7 | BW71: =BU71*BV71 -> 44.846
A72: 1 | B72: C20 | D72: 0.5 | E72: 0.5 | F72: 0 | G72: 0.55 | H72: =D72*E72*G72 -> 0.1375 | J72: 0.5 | K72: 0.5 | L72: 0 | M72: 0.05 | N72: =J72*K72*M72 -> 0.0125 | P72: 0.5 | Q72: 0.5 | R72: 0 | S72: 0.5 | T72: =P72*Q72*S72 -> 0.125 | BE72: P70 | BF72: 15x30 | BG72: 0.15 | BH72: 0.3 | BI72: 3.35 | BJ72: =BG72*BH72*BI72 -> 0.15075 | BL72: P70 | BM72: 15x30 | BN72: 0.15 | BO72: 0.3 | BP72: 3.35 | BQ72: =((BN72*2)+(BO72*2))*BP72 -> 3.015 | BS72: SALA 5 | BT72: 43.14 | BU72: 26.38 | BV72: =3.1-BV107 -> 1.7 | BW72: =BU72*BV72 -> 44.846
A73: 1 | B73: C40 | D73: 0.7 | E73: 0.7 | F73: 0 | G73: 0.7 | H73: =D73*E73*G73 -> 0.343 | J73: 0.7 | K73: 0.7 | L73: 0 | M73: 0.05 | N73: =J73*K73*M73 -> 0.0245 | P73: 0.7 | Q73: 0.7 | R73: 0 | S73: 0.65 | T73: =P73*Q73*S73 -> 0.3185 | BE73: P71 | BF73: 15x30 | BG73: 0.15 | BH73: 0.3 | BI73: 3.35 | BJ73: =BG73*BH73*BI73 -> 0.15075 | BL73: P71 | BM73: 15x30 | BN73: 0.15 | BO73: 0.3 | BP73: 3.35 | BQ73: =((BN73*2)+(BO73*2))*BP73 -> 3.015 | BS73: SALA 6 | BT73: 43.26 | BU73: 26.42 | BV73: =3.1-BV108 -> 1.7 | BW73: =BU73*BV73 -> 44.914
A74: 1 | B74: C50 | D74: 0.8 | E74: 0.8 | F74: 0 | G74: 0.8 | H74: =D74*E74*G74 -> 0.512 | J74: 0.8 | K74: 0.8 | L74: 0 | M74: 0.05 | N74: =J74*K74*M74 -> 0.032 | P74: 0.8 | Q74: 0.8 | R74: 0 | S74: 0.75 | T74: =P74*Q74*S74 -> 0.48 | BE74: P72 | BF74: 15x50 | BG74: 0.15 | BH74: 0.5 | BI74: 3.35 | BJ74: =BG74*BH74*BI74 -> 0.25125 | BL74: P72 | BM74: 15x50 | BN74: 0.15 | BO74: 0.5 | BP74: 3.35 | BQ74: =((BN74*2)+(BO74*2))*BP74 -> 4.355 | BS74: SALA 7 | BT74: 42.84 | BU74: 26.28 | BV74: =3.1-BV109 -> 1.7 | BW74: =BU74*BV74 -> 44.676
A75: 1 | B75: C20 | D75: 0.5 | E75: 0.5 | F75: 0 | G75: 0.55 | H75: =D75*E75*G75 -> 0.1375 | J75: 0.5 | K75: 0.5 | L75: 0 | M75: 0.05 | N75: =J75*K75*M75 -> 0.0125 | P75: 0.5 | Q75: 0.5 | R75: 0 | S75: 0.5 | T75: =P75*Q75*S75 -> 0.125 | BE75: P73 | BF75: 15x30 | BG75: 0.15 | BH75: 0.3 | BI75: 3.35 | BJ75: =BG75*BH75*BI75 -> 0.15075 | BL75: P73 | BM75: 15x30 | BN75: 0.15 | BO75: 0.3 | BP75: 3.35 | BQ75: =((BN75*2)+(BO75*2))*BP75 -> 3.015 | BS75: SALA 8 | BT75: 36 | BU75: 24 | BV75: =3.1-BV110 -> 1.7 | BW75: =BU75*BV75 -> 40.8
A76: 1 | B76: C50 | D76: 0.8 | E76: 0.8 | F76: 0 | G76: 0.8 | H76: =D76*E76*G76 -> 0.512 | J76: 0.8 | K76: 0.8 | L76: 0 | M76: 0.05 | N76: =J76*K76*M76 -> 0.032 | P76: 0.8 | Q76: 0.8 | R76: 0 | S76: 0.75 | T76: =P76*Q76*S76 -> 0.48 | BE76: P74 | BF76: 15x50 | BG76: 0.15 | BH76: 0.5 | BI76: 5.15 | BJ76: =BG76*BH76*BI76 -> 0.38625 | BL76: P74 | BM76: 15x50 | BN76: 0.15 | BO76: 0.5 | BP76: 5.15 | BQ76: =((BN76*2)+(BO76*2))*BP76 -> 6.695 | BS76: CORREDOR DAS SALAS | BT76: 61.68 | BU76: 65.68 | BV76: =3.1-BV111 -> 1.7 | BW76: =BU76*BV76 -> 111.656
A77: 1 | B77: C50 | D77: 0.8 | E77: 0.8 | F77: 0 | G77: 0.8 | H77: =D77*E77*G77 -> 0.512 | J77: 0.8 | K77: 0.8 | L77: 0 | M77: 0.05 | N77: =J77*K77*M77 -> 0.032 | P77: 0.8 | Q77: 0.8 | R77: 0 | S77: 0.75 | T77: =P77*Q77*S77 -> 0.48 | BE77: P75 | BF77: 15x50 | BG77: 0.15 | BH77: 0.5 | BI77: 3.35 | BJ77: =BG77*BH77*BI77 -> 0.25125 | BL77: P75 | BM77: 15x50 | BN77: 0.15 | BO77: 0.5 | BP77: 3.35 | BQ77: =((BN77*2)+(BO77*2))*BP77 -> 4.355 | BS77: W.C. INFANTIL FEMININO | BT77: 29.1
A78: 1 | B78: C40 | D78: 0.7 | E78: 0.7 | F78: 0 | G78: 0.7 | H78: =D78*E78*G78 -> 0.343 | J78: 0.7 | K78: 0.7 | L78: 0 | M78: 0.05 | N78: =J78*K78*M78 -> 0.0245 | P78: 0.7 | Q78: 0.7 | R78: 0 | S78: 0.65 | T78: =P78*Q78*S78 -> 0.3185 | BE78: P76 | BF78: 15x30 | BG78: 0.15 | BH78: 0.3 | BI78: 4.58 | BJ78: =BG78*BH78*BI78 -> 0.2061 | BL78: P76 | BM78: 15x30 | BN78: 0.15 | BO78: 0.3 | BP78: 4.58 | BQ78: =((BN78*2)+(BO78*2))*BP78 -> 4.122 | BS78: BANHEIRO PCD | BT78: 4
A79: 1 | B79: C40 | D79: 0.7 | E79: 0.7 | F79: 0 | G79: 0.7 | H79: =D79*E79*G79 -> 0.343 | J79: 0.7 | K79: 0.7 | L79: 0 | M79: 0.05 | N79: =J79*K79*M79 -> 0.0245 | P79: 0.7 | Q79: 0.7 | R79: 0 | S79: 0.65 | T79: =P79*Q79*S79 -> 0.3185 | BE79: P77 | BF79: 15x30 | BG79: 0.15 | BH79: 0.3 | BI79: 3.35 | BJ79: =BG79*BH79*BI79 -> 0.15075 | BL79: P77 | BM79: 15x30 | BN79: 0.15 | BO79: 0.3 | BP79: 3.35 | BQ79: =((BN79*2)+(BO79*2))*BP79 -> 3.015 | BS79: W.C. INFANTIL MASCULINO | BT79: 29.1
A80: 1 | B80: C40 | D80: 0.7 | E80: 0.7 | F80: 0 | G80: 0.7 | H80: =D80*E80*G80 -> 0.343 | J80: 0.7 | K80: 0.7 | L80: 0 | M80: 0.05 | N80: =J80*K80*M80 -> 0.0245 | P80: 0.7 | Q80: 0.7 | R80: 0 | S80: 0.65 | T80: =P80*Q80*S80 -> 0.3185 | BE80: P78 | BF80: 15x30 | BG80: 0.15 | BH80: 0.3 | BI80: 5.15 | BJ80: =BG80*BH80*BI80 -> 0.23175 | BL80: P78 | BM80: 15x30 | BN80: 0.15 | BO80: 0.3 | BP80: 5.15 | BQ80: =((BN80*2)+(BO80*2))*BP80 -> 4.635 | BS80: PÁTIO COBERTO | BU80: 42.68 | BV80: =3.1-BV115 -> 1.7 | BW80: =BU80*BV80 -> 72.556
A81: 1 | B81: C20 | D81: 0.5 | E81: 0.5 | F81: 0 | G81: 0.55 | H81: =D81*E81*G81 -> 0.1375 | J81: 0.5 | K81: 0.5 | L81: 0 | M81: 0.05 | N81: =J81*K81*M81 -> 0.0125 | P81: 0.5 | Q81: 0.5 | R81: 0 | S81: 0.5 | T81: =P81*Q81*S81 -> 0.125 | BE81: P79 | BF81: 15x30 | BG81: 0.15 | BH81: 0.3 | BI81: 3.35 | BJ81: =BG81*BH81*BI81 -> 0.15075 | BL81: P79 | BM81: 15x30 | BN81: 0.15 | BO81: 0.3 | BP81: 3.35 | BQ81: =((BN81*2)+(BO81*2))*BP81 -> 3.015 | BS81: SECRETARIA | BT81: 52.7 | BU81: 33.7 | BV81: =3.1-BV116 -> 1.7 | BW81: =BU81*BV81 -> 57.29
A82: 1 | B82: C50 | D82: 0.8 | E82: 0.8 | F82: 0 | G82: 0.8 | H82: =D82*E82*G82 -> 0.512 | J82: 0.8 | K82: 0.8 | L82: 0 | M82: 0.05 | N82: =J82*K82*M82 -> 0.032 | P82: 0.8 | Q82: 0.8 | R82: 0 | S82: 0.75 | T82: =P82*Q82*S82 -> 0.48 | BE82: P80 | BF82: 15x50 | BG82: 0.15 | BH82: 0.5 | BI82: 4.58 | BJ82: =BG82*BH82*BI82 -> 0.3435 | BL82: P80 | BM82: 15x50 | BN82: 0.15 | BO82: 0.5 | BP82: 4.58 | BQ82: =((BN82*2)+(BO82*2))*BP82 -> 5.954 | BS82: DIRETORIA | BT82: 11.7 | BU82: 12 | BV82: =3.1-BV117 -> 1.7 | BW82: =BU82*BV82 -> 20.4
A83: 1 | B83: C20 | D83: 0.5 | E83: 0.5 | F83: 0 | G83: 0.55 | H83: =D83*E83*G83 -> 0.1375 | J83: 0.5 | K83: 0.5 | L83: 0 | M83: 0.05 | N83: =J83*K83*M83 -> 0.0125 | P83: 0.5 | Q83: 0.5 | R83: 0 | S83: 0.5 | T83: =P83*Q83*S83 -> 0.125 | BE83: P81 | BF83: 15x30 | BG83: 0.15 | BH83: 0.3 | BI83: 4.58 | BJ83: =BG83*BH83*BI83 -> 0.2061 | BL83: P81 | BM83: 15x30 | BN83: 0.15 | BO83: 0.3 | BP83: 4.58 | BQ83: =((BN83*2)+(BO83*2))*BP83 -> 4.122 | BS83: SALA DOS PROFESSORES | BT83: 24.8 | BU83: 24 | BV83: =3.1-BV118 -> 1.7 | BW83: =BU83*BV83 -> 40.8
A84: 1 | B84: C50 | D84: 0.8 | E84: 0.8 | F84: 0 | G84: 0.8 | H84: =D84*E84*G84 -> 0.512 | J84: 0.8 | K84: 0.8 | L84: 0 | M84: 0.05 | N84: =J84*K84*M84 -> 0.032 | P84: 0.8 | Q84: 0.8 | R84: 0 | S84: 0.75 | T84: =P84*Q84*S84 -> 0.48 | BE84: P82 | BF84: 15x50 | BG84: 0.15 | BH84: 0.5 | BI84: 4.58 | BJ84: =BG84*BH84*BI84 -> 0.3435 | BL84: P82 | BM84: 15x50 | BN84: 0.15 | BO84: 0.5 | BP84: 4.58 | BQ84: =((BN84*2)+(BO84*2))*BP84 -> 5.954 | BS84: COPA | BT84: 10.53 | BU84: 13.2 | BV84: =3.1-BV119 -> 1.7 | BW84: =BU84*BV84 -> 22.44
A85: 1 | B85: C50 | D85: 0.8 | E85: 0.8 | F85: 0 | G85: 0.8 | H85: =D85*E85*G85 -> 0.512 | J85: 0.8 | K85: 0.8 | L85: 0 | M85: 0.05 | N85: =J85*K85*M85 -> 0.032 | P85: 0.8 | Q85: 0.8 | R85: 0 | S85: 0.75 | T85: =P85*Q85*S85 -> 0.48 | BE85: P83 | BF85: 15x50 | BG85: 0.15 | BH85: 0.5 | BI85: 5.15 | BJ85: =BG85*BH85*BI85 -> 0.38625 | BL85: P83 | BM85: 15x50 | BN85: 0.15 | BO85: 0.5 | BP85: 5.15 | BQ85: =((BN85*2)+(BO85*2))*BP85 -> 6.695 | BS85: SALA DE USO MULTIPLO | BT85: 31.74 | BU85: 22.58 | BV85: =3.1-BV120 -> 1.7 | BW85: =BU85*BV85 -> 38.386
A86: 1 | B86: C20 | D86: 0.5 | E86: 0.5 | F86: 0 | G86: 0.55 | H86: =D86*E86*G86 -> 0.1375 | J86: 0.5 | K86: 0.5 | L86: 0 | M86: 0.05 | N86: =J86*K86*M86 -> 0.0125 | P86: 0.5 | Q86: 0.5 | R86: 0 | S86: 0.5 | T86: =P86*Q86*S86 -> 0.125 | BE86: P84 | BF86: 15x30 | BG86: 0.15 | BH86: 0.3 | BI86: 5.15 | BJ86: =BG86*BH86*BI86 -> 0.23175 | BL86: P84 | BM86: 15x30 | BN86: 0.15 | BO86: 0.3 | BP86: 5.15 | BQ86: =((BN86*2)+(BO86*2))*BP86 -> 4.635 | BS86: ALMOXARIFADO | BT86: 18.48 | BU86: 18.16 | BV86: =3.1-BV121 -> 1.7 | BW86: =BU86*BV86 -> 30.872
A87: 1 | B87: C50 | D87: 0.8 | E87: 0.8 | F87: 0 | G87: 0.8 | H87: =D87*E87*G87 -> 0.512 | J87: 0.8 | K87: 0.8 | L87: 0 | M87: 0.05 | N87: =J87*K87*M87 -> 0.032 | P87: 0.8 | Q87: 0.8 | R87: 0 | S87: 0.75 | T87: =P87*Q87*S87 -> 0.48 | BE87: P85 | BF87: 15x50 | BG87: 0.15 | BH87: 0.5 | BI87: 5.15 | BJ87: =BG87*BH87*BI87 -> 0.38625 | BL87: P85 | BM87: 15x50 | BN87: 0.15 | BO87: 0.5 | BP87: 5.15 | BQ87: =((BN87*2)+(BO87*2))*BP87 -> 6.695 | BS87: ÁREA DE SERVIÇO | BT87: 8.1161 | BU87: 11.4 | BV87: =3.1-BV122 -> 3.1
A88: 1 | B88: C50 | D88: 0.8 | E88: 0.8 | F88: 0 | G88: 0.8 | H88: =D88*E88*G88 -> 0.512 | J88: 0.8 | K88: 0.8 | L88: 0 | M88: 0.05 | N88: =J88*K88*M88 -> 0.032 | P88: 0.8 | Q88: 0.8 | R88: 0 | S88: 0.75 | T88: =P88*Q88*S88 -> 0.48 | BE88: P86 | BF88: 15x50 | BG88: 0.15 | BH88: 0.5 | BI88: 3.35 | BJ88: =BG88*BH88*BI88 -> 0.25125 | BL88: P86 | BM88: 15x50 | BN88: 0.15 | BO88: 0.5 | BP88: 3.35 | BQ88: =((BN88*2)+(BO88*2))*BP88 -> 4.355 | BS88: DML | BT88: 8.1161 | BU88: 11.4 | BV88: =3.1-BV123 -> 1.7 | BW88: =BU88*BV88 -> 19.38
A89: 1 | B89: C40 | D89: 0.7 | E89: 0.7 | F89: 0 | G89: 0.7 | H89: =D89*E89*G89 -> 0.343 | J89: 0.7 | K89: 0.7 | L89: 0 | M89: 0.05 | N89: =J89*K89*M89 -> 0.0245 | P89: 0.7 | Q89: 0.7 | R89: 0 | S89: 0.65 | T89: =P89*Q89*S89 -> 0.3185 | BE89: P87 | BF89: 15x30 | BG89: 0.15 | BH89: 0.3 | BI89: 3.35 | BJ89: =BG89*BH89*BI89 -> 0.15075 | BL89: P87 | BM89: 15x30 | BN89: 0.15 | BO89: 0.3 | BP89: 3.35 | BQ89: =((BN89*2)+(BO89*2))*BP89 -> 3.015 | BS89: REFEITÓRIO | BT89: 113.632
A90: 1 | B90: C40 | D90: 0.7 | E90: 0.7 | F90: 0 | G90: 0.7 | H90: =D90*E90*G90 -> 0.343 | J90: 0.7 | K90: 0.7 | L90: 0 | M90: 0.05 | N90: =J90*K90*M90 -> 0.0245 | P90: 0.7 | Q90: 0.7 | R90: 0 | S90: 0.65 | T90: =P90*Q90*S90 -> 0.3185 | BE90: P88 | BF90: 15x30 | BG90: 0.15 | BH90: 0.3 | BI90: 3.35 | BJ90: =BG90*BH90*BI90 -> 0.15075 | BL90: P88 | BM90: 15x30 | BN90: 0.15 | BO90: 0.3 | BP90: 3.35 | BQ90: =((BN90*2)+(BO90*2))*BP90 -> 3.015 | BS90: COZINHA | BT90: 33.5
A91: Estacas | D91: Total: | H91: =SUM(H3:H90) -> 32.546 | J91: Total: | N91: =SUM(N3:N90) -> 2.2205 | P91: Total: | T91: =SUM(T3:T90) -> 30.3255 | BE91: Total: | BJ91: =SUM(BJ3:BJ90) -> 20.1552 | BL91: Total: | BQ91: =SUM(BQ3:BQ90) -> 375.86 | BS91: ESTOQUE | BT91: 10.34
A92: Nome | B92: Quantidade | BS92: ACESSO ESTOQUE | BT92: 10.34
A93: C20 | B93: 14 | BS93: CORREDOR 2 | BT93: 46.3 | BU93: 50.3 | BV93: =3.1-BV128 -> 1.7 | BW93: =BU93*BV93 -> 85.51
A94: C40 | B94: 43 | BS94: W.C. FEMININO | BT94: 17.58 | BU94: 17.86
A95: C50 | B95: 31 | BS95: W.C. MASCULINO | BT95: 17.58 | BW95: =BU95*BV95 -> 0
BS96: PERIMETRO EXTERNO | BU96: =BU40 -> 123.9 | BV96: =BV40 -> 4.58 | BW96: =BU96*BV96 -> 567.462
BS97: PERIMETRO EXTERNO | BU97: =BU41+BU42 -> 81.05 | BV97: 5.15 | BW97: =BU97*BV97 -> 417.4075
BS98: TOTAL: | BT98: =SUM(BT68:BT97) -> 869.8142 | BU98: TOTAL: | BW98: =SUM(BW68:BW97) -> 1834.6315
BS101: PINTURA
BS102: Local | BU102: PERIMETRO | BV102: PÉ DIREITO | BW102: PAREDES AREA TOTAL (M2)
...

Sheet Planilha
E4: PLANILHA ORÇAMENTÁRIA
E6: OBRA: AMPLIAÇÃO E REFORMA DA EMEB VEREADOR ELIAS ANDERE | F6: Data base:
B8: Referência | C8: Referência | D8: Item | E8: Descrição | F8: Unid | G8: Quantidade | H8: Preço Unit | I8: Total
D9: =Resumo!B1 -> + | E9: 1 - SERVIÇOS PRELIMINARES
B10: EDIF | C10: =#REF! -> #REF! | D10: =Resumo!B2 -> 17030002 | E10: =UPPER(IF($B10="EDIF",VLOOKUP($D10,[1]EDIF!$A$1:$F$3677,2,0),(IF($B10="INFRA",VLOOKUP($D10,[1]INFRA!$A$1:$F$1859,2,0),(IF($B10="SINAPI",VLOOKUP($D10,[1]SINAPI!$A$1:$G$9552,2,0),(IF($B10="CDHU",VLOOKUP($D10,[1]CDHU!$A$1:$G$5122,2,0),(IF($B10="SIEC",VLOOKUP($D10,[1]SIEC!$A$1:$F$5304,2,0),(IF($B10="DER",VLOOKUP($D10,[1]DER!$A$1:$F$3075,2,0),(IF($B10="FDE",VLOOKUP($D10,[1]FDE!$A$1:$F$3289,2,0),(IF($B10="SICRO",VLOOKUP($D10,[1]SICRO!$A$1:$E$7371,2,0))))))))))))))))) -> PLACA DE OBRA EM CHAPA DE AÇO GALVANIZADO | F10: =UPPER(IF($B10="EDIF",VLOOKUP($D10,[1]EDIF!$A$1:$F$3677,3,0),(IF($B10="INFRA",VLOOKUP($D10,[1]INFRA!$A$1:$F$1859,3,0),(IF($B10="SINAPI",VLOOKUP($D10,[1]SINAPI!$A$1:$G$9552,3,0),(IF($B10="CDHU",VLOOKUP($D10,[1]CDHU!$A$1:$G$5122,3,0),(IF($B10="SIEC",VLOOKUP($D10,[1]SIEC!$A$1:$F$5304,3,0),(IF($B10="DER",VLOOKUP($D10,[1]DER!$A$1:$F$2075,3,0),(IF($B10="FDE",VLOOKUP($D10,[1]FDE!$A$1:$F$3289,3,0),(IF($B10="SICRO",VLOOKUP($D10,[1]SICRO!$A$1:$E$7371,3,0))))))))))))))))) -> M2 | G10: 6 | I10: =TRUNC(G10*H10,2) -> 0
B11: EDIF | C11: =#REF! -> #REF! | D11: =Resumo!B3 -> 1001001 | E11: =UPPER(IF($B11="EDIF",VLOOKUP($D11,[1]EDIF!$A$1:$F$3677,2,0),(IF($B11="INFRA",VLOOKUP($D11,[1]INFRA!$A$1:$F$1859,2,0),(IF($B11="SINAPI",VLOOKUP($D11,[1]SINAPI!$A$1:$G$9552,2,0),(IF($B11="CDHU",VLOOKUP($D11,[1]CDHU!$A$1:$G$5122,2,0),(IF($B11="SIEC",VLOOKUP($D11,[1]SIEC!$A$1:$F$5304,2,0),(IF($B11="DER",VLOOKUP($D11,[1]DER!$A$1:$F$3075,2,0),(IF($B11="FDE",VLOOKUP($D11,[1]FDE!$A$1:$F$3289,2,0),(IF($B11="SICRO",VLOOKUP($D11,[1]SICRO!$A$1:$E$7371,2,0))))))))))))))))) -> LIMPEZA MECANIZADA GERAL, INCLUSIVE REMOÇÃO DA COBERTURA VEGETAL - TRONCOS COM DIÂMETRO ATÉ 10CM - SEM TRANSPORTE | F11: =UPPER(IF($B11="EDIF",VLOOKUP($D11,[1]EDIF!$A$1:$F$3677,3,0),(IF($B11="INFRA",VLOOKUP($D11,[1]INFRA!$A$1:$F$1859,3,0),(IF($B11="SINAPI",VLOOKUP($D11,[1]SINAPI!$A$1:$G$9552,3,0),(IF($B11="CDHU",VLOOKUP($D11,[1]CDHU!$A$1:$G$5122,3,0),(IF($B11="SIEC",VLOOKUP($D11,[1]SIEC!$A$1:$F$5304,3,0),(IF($B11="DER",VLOOKUP($D11,[1]DER!$A$1:$F$2075,3,0),(IF($B11="FDE",VLOOKUP($D11,[1]FDE!$A$1:$F$3289,3,0),(IF($B11="SICRO",VLOOKUP($D11,[1]SICRO!$A$1:$E$7371,3,0))))))))))))))))) -> M2 | G11: 355 | I11: =TRUNC(G11*H11,2) -> 0
B12: EDIF | C12: =#REF! -> #REF! | D12: =Resumo!B4 -> 1001006 | E12: =UPPER(IF($B12="EDIF",VLOOKUP($D12,[1]EDIF!$A$1:$F$3677,2,0),(IF($B12="INFRA",VLOOKUP($D12,[1]INFRA!$A$1:$F$1859,2,0),(IF($B12="SINAPI",VLOOKUP($D12,[1]SINAPI!$A$1:$G$9552,2,0),(IF($B12="CDHU",VLOOKUP($D12,[1]CDHU!$A$1:$G$5122,2,0),(IF($B12="SIEC",VLOOKUP($D12,[1]SIEC!$A$1:$F$5304,2,0),(IF($B12="DER",VLOOKUP($D12,[1]DER!$A$1:$F$3075,2,0),(IF($B12="FDE",VLOOKUP($D12,[1]FDE!$A$1:$F$3289,2,0),(IF($B12="SICRO",VLOOKUP($D12,[1]SICRO!$A$1:$E$7371,2,0))))))))))))))))) -> CARGA MANUAL E REMOÇÃO DE ENTULHO, INCLUSIVE TRANSPORTE ATÉ 1 KM | F12: =UPPER(IF($B12="EDIF",VLOOKUP($D12,[1]EDIF!$A$1:$F$3677,3,0),(IF($B12="INFRA",VLOOKUP($D12,[1]INFRA!$A$1:$F$1859,3,0),(IF($B12="SINAPI",VLOOKUP($D12,[1]SINAPI!$A$1:$G$9552,3,0),(IF($B12="CDHU",VLOOKUP($D12,[1]CDHU!$A$1:$G$5122,3,0),(IF($B12="SIEC",VLOOKUP($D12,[1]SIEC!$A$1:$F$5304,3,0),(IF($B12="DER",VLOOKUP($D12,[1]DER!$A$1:$F$2075,3,0),(IF($B12="FDE",VLOOKUP($D12,[1]FDE!$A$1:$F$3289,3,0),(IF($B12="SICRO",VLOOKUP($D12,[1]SICRO!$A$1:$E$7371,3,0))))))))))))))))) -> M3 | G12: 344.79 | I12: =TRUNC(G12*H12,2) -> 0
B13: EDIF | C13: =#REF! -> #REF! | D13: =Resumo!B5 -> 1001010 | E13: =UPPER(IF($B13="EDIF",VLOOKUP($D13,[1]EDIF!$A$1:$F$3677,2,0),(IF($B13="INFRA",VLOOKUP($D13,[1]INFRA!$A$1:$F$1859,2,0),(IF($B13="SINAPI",VLOOKUP($D13,[1]SINAPI!$A$1:$G$9552,2,0),(IF($B13="CDHU",VLOOKUP($D13,[1]CDHU!$A$1:$G$5122,2,0),(IF($B13="SIEC",VLOOKUP($D13,[1]SIEC!$A$1:$F$5304,2,0),(IF($B13="DER",VLOOKUP($D13,[1]DER!$A$1:$F$3075,2,0),(IF($B13="FDE",VLOOKUP($D13,[1]FDE!$A$1:$F$3289,2,0),(IF($B13="SICRO",VLOOKUP($D13,[1]SICRO!$A$1:$E$7371,2,0))))))))))))))))) -> TRANSPORTE DE ENTULHO POR CAMINHÃO BASCULANTE, A PARTIR DE 1KM | F13: =UPPER(IF($B13="EDIF",VLOOKUP($D13,[1]EDIF!$A$1:$F$3677,3,0),(IF($B13="INFRA",VLOOKUP($D13,[1]INFRA!$A$1:$F$1859,3,0),(IF($B13="SINAPI",VLOOKUP($D13,[1]SINAPI!$A$1:$G$9552,3,0),(IF($B13="CDHU",VLOOKUP($D13,[1]CDHU!$A$1:$G$5122,3,0),(IF($B13="SIEC",VLOOKUP($D13,[1]SIEC!$A$1:$F$5304,3,0),(IF($B13="DER",VLOOKUP($D13,[1]DER!$A$1:$F$2075,3,0),(IF($B13="FDE",VLOOKUP($D13,[1]FDE!$A$1:$F$3289,3,0),(IF($B13="SICRO",VLOOKUP($D13,[1]SICRO!$A$1:$E$7371,3,0))))))))))))))))) -> M3XKM | G13: 6895.8 | I13: =TRUNC(G13*H13,2) -> 0
B14: infra | C14: =#REF! -> #REF! | D14: =Resumo!B6 -> 4064000 | E14: =UPPER(IF($B14="EDIF",VLOOKUP($D14,[1]EDIF!$A$1:$F$3677,2,0),(IF($B14="INFRA",VLOOKUP($D14,[1]INFRA!$A$1:$F$1859,2,0),(IF($B14="SINAPI",VLOOKUP($D14,[1]SINAPI!$A$1:$G$9552,2,0),(IF($B14="CDHU",VLOOKUP($D14,[1]CDHU!$A$1:$G$5122,2,0),(IF($B14="SIEC",VLOOKUP($D14,[1]SIEC!$A$1:$F$5304,2,0),(IF($B14="DER",VLOOKUP($D14,[1]DER!$A$1:$F$3075,2,0),(IF($B14="FDE",VLOOKUP($D14,[1]FDE!$A$1:$F$3289,2,0),(IF($B14="SICRO",VLOOKUP($D14,[1]SICRO!$A$1:$E$7371,2,0))))))))))))))))) -> DISPOSIÇÃO FINAL DE SOLOS E RESÍDUOS, CLASSE II B - INERTES, EM ATERRO SANITÁRIO LICENCIADO | F14: =UPPER(IF($B14="EDIF",VLOOKUP($D14,[1]EDIF!$A$1:$F$3677,3,0),(IF($B14="INFRA",VLOOKUP($D14,[1]INFRA!$A$1:$F$1859,3,0),(IF($B14="SINAPI",VLOOKUP($D14,[1]SINAPI!$A$1:$G$9552,3,0),(IF($B14="CDHU",VLOOKUP($D14,[1]CDHU!$A$1:$G$5122,3,0),(IF($B14="SIEC",VLOOKUP($D14,[1]SIEC!$A$1:$F$5304,3,0),(IF($B14="DER",VLOOKUP($D14,[1]DER!$A$1:$F$2075,3,0),(IF($B14="FDE",VLOOKUP($D14,[1]FDE!$A$1:$F$3289,3,0),(IF($B14="SICRO",VLOOKUP($D14,[1]SICRO!$A$1:$E$7371,3,0))))))))))))))))) -> TON | G14: 517.19 | I14: =TRUNC(G14*H14,2) -> 0
B15: EDIF | C15: =#REF! -> #REF! | D15: =Resumo!B7 -> 1003002 | E15: =UPPER(IF($B15="EDIF",VLOOKUP($D15,[1]EDIF!$A$1:$F$3677,2,0),(IF($B15="INFRA",VLOOKUP($D15,[1]INFRA!$A$1:$F$1859,2,0),(IF($B15="SINAPI",VLOOKUP($D15,[1]SINAPI!$A$1:$G$9552,2,0),(IF($B15="CDHU",VLOOKUP($D15,[1]CDHU!$A$1:$G$5122,2,0),(IF($B15="SIEC",VLOOKUP($D15,[1]SIEC!$A$1:$F$5304,2,0),(IF($B15="DER",VLOOKUP($D15,[1]DER!$A$1:$F$3075,2,0),(IF($B15="FDE",VLOOKUP($D15,[1]FDE!$A$1:$F$3289,2,0),(IF($B15="SICRO",VLOOKUP($D15,[1]SICRO!$A$1:$E$7371,2,0))))))))))))))))) -> CORTE E ATERRO COMPACTADO | F15: =UPPER(IF($B15="EDIF",VLOOKUP($D15,[1]EDIF!$A$1:$F$3677,3,0),(IF($B15="INFRA",VLOOKUP($D15,[1]INFRA!$A$1:$F$1859,3,0),(IF($B15="SINAPI",VLOOKUP($D15,[1]SINAPI!$A$1:$G$9552,3,0),(IF($B15="CDHU",VLOOKUP($D15,[1]CDHU!$A$1:$G$5122,3,0),(IF($B15="SIEC",VLOOKUP($D15,[1]SIEC!$A$1:$F$5304,3,0),(IF($B15="DER",VLOOKUP($D15,[1]DER!$A$1:$F$2075,3,0),(IF($B15="FDE",VLOOKUP($D15,[1]FDE!$A$1:$F$3289,3,0),(IF($B15="SICRO",VLOOKUP($D15,[1]SICRO!$A$1:$E$7371,3,0))))))))))))))))) -> M3 | G15: 213 | I15: =TRUNC(G15*H15,2) -> 0
B16: EDIF | C16: =#REF! -> #REF! | D16: =Resumo!B8 -> 1003005 | E16: =UPPER(IF($B16="EDIF",VLOOKUP($D16,[1]EDIF!$A$1:$F$3677,2,0),(IF($B16="INFRA",VLOOKUP($D16,[1]INFRA!$A$1:$F$1859,2,0),(IF($B16="SINAPI",VLOOKUP($D16,[1]SINAPI!$A$1:$G$9552,2,0),(IF($B16="CDHU",VLOOKUP($D16,[1]CDHU!$A$1:$G$5122,2,0),(IF($B16="SIEC",VLOOKUP($D16,[1]SIEC!$A$1:$F$5304,2,0),(IF($B16="DER",VLOOKUP($D16,[1]DER!$A$1:$F$3075,2,0),(IF($B16="FDE",VLOOKUP($D16,[1]FDE!$A$1:$F$3289,2,0),(IF($B16="SICRO",VLOOKUP($D16,[1]SICRO!$A$1:$E$7371,2,0))))))))))))))))) -> FORNECIMENTO DE TERRA, INCLUSIVE CORTE, CARGA, DESCARGA E TRANSPORTE ATÉ 1KM | F16: =UPPER(IF($B16="EDIF",VLOOKUP($D16,[1]EDIF!$A$1:$F$3677,3,0),(IF($B16="INFRA",VLOOKUP($D16,[1]INFRA!$A$1:$F$1859,3,0),(IF($B16="SINAPI",VLOOKUP($D16,[1]SINAPI!$A$1:$G$9552,3,0),(IF($B16="CDHU",VLOOKUP($D16,[1]CDHU!$A$1:$G$5122,3,0),(IF($B16="SIEC",VLOOKUP($D16,[1]SIEC!$A$1:$F$5304,3,0),(IF($B16="DER",VLOOKUP($D16,[1]DER!$A$1:$F$2075,3,0),(IF($B16="FDE",VLOOKUP($D16,[1]FDE!$A$1:$F$3289,3,0),(IF($B16="SICRO",VLOOKUP($D16,[1]SICRO!$A$1:$E$7371,3,0))))))))))))))))) -> M3 | G16: 85.2 | I16: =TRUNC(G16*H16,2) -> 0
B17: EDIF | C17: =#REF! -> #REF! | D17: =Resumo!B9 -> 1003010 | E17: =UPPER(IF($B17="EDIF",VLOOKUP($D17,[1]EDIF!$A$1:$F$3677,2,0),(IF($B17="INFRA",VLOOKUP($D17,[1]INFRA!$A$1:$F$1859,2,0),(IF($B17="SINAPI",VLOOKUP($D17,[1]SINAPI!$A$1:$G$9552,2,0),(IF($B17="CDHU",VLOOKUP($D17,[1]CDHU!$A$1:$G$5122,2,0),(IF($B17="SIEC",VLOOKUP($D17,[1]SIEC!$A$1:$F$5304,2,0),(IF($B17="DER",VLOOKUP($D17,[1]DER!$A$1:$F$3075,2,0),(IF($B17="FDE",VLOOKUP($D17,[1]FDE!$A$1:$F$3289,2,0),(IF($B17="SICRO",VLOOKUP($D17,[1]SICRO!$A$1:$E$7371,2,0))))))))))))))))) -> TRANSPORTE DE TERRA POR CAMINHÃO BASCULANTE, A PARTIR DE 1KM | F17: =UPPER(IF($B17="EDIF",VLOOKUP($D17,[1]EDIF!$A$1:$F$3677,3,0),(IF($B17="INFRA",VLOOKUP($D17,[1]INFRA!$A$1:$F$1859,3,0),(IF($B17="SINAPI",VLOOKUP($D17,[1]SINAPI!$A$1:$G$9552,3,0),(IF($B17="CDHU",VLOOKUP($D17,[1]CDHU!$A$1:$G$5122,3,0),(IF($B17="SIEC",VLOOKUP($D17,[1]SIEC!$A$1:$F$5304,3,0),(IF($B17="DER",VLOOKUP($D17,[1]DER!$A$1:$F$2075,3,0),(IF($B17="FDE",VLOOKUP($D17,[1]FDE!$A$1:$F$3289,3,0),(IF($B17="SICRO",VLOOKUP($D17,[1]SICRO!$A$1:$E$7371,3,0))))))))))))))))) -> M3XKM | G17: 1704 | I17: =TRUNC(G17*H17,2) -> 0
B18: EDIF | C18: =#REF! -> #REF! | D18: =Resumo!B10 -> 20003004 | E18: =UPPER(IF($B18="EDIF",VLOOKUP($D18,[1]EDIF!$A$1:$F$3677,2,0),(IF($B18="INFRA",VLOOKUP($D18,[1]INFRA!$A$1:$F$1859,2,0),(IF($B18="SINAPI",VLOOKUP($D18,[1]SINAPI!$A$1:$G$9552,2,0),(IF($B18="CDHU",VLOOKUP($D18,[1]CDHU!$A$1:$G$5122,2,0),(IF($B18="SIEC",VLOOKUP($D18,[1]SIEC!$A$1:$F$5304,2,0),(IF($B18="DER",VLOOKUP($D18,[1]DER!$A$1:$F$3075,2,0),(IF($B18="FDE",VLOOKUP($D18,[1]FDE!$A$1:$F$3289,2,0),(IF($B18="SICRO",VLOOKUP($D18,[1]SICRO!$A$1:$E$7371,2,0))))))))))))))))) -> ENGENHEIRO/ ARQUITETO PLENO | F18: =UPPER(IF($B18="EDIF",VLOOKUP($D18,[1]EDIF!$A$1:$F$3677,3,0),(IF($B18="INFRA",VLOOKUP($D18,[1]INFRA!$A$1:$F$1859,3,0),(IF($B18="SINAPI",VLOOKUP($D18,[1]SINAPI!$A$1:$G$9552,3,0),(IF($B18="CDHU",VLOOKUP($D18,[1]CDHU!$A$1:$G$5122,3,0),(IF($B18="SIEC",VLOOKUP($D18,[1]SIEC!$A$1:$F$5304,3,0),(IF($B18="DER",VLOOKUP($D18,[1]DER!$A$1:$F$2075,3,0),(IF($B18="FDE",VLOOKUP($D18,[1]FDE!$A$1:$F$3289,3,0),(IF($B18="SICRO",VLOOKUP($D18,[1]SICRO!$A$1:$E$7371,3,0))))))))))))))))) -> H | G18: 480 | I18: =TRUNC(G18*H18,2) -> 0
B19: CDHU | C19: =#REF! -> #REF! | D19: =Resumo!B11 -> 02.01.180 | E19: =UPPER(IF($B19="EDIF",VLOOKUP($D19,[1]EDIF!$A$1:$F$3677,2,0),(IF($B19="INFRA",VLOOKUP($D19,[1]INFRA!$A$1:$F$1859,2,0),(IF($B19="SINAPI",VLOOKUP($D19,[1]SINAPI!$A$1:$G$9552,2,0),(IF($B19="CDHU",VLOOKUP($D19,[1]CDHU!$A$1:$G$5122,2,0),(IF($B19="SIEC",VLOOKUP($D19,[1]SIEC!$A$1:$F$5304,2,0),(IF($B19="DER",VLOOKUP($D19,[1]DER!$A$1:$F$3075,2,0),(IF($B19="FDE",VLOOKUP($D19,[1]FDE!$A$1:$F$3289,2,0),(IF($B19="SICRO",VLOOKUP($D19,[1]SICRO!$A$1:$E$7371,2,0))))))))))))))))) -> BANHEIRO QUÍMICO MODELO STANDARD, COM MANUTENÇÃO CONFORME EXIGÊNCIAS DA CETESB | F19: =UPPER(IF($B19="EDIF",VLOOKUP($D19,[1]EDIF!$A$1:$F$3677,3,0),(IF($B19="INFRA",VLOOKUP($D19,[1]INFRA!$A$1:$F$1859,3,0),(IF($B19="SINAPI",VLOOKUP($D19,[1]SINAPI!$A$1:$G$9552,3,0),(IF($B19="CDHU",VLOOKUP($D19,[1]CDHU!$A$1:$G$5122,3,0),(IF($B19="SIEC",VLOOKUP($D19,[1]SIEC!$A$1:$F$5304,3,0),(IF($B19="DER",VLOOKUP($D19,[1]DER!$A$1:$F$2075,3,0),(IF($B19="FDE",VLOOKUP($D19,[1]FDE!$A$1:$F$3289,3,0),(IF($B19="SICRO",VLOOKUP($D19,[1]SICRO!$A$1:$E$7371,3,0))))))))))))))))) -> UNMES | G19: 12 | I19: =TRUNC(G19*H19,2) -> 0
B20: CDHU | C20: =#REF! -> #REF! | D20: =Resumo!B12 -> 02.02.150 | E20: =UPPER(IF($B20="EDIF",VLOOKUP($D20,[1]EDIF!$A$1:$F$3677,2,0),(IF($B20="INFRA",VLOOKUP($D20,[1]INFRA!$A$1:$F$1859,2,0),(IF($B20="SINAPI",VLOOKUP($D20,[1]SINAPI!$A$1:$G$9552,2,0),(IF($B20="CDHU",VLOOKUP($D20,[1]CDHU!$A$1:$G$5122,2,0),(IF($B20="SIEC",VLOOKUP($D20,[1]SIEC!$A$1:$F$5304,2,0),(IF($B20="DER",VLOOKUP($D20,[1]DER!$A$1:$F$3075,2,0),(IF($B20="FDE",VLOOKUP($D20,[1]FDE!$A$1:$F$3289,2,0),(IF($B20="SICRO",VLOOKUP($D20,[1]SICRO!$A$1:$E$7371,2,0))))))))))))))))) -> LOCAÇÃO DE CONTAINER TIPO DEPÓSITO - ÁREA MÍNIMA DE 13,80 M² | F20: =UPPER(IF($B20="EDIF",VLOOKUP($D20,[1]EDIF!$A$1:$F$3677,3,0),(IF($B20="INFRA",VLOOKUP($D20,[1]INFRA!$A$1:$F$1859,3,0),(IF($B20="SINAPI",VLOOKUP($D20,[1]SINAPI!$A$1:$G$9552,3,0),(IF($B20="CDHU",VLOOKUP($D20,[1]CDHU!$A$1:$G$5122,3,0),(IF($B20="SIEC",VLOOKUP($D20,[1]SIEC!$A$1:$F$5304,3,0),(IF($B20="DER",VLOOKUP($D20,[1]DER!$A$1:$F$2075,3,0),(IF($B20="FDE",VLOOKUP($D20,[1]FDE!$A$1:$F$3289,3,0),(IF($B20="SICRO",VLOOKUP($D20,[1]SICRO!$A$1:$E$7371,3,0))))))))))))))))) -> UNMES | G20: 12 | I20: =TRUNC(G20*H20,2) -> 0
B21: EDIF | C21: =#REF! -> #REF! | D21: =Resumo!B13 -> 1005001 | E21: =UPPER(IF($B21="EDIF",VLOOKUP($D21,[1]EDIF!$A$1:$F$3677,2,0),(IF($B21="INFRA",VLOOKUP($D21,[1]INFRA!$A$1:$F$1859,2,0),(IF($B21="SINAPI",VLOOKUP($D21,[1]SINAPI!$A$1:$G$9552,2,0),(IF($B21="CDHU",VLOOKUP($D21,[1]CDHU!$A$1:$G$5122,2,0),(IF($B21="SIEC",VLOOKUP($D21,[1]SIEC!$A$1:$F$5304,2,0),(IF($B21="DER",VLOOKUP($D21,[1]DER!$A$1:$F$3075,2,0),(IF($B21="FDE",VLOOKUP($D21,[1]FDE!$A$1:$F$3289,2,0),(IF($B21="SICRO",VLOOKUP($D21,[1]SICRO!$A$1:$E$7371,2,0))))))))))))))))) -> TAPUME CHAPA COMPENSADA 6MM | F21: =UPPER(IF($B21="EDIF",VLOOKUP($D21,[1]EDIF!$A$1:$F$3677,3,0),(IF($B21="INFRA",VLOOKUP($D21,[1]INFRA!$A$1:$F$1859,3,0),(IF($B21="SINAPI",VLOOKUP($D21,[1]SINAPI!$A$1:$G$9552,3,0),(IF($B21="CDHU",VLOOKUP($D21,[1]CDHU!$A$1:$G$5122,3,0),(IF($B21="SIEC",VLOOKUP($D21,[1]SIEC!$A$1:$F$5304,3,0),(IF($B21="DER",VLOOKUP($D21,[1]DER!$A$1:$F$2075,3,0),(IF($B21="FDE",VLOOKUP($D21,[1]FDE!$A$1:$F$3289,3,0),(IF($B21="SICRO",VLOOKUP($D21,[1]SICRO!$A$1:$E$7371,3,0))))))))))))))))) -> M2 | G21: 138.6 | I21: =TRUNC(G21*H21,2) -> 0
B22: EDIF | C22: =#REF! -> #REF! | D22: =Resumo!B14 -> 1005006 | E22: =UPPER(IF($B22="EDIF",VLOOKUP($D22,[1]EDIF!$A$1:$F$3677,2,0),(IF($B22="INFRA",VLOOKUP($D22,[1]INFRA!$A$1:$F$1859,2,0),(IF($B22="SINAPI",VLOOKUP($D22,[1]SINAPI!$A$1:$G$9552,2,0),(IF($B22="CDHU",VLOOKUP($D22,[1]CDHU!$A$1:$G$5122,2,0),(IF($B22="SIEC",VLOOKUP($D22,[1]SIEC!$A$1:$F$5304,2,0),(IF($B22="DER",VLOOKUP($D22,[1]DER!$A$1:$F$3075,2,0),(IF($B22="FDE",VLOOKUP($D22,[1]FDE!$A$1:$F$3289,2,0),(IF($B22="SICRO",VLOOKUP($D22,[1]SICRO!$A$1:$E$7371,2,0))))))))))))))))) -> PORTÃO METÁLICO DE OBRA - 5M, PIVOTANTE, 2 FOLHAS, PARA TAPUME | F22: =UPPER(IF($B22="EDIF",VLOOKUP($D22,[1]EDIF!$A$1:$F$3677,3,0),(IF($B22="INFRA",VLOOKUP($D22,[1]INFRA!$A$1:$F$1859,3,0),(IF($B22="SINAPI",VLOOKUP($D22,[1]SINAPI!$A$1:$G$9552,3,0),(IF($B22="CDHU",VLOOKUP($D22,[1]CDHU!$A$1:$G$5122,3,0),(IF($B22="SIEC",VLOOKUP($D22,[1]SIEC!$A$1:$F$5304,3,0),(IF($B22="DER",VLOOKUP($D22,[1]DER!$A$1:$F$2075,3,0),(IF($B22="FDE",VLOOKUP($D22,[1]FDE!$A$1:$F$3289,3,0),(IF($B22="SICRO",VLOOKUP($D22,[1]SICRO!$A$1:$E$7371,3,0))))))))))))))))) -> M2 | G22: 6.16 | I22: =TRUNC(G22*H22,2) -> 0
I23: =SUM(I9:I22) -> 0
D24: =Resumo!B16 -> + | E24: =Resumo!C15 -> 2 - AMPLIAÇÃO EMEB ELIAS ANDERE
D25: + | E25: =Resumo!C16 -> 2.1 - DEMOLIÇÕES E RETIRADAS
B26: EDIF | C26: =#REF! -> #REF! | D26: =Resumo!B17 -> 3050001 | E26: =UPPER(IF($B26="EDIF",VLOOKUP($D26,[1]EDIF!$A$1:$F$3677,2,0),(IF($B26="INFRA",VLOOKUP($D26,[1]INFRA!$A$1:$F$1859,2,0),(IF($B26="SINAPI",VLOOKUP($D26,[1]SINAPI!$A$1:$G$9552,2,0),(IF($B26="CDHU",VLOOKUP($D26,[1]CDHU!$A$1:$G$5122,2,0),(IF($B26="SIEC",VLOOKUP($D26,[1]SIEC!$A$1:$F$5304,2,0),(IF($B26="DER",VLOOKUP($D26,[1]DER!$A$1:$F$3075,2,0),(IF($B26="FDE",VLOOKUP($D26,[1]FDE!$A$1:$F$3289,2,0),(IF($B26="SICRO",VLOOKUP($D26,[1]SICRO!$A$1:$E$7371,2,0))))))))))))))))) -> DEMOLIÇÃO MECANIZADA DE CONCRETO SIMPLES | F26: =UPPER(IF($B26="EDIF",VLOOKUP($D26,[1]EDIF!$A$1:$F$3677,3,0),(IF($B26="INFRA",VLOOKUP($D26,[1]INFRA!$A$1:$F$1859,3,0),(IF($B26="SINAPI",VLOOKUP($D26,[1]SINAPI!$A$1:$G$9552,3,0),(IF($B26="CDHU",VLOOKUP($D26,[1]CDHU!$A$1:$G$5122,3,0),(IF($B26="SIEC",VLOOKUP($D26,[1]SIEC!$A$1:$F$5304,3,0),(IF($B26="DER",VLOOKUP($D26,[1]DER!$A$1:$F$2075,3,0),(IF($B26="FDE",VLOOKUP($D26,[1]FDE!$A$1:$F$3289,3,0),(IF($B26="SICRO",VLOOKUP($D26,[1]SICRO!$A$1:$E$7371,3,0))))))))))))))))) -> M3 | G26: 17.02 | I26: =TRUNC(G26*H26,2) -> 0
B27: EDIF | C27: =#REF! -> #REF! | D27: =Resumo!B18 -> 3050002 | E27: =UPPER(IF($B27="EDIF",VLOOKUP($D27,[1]EDIF!$A$1:$F$3677,2,0),(IF($B27="INFRA",VLOOKUP($D27,[1]INFRA!$A$1:$F$1859,2,0),(IF($B27="SINAPI",VLOOKUP($D27,[1]SINAPI!$A$1:$G$9552,2,0),(IF($B27="CDHU",VLOOKUP($D27,[1]CDHU!$A$1:$G$5122,2,0),(IF($B27="SIEC",VLOOKUP($D27,[1]SIEC!$A$1:$F$5304,2,0),(IF($B27="DER",VLOOKUP($D27,[1]DER!$A$1:$F$3075,2,0),(IF($B27="FDE",VLOOKUP($D27,[1]FDE!$A$1:$F$3289,2,0),(IF($B27="SICRO",VLOOKUP($D27,[1]SICRO!$A$1:$E$7371,2,0))))))))))))))))) -> DEMOLIÇÃO MECANIZADA DE CONCRETO ARMADO | F27: =UPPER(IF($B27="EDIF",VLOOKUP($D27,[1]EDIF!$A$1:$F$3677,3,0),(IF($B27="INFRA",VLOOKUP($D27,[1]INFRA!$A$1:$F$1859,3,0),(IF($B27="SINAPI",VLOOKUP($D27,[1]SINAPI!$A$1:$G$9552,3,0),(IF($B27="CDHU",VLOOKUP($D27,[1]CDHU!$A$1:$G$5122,3,0),(IF($B27="SIEC",VLOOKUP($D27,[1]SIEC!$A$1:$F$5304,3,0),(IF($B27="DER",VLOOKUP($D27,[1]DER!$A$1:$F$2075,3,0),(IF($B27="FDE",VLOOKUP($D27,[1]FDE!$A$1:$F$3289,3,0),(IF($B27="SICRO",VLOOKUP($D27,[1]SICRO!$A$1:$E$7371,3,0))))))))))))))))) -> M3 | G27: 6.27 | I27: =TRUNC(G27*H27,2) -> 0
B28: EDIF | C28: =#REF! -> #REF! | D28: =Resumo!B19 -> 4050004 | E28: =UPPER(IF($B28="EDIF",VLOOKUP($D28,[1]EDIF!$A$1:$F$3677,2,0),(IF($B28="INFRA",VLOOKUP($D28,[1]INFRA!$A$1:$F$1859,2,0),(IF($B28="SINAPI",VLOOKUP($D28,[1]SINAPI!$A$1:$G$9552,2,0),(IF($B28="CDHU",VLOOKUP($D28,[1]CDHU!$A$1:$G$5122,2,0),(IF($B28="SIEC",VLOOKUP($D28,[1]SIEC!$A$1:$F$5304,2,0),(IF($B28="DER",VLOOKUP($D28,[1]DER!$A$1:$F$3075,2,0),(IF($B28="FDE",VLOOKUP($D28,[1]FDE!$A$1:$F$3289,2,0),(IF($B28="SICRO",VLOOKUP($D28,[1]SICRO!$A$1:$E$7371,2,0))))))))))))))))) -> DEMOLIÇÃO DE ALVENARIA EM GERAL (TIJOLOS OU BLOCOS) | F28: =UPPER(IF($B28="EDIF",VLOOKUP($D28,[1]EDIF!$A$1:$F$3677,3,0),(IF($B28="INFRA",VLOOKUP($D28,[1]INFRA!$A$1:$F$1859,3,0),(IF($B28="SINAPI",VLOOKUP($D28,[1]SINAPI!$A$1:$G$9552,3,0),(IF($B28="CDHU",VLOOKUP($D28,[1]CDHU!$A$1:$G$5122,3,0),(IF($B28="SIEC",VLOOKUP($D28,[1]SIEC!$A$1:$F$5304,3,0),(IF($B28="DER",VLOOKUP($D28,[1]DER!$A$1:$F$2075,3,0),(IF($B28="FDE",VLOOKUP($D28,[1]FDE!$A$1:$F$3289,3,0),(IF($B28="SICRO",VLOOKUP($D28,[1]SICRO!$A$1:$E$7371,3,0))))))))))))))))) -> M3 | G28: 28.37 | I28: =TRUNC(G28*H28,2) -> 0
B29: EDIF | C29: =#REF! -> #REF! | D29: =Resumo!B20 -> 3050005 | E29: =UPPER(IF($B29="EDIF",VLOOKUP($D29,[1]EDIF!$A$1:$F$3677,2,0),(IF($B29="INFRA",VLOOKUP($D29,[1]INFRA!$A$1:$F$1859,2,0),(IF($B29="SINAPI",VLOOKUP($D29,[1]SINAPI!$A$1:$G$9552,2,0),(IF($B29="CDHU",VLOOKUP($D29,[1]CDHU!$A$1:$G$5122,2,0),(IF($B29="SIEC",VLOOKUP($D29,[1]SIEC!$A$1:$F$5304,2,0),(IF($B29="DER",VLOOKUP($D29,[1]DER!$A$1:$F$3075,2,0),(IF($B29="FDE",VLOOKUP($D29,[1]FDE!$A$1:$F$3289,2,0),(IF($B29="SICRO",VLOOKUP($D29,[1]SICRO!$A$1:$E$7371,2,0))))))))))))))))) -> DEMOLIÇÃO DE LAJES MISTAS COM ESPESSURA FINAL IGUAL OU INFERIOR A 16CM | F29: =UPPER(IF($B29="EDIF",VLOOKUP($D29,[1]EDIF!$A$1:$F$3677,3,0),(IF($B29="INFRA",VLOOKUP($D29,[1]INFRA!$A$1:$F$1859,3,0),(IF($B29="SINAPI",VLOOKUP($D29,[1]SINAPI!$A$1:$G$9552,3,0),(IF($B29="CDHU",VLOOKUP($D29,[1]CDHU!$A$1:$G$5122,3,0),(IF($B29="SIEC",VLOOKUP($D29,[1]SIEC!$A$1:$F$5304,3,0),(IF($B29="DER",VLOOKUP($D29,[1]DER!$A$1:$F$2075,3,0),(IF($B29="FDE",VLOOKUP($D29,[1]FDE!$A$1:$F$3289,3,0),(IF($B29="SICRO",VLOOKUP($D29,[1]SICRO!$A$1:$E$7371,3,0))))))))))))))))) -> M2 | G29: 36.89 | I29: =TRUNC(G29*H29,2) -> 0
B30: EDIF | C30: =#REF! -> #REF! | D30: =Resumo!B21 -> 5050001 | E30: =UPPER(IF($B30="EDIF",VLOOKUP($D30,[1]EDIF!$A$1:$F$3677,2,0),(IF($B30="INFRA",VLOOKUP($D30,[1]INFRA!$A$1:$F$1859,2,0),(IF($B30="SINAPI",VLOOKUP($D30,[1]SINAPI!$A$1:$G$9552,2,0),(IF($B30="CDHU",VLOOKUP($D30,[1]CDHU!$A$1:$G$5122,2,0),(IF($B30="SIEC",VLOOKUP($D30,[1]SIEC!$A$1:$F$5304,2,0),(IF($B30="DER",VLOOKUP($D30,[1]DER!$A$1:$F$3075,2,0),(IF($B30="FDE",VLOOKUP($D30,[1]FDE!$A$1:$F$3289,2,0),(IF($B30="SICRO",VLOOKUP($D30,[1]SICRO!$A$1:$E$7371,2,0))))))))))))))))) -> DEMOLIÇÃO DE ARGAMASSA IMPERMEÁVEL - ESPESSURA MÉDIA DE 30MM | F30: =UPPER(IF($B30="EDIF",VLOOKUP($D30,[1]EDIF!$A$1:$F$3677,3,0),(IF($B30="INFRA",VLOOKUP($D30,[1]INFRA!$A$1:$F$1859,3,0),(IF($B30="SINAPI",VLOOKUP($D30,[1]SINAPI!$A$1:$G$9552,3,0),(IF($B30="CDHU",VLOOKUP($D30,[1]CDHU!$A$1:$G$5122,3,0),(IF($B30="SIEC",VLOOKUP($D30,[1]SIEC!$A$1:$F$5304,3,0),(IF($B30="DER",VLOOKUP($D30,[1]DER!$A$1:$F$2075,3,0),(IF($B30="FDE",VLOOKUP($D30,[1]FDE!$A$1:$F$3289,3,0),(IF($B30="SICRO",VLOOKUP($D30,[1]SICRO!$A$1:$E$7371,3,0))))))))))))))))) -> M2 | G30: 323.25 | I30: =TRUNC(G30*H30,2) -> 0
B31: EDIF | C31: =#REF! -> #REF! | D31: =Resumo!B22 -> 4050010 | E31: =UPPER(IF($B31="EDIF",VLOOKUP($D31,[1]EDIF!$A$1:$F$3677,2,0),(IF($B31="INFRA",VLOOKUP($D31,[1]INFRA!$A$1:$F$1859,2,0),(IF($B31="SINAPI",VLOOKUP($D31,[1]SINAPI!$A$1:$G$9552,2,0),(IF($B31="CDHU",VLOOKUP($D31,[1]CDHU!$A$1:$G$5122,2,0),(IF($B31="SIEC",VLOOKUP($D31,[1]SIEC!$A$1:$F$5304,2,0),(IF($B31="DER",VLOOKUP($D31,[1]DER!$A$1:$F$3075,2,0),(IF($B31="FDE",VLOOKUP($D31,[1]FDE!$A$1:$F$3289,2,0),(IF($B31="SICRO",VLOOKUP($D31,[1]SICRO!$A$1:$E$7371,2,0))))))))))))))))) -> DEMOLIÇÃO DE PLACAS DIVISÓRIAS DE GRANILITE OU SIMILAR | F31: =UPPER(IF($B31="EDIF",VLOOKUP($D31,[1]EDIF!$A$1:$F$3677,3,0),(IF($B31="INFRA",VLOOKUP($D31,[1]INFRA!$A$1:$F$1859,3,0),(IF($B31="SINAPI",VLOOKUP($D31,[1]SINAPI!$A$1:$G$9552,3,0),(IF($B31="CDHU",VLOOKUP($D31,[1]CDHU!$A$1:$G$5122,3,0),(IF($B31="SIEC",VLOOKUP($D31,[1]SIEC!$A$1:$F$5304,3,0),(IF($B31="DER",VLOOKUP($D31,[1]DER!$A$1:$F$2075,3,0),(IF($B31="FDE",VLOOKUP($D31,[1]FDE!$A$1:$F$3289,3,0),(IF($B31="SICRO",VLOOKUP($D31,[1]SICRO!$A$1:$E$7371,3,0))))))))))))))))) -> M2 | G31: 29.65 | I31: =TRUNC(G31*H31,2) -> 0
B32: EDIF | C32: =#REF! -> #REF! | D32: =Resumo!B23 -> 6060003 | E32: =UPPER(IF($B32="EDIF",VLOOKUP($D32,[1]EDIF!$A$1:$F$3677,2,0),(IF($B32="INFRA",VLOOKUP($D32,[1]INFRA!$A$1:$F$1859,2,0),(IF($B32="SINAPI",VLOOKUP($D32,[1]SINAPI!$A$1:$G$9552,2,0),(IF($B32="CDHU",VLOOKUP($D32,[1]CDHU!$A$1:$G$5122,2,0),(IF($B32="SIEC",VLOOKUP($D32,[1]SIEC!$A$1:$F$5304,2,0),(IF($B32="DER",VLOOKUP($D32,[1]DER!$A$1:$F$3075,2,0),(IF($B32="FDE",VLOOKUP($D32,[1]FDE!$A$1:$F$3289,2,0),(IF($B32="SICRO",VLOOKUP($D32,[1]SICRO!$A$1:$E$7371,2,0))))))))))))))))) -> RETIRADA DE ESTRUTURA MADEIRA PONTALETADA - PARA TELHAS DE BARRO COZIDO | F32: =UPPER(IF($B32="EDIF",VLOOKUP($D32,[1]EDIF!$A$1:$F$3677,3,0),(IF($B32="INFRA",VLOOKUP($D32,[1]INFRA!$A$1:$F$1859,3,0),(IF($B32="SINAPI",VLOOKUP($D32,[1]SINAPI!$A$1:$G$9552,3,0),(IF($B32="CDHU",VLOOKUP($D32,[1]CDHU!$A$1:$G$5122,3,0),(IF($B32="SIEC",VLOOKUP($D32,[1]SIEC!$A$1:$F$5304,3,0),(IF($B32="DER",VLOOKUP($D32,[1]DER!$A$1:$F$2075,3,0),(IF($B32="FDE",VLOOKUP($D32,[1]FDE!$A$1:$F$3289,3,0),(IF($B32="SICRO",VLOOKUP($D32,[1]SICRO!$A$1:$E$7371,3,0))))))))))))))))) -> M2 | G32: 294.35 | I32: =TRUNC(G32*H32,2) -> 0
B33: EDIF | C33: =#REF! -> #REF! | D33: =Resumo!B24 -> 6060004 | E33: =UPPER(IF($B33="EDIF",VLOOKUP($D33,[1]EDIF!$A$1:$F$3677,2,0),(IF($B33="INFRA",VLOOKUP($D33,[1]INFRA!$A$1:$F$1859,2,0),(IF($B33="SINAPI",VLOOKUP($D33,[1]SINAPI!$A$1:$G$9552,2,0),(IF($B33="CDHU",VLOOKUP($D33,[1]CDHU!$A$1:$G$5122,2,0),(IF($B33="SIEC",VLOOKUP($D33,[1]SIEC!$A$1:$F$5304,2,0),(IF($B33="DER",VLOOKUP($D33,[1]DER!$A$1:$F$3075,2,0),(IF($B33="FDE",VLOOKUP($D33,[1]FDE!$A$1:$F$3289,2,0),(IF($B33="SICRO",VLOOKUP($D33,[1]SICRO!$A$1:$E$7371,2,0))))))))))))))))) -> RETIRADA DE ESTRUTURA MADEIRA PONTALETADA - PARA TELHA ONDULADA DE CIMENTO AMIANTO, ALUMÍNIO OU PLÁSTICO | F33: =UPPER(IF($B33="EDIF",VLOOKUP($D33,[1]EDIF!$A$1:$F$3677,3,0),(IF($B33="INFRA",VLOOKUP($D33,[1]INFRA!$A$1:$F$1859,3,0),(IF($B33="SINAPI",VLOOKUP($D33,[1]SINAPI!$A$1:$G$9552,3,0),(IF($B33="CDHU",VLOOKUP($D33,[1]CDHU!$A$1:$G$5122,3,0),(IF($B33="SIEC",VLOOKUP($D33,[1]SIEC!$A$1:$F$5304,3,0),(IF($B33="DER",VLOOKUP($D33,[1]DER!$A$1:$F$2075,3,0),(IF($B33="FDE",VLOOKUP($D33,[1]FDE!$A$1:$F$3289,3,0),(IF($B33="SICRO",VLOOKUP($D33,[1]SICRO!$A$1:$E$7371,3,0))))))))))))))))) -> M2 | G33: 214.17 | I33: =TRUNC(G33*H33,2) -> 0
B34: EDIF | C34: =#REF! -> #REF! | D34: =Resumo!B25 -> 6060020 | E34: =UPPER(IF($B34="EDIF",VLOOKUP($D34,[1]EDIF!$A$1:$F$3677,2,0),(IF($B34="INFRA",VLOOKUP($D34,[1]INFRA!$A$1:$F$1859,2,0),(IF($B34="SINAPI",VLOOKUP($D34,[1]SINAPI!$A$1:$G$9552,2,0),(IF($B34="CDHU",VLOOKUP($D34,[1]CDHU!$A$1:$G$5122,2,0),(IF($B34="SIEC",VLOOKUP($D34,[1]SIEC!$A$1:$F$5304,2,0),(IF($B34="DER",VLOOKUP($D34,[1]DER!$A$1:$F$3075,2,0),(IF($B34="FDE",VLOOKUP($D34,[1]FDE!$A$1:$F$3289,2,0),(IF($B34="SICRO",VLOOKUP($D34,[1]SICRO!$A$1:$E$7371,2,0))))))))))))))))) -> RETIRADA DE TELHAS DE BARRO COZIDO OU VIDRO - TIPO FRANCESA | F34: =UPPER(IF($B34="EDIF",VLOOKUP($D34,[1]EDIF!$A$1:$F$3677,3,0),(IF($B34="INFRA",VLOOKUP($D34,[1]INFRA!$A$1:$F$1859,3,0),(IF($B34="SINAPI",VLOOKUP($D34,[1]SINAPI!$A$1:$G$9552,3,0),(IF($B34="CDHU",VLOOKUP($D34,[1]CDHU!$A$1:$G$5122,3,0),(IF($B34="SIEC",VLOOKUP($D34,[1]SIEC!$A$1:$F$5304,3,0),(IF($B34="DER",VLOOKUP($D34,[1]DER!$A$1:$F$2075,3,0),(IF($B34="FDE",VLOOKUP($D34,[1]FDE!$A$1:$F$3289,3,0),(IF($B34="SICRO",VLOOKUP($D34,[1]SICRO!$A$1:$E$7371,3,0))))))))))))))))) -> M2 | G34: 294.35 | I34: =TRUNC(G34*H34,2) -> 0
B35: EDIF | C35: =#REF! -> #REF! | D35: =Resumo!B26 -> 6060025 | E35: =UPPER(IF($B35="EDIF",VLOOKUP($D35,[1]EDIF!$A$1:$F$3677,2,0),(IF($B35="INFRA",VLOOKUP($D35,[1]INFRA!$A$1:$F$1859,2,0),(IF($B35="SINAPI",VLOOKUP($D35,[1]SINAPI!$A$1:$G$9552,2,0),(IF($B35="CDHU",VLOOKUP($D35,[1]CDHU!$A$1:$G$5122,2,0),(IF($B35="SIEC",VLOOKUP($D35,[1]SIEC!$A$1:$F$5304,2,0),(IF($B35="DER",VLOOKUP($D35,[1]DER!$A$1:$F$3075,2,0),(IF($B35="FDE",VLOOKUP($D35,[1]FDE!$A$1:$F$3289,2,0),(IF($B35="SICRO",VLOOKUP($D35,[1]SICRO!$A$1:$E$7371,2,0))))))))))))))))) -> RETIRADA DE TELHAS EM GERAL, EXCLUSIVE TELHAS DE BARRO COZIDO, VIDRO E ESTRUTURAIS DE CRFS | F35: =UPPER(IF($B35="EDIF",VLOOKUP($D35,[1]EDIF!$A$1:$F$3677,3,0),(IF($B35="INFRA",VLOOKUP($D35,[1]INFRA!$A$1:$F$1859,3,0),(IF($B35="SINAPI",VLOOKUP($D35,[1]SINAPI!$A$1:$G$9552,3,0),(IF($B35="CDHU",VLOOKUP($D35,[1]CDHU!$A$1:$G$5122,3,0),(IF($B35="SIEC",VLOOKUP($D35,[1]SIEC!$A$1:$F$5304,3,0),(IF($B35="DER",VLOOKUP($D35,[1]DER!$A$1:$F$2075,3,0),(IF($B35="FDE",VLOOKUP($D35,[1]FDE!$A$1:$F$3289,3,0),(IF($B35="SICRO",VLOOKUP($D35,[1]SICRO!$A$1:$E$7371,3,0))))))))))))))))) -> M2 | G35: 214.17 | I35: =TRUNC(G35*H35,2) -> 0
B36: EDIF | C36: =#REF! -> #REF! | D36: =Resumo!B27 -> 6060040 | E36: =UPPER(IF($B36="EDIF",VLOOKUP($D36,[1]EDIF!$A$1:$F$3677,2,0),(IF($B36="INFRA",VLOOKUP($D36,[1]INFRA!$A$1:$F$1859,2,0),(IF($B36="SINAPI",VLOOKUP($D36,[1]SINAPI!$A$1:$G$9552,2,0),(IF($B36="CDHU",VLOOKUP($D36,[1]CDHU!$A$1:$G$5122,2,0),(IF($B36="SIEC",VLOOKUP($D36,[1]SIEC!$A$1:$F$5304,2,0),(IF($B36="DER",VLOOKUP($D36,[1]DER!$A$1:$F$3075,2,0),(IF($B36="FDE",VLOOKUP($D36,[1]FDE!$A$1:$F$3289,2,0),(IF($B36="SICRO",VLOOKUP($D36,[1]SICRO!$A$1:$E$7371,2,0))))))))))))))))) -> RETIRADA DE CUMEEIRAS OU ESPIGÕES DE BARRO COZIDO OU VIDRO EM GERAL | F36: =UPPER(IF($B36="EDIF",VLOOKUP($D36,[1]EDIF!$A$1:$F$3677,3,0),(IF($B36="INFRA",VLOOKUP($D36,[1]INFRA!$A$1:$F$1859,3,0),(IF($B36="SINAPI",VLOOKUP($D36,[1]SINAPI!$A$1:$G$9552,3,0),(IF($B36="CDHU",VLOOKUP($D36,[1]CDHU!$A$1:$G$5122,3,0),(IF($B36="SIEC",VLOOKUP($D36,[1]SIEC!$A$1:$F$5304,3,0),(IF($B36="DER",VLOOKUP($D36,[1]DER!$A$1:$F$2075,3,0),(IF($B36="FDE",VLOOKUP($D36,[1]FDE!$A$1:$F$3289,3,0),(IF($B36="SICRO",VLOOKUP($D36,[1]SICRO!$A$1:$E$7371,3,0))))))))))))))))) -> M | G36: 18.9 | I36: =TRUNC(G36*H36,2) -> 0
B37: EDIF | C37: =#REF! -> #REF! | D37: =Resumo!B28 -> 6060090 | E37: =UPPER(IF($B37="EDIF",VLOOKUP($D37,[1]EDIF!$A$1:$F$3677,2,0),(IF($B37="INFRA",VLOOKUP($D37,[1]INFRA!$A$1:$F$1859,2,0),(IF($B37="SINAPI",VLOOKUP($D37,[1]SINAPI!$A$1:$G$9552,2,0),(IF($B37="CDHU",VLOOKUP($D37,[1]CDHU!$A$1:$G$5122,2,0),(IF($B37="SIEC",VLOOKUP($D37,[1]SIEC!$A$1:$F$5304,2,0),(IF($B37="DER",VLOOKUP($D37,[1]DER!$A$1:$F$3075,2,0),(IF($B37="FDE",VLOOKUP($D37,[1]FDE!$A$1:$F$3289,2,0),(IF($B37="SICRO",VLOOKUP($D37,[1]SICRO!$A$1:$E$7371,2,0))))))))))))))))) -> RETIRADA DE CUMEEIRAS OU ESPIGÕES DE MATERIAIS EM GERAL - EXCLUSIVE BARRO COZIDO OU VIDRO | F37: =UPPER(IF($B37="EDIF",VLOOKUP($D37,[1]EDIF!$A$1:$F$3677,3,0),(IF($B37="INFRA",VLOOKUP($D37,[1]INFRA!$A$1:$F$1859,3,0),(IF($B37="SINAPI",VLOOKUP($D37,[1]SINAPI!$A$1:$G$9552,3,0),(IF($B37="CDHU",VLOOKUP($D37,[1]CDHU!$A$1:$G$5122,3,0),(IF($B37="SIEC",VLOOKUP($D37,[1]SIEC!$A$1:$F$5304,3,0),(IF($B37="DER",VLOOKUP($D37,[1]DER!$A$1:$F$2075,3,0),(IF($B37="FDE",VLOOKUP($D37,[1]FDE!$A$1:$F$3289,3,0),(IF($B37="SICRO",VLOOKUP($D37,[1]SICRO!$A$1:$E$7371,3,0))))))))))))))))) -> M | G37: 7.15 | I37: =TRUNC(G37*H37,2) -> 0
... B46: EDIF | C46: =#REF! -> #REF! | D46: =Resumo!B37 -> 17060095 | E46: =UPPER(IF($B46="EDIF",VLOOKUP($D46,[1]EDIF!$A$1:$F$3677,2,0),(IF($B46="INFRA",VLOOKUP($D46,[1]INFRA!$A$1:$F$1859,2,0),(IF($B46="SINAPI",VLOOKUP($D46,[1]SINAPI!$A$1:$G$9552,2,0),(IF($B46="CDHU",VLOOKUP($D46,[1]CDHU!$A$1:$G$5122,2,0),(IF($B46="SIEC",VLOOKUP($D46,[1]SIEC!$A$1:$F$5304,2,0),(IF($B46="DER",VLOOKUP($D46,[1]DER!$A$1:$F$3075,2,0),(IF($B46="FDE",VLOOKUP($D46,[1]FDE!$A$1:$F$3289,2,0),(IF($B46="SICRO",VLOOKUP($D46,[1]SICRO!$A$1:$E$7371,2,0))))))))))))))))) -> RETIRADA DE ALAMBRADO EM TELA INCLUSIVE ESTRUTURA DE SUSTENTAÇÃO (FP.04) | F46: =UPPER(IF($B46="EDIF",VLOOKUP($D46,[1]EDIF!$A$1:$F$3677,3,0),(IF($B46="INFRA",VLOOKUP($D46,[1]INFRA!$A$1:$F$1859,3,0),(IF($B46="SINAPI",VLOOKUP($D46,[1]SINAPI!$A$1:$G$9552,3,0),(IF($B46="CDHU",VLOOKUP($D46,[1]CDHU!$A$1:$G$5122,3,0),(IF($B46="SIEC",VLOOKUP($D46,[1]SIEC!$A$1:$F$5304,3,0),(IF($B46="DER",VLOOKUP($D46,[1]DER!$A$1:$F$2075,3,0),(IF($B46="FDE",VLOOKUP($D46,[1]FDE!$A$1:$F$3289,3,0),(IF($B46="SICRO",VLOOKUP($D46,[1]SICRO!$A$1:$E$7371,3,0))))))))))))))))) -> M | G46: 133.32 | I46: =TRUNC(G46*H46,2) -> 0
I47: =SUM(I24:I46) -> 0
E48: =Resumo!C38 -> 2.2 - INFRAESTRUTURA
B49: EDIF | C49: =#REF! -> #REF! | D49: =Resumo!B39 -> 2001005 | E49: =UPPER(IF($B49="EDIF",VLOOKUP($D49,[1]EDIF!$A$1:$F$3677,2,0),(IF($B49="INFRA",VLOOKUP($D49,[1]INFRA!$A$1:$F$1859,2,0),(IF($B49="SINAPI",VLOOKUP($D49,[1]SINAPI!$A$1:$G$9552,2,0),(IF($B49="CDHU",VLOOKUP($D49,[1]CDHU!$A$1:$G$5122,2,0),(IF($B49="SIEC",VLOOKUP($D49,[1]SIEC!$A$1:$F$5304,2,0),(IF($B49="DER",VLOOKUP($D49,[1]DER!$A$1:$F$3075,2,0),(IF($B49="FDE",VLOOKUP($D49,[1]FDE!$A$1:$F$3289,2,0),(IF($B49="SICRO",VLOOKUP($D49,[1]SICRO!$A$1:$E$7371,2,0))))))))))))))))) -> ESTACA DE CONCRETO MOLDADA NO LOCAL, TIPO "STRAUSS" - ATÉ 20T | F49: =UPPER(IF($B49="EDIF",VLOOKUP($D49,[1]EDIF!$A$1:$F$3677,3,0),(IF($B49="INFRA",VLOOKUP($D49,[1]INFRA!$A$1:$F$1859,3,0),(IF($B49="SINAPI",VLOOKUP($D49,[1]SINAPI!$A$1:$G$9552,3,0),(IF($B49="CDHU",VLOOKUP($D49,[1]CDHU!$A$1:$G$5122,3,0),(IF($B49="SIEC",VLOOKUP($D49,[1]SIEC!$A$1:$F$5304,3,0),(IF($B49="DER",VLOOKUP($D49,[1]DER!$A$1:$F$2075,3,0),(IF($B49="FDE",VLOOKUP($D49,[1]FDE!$A$1:$F$3289,3,0),(IF($B49="SICRO",VLOOKUP($D49,[1]SICRO!$A$1:$E$7371,3,0))))))))))))))))) -> M | G49: =ORÇ!J132 -> 140 | I49: =TRUNC(G49*H49,2) -> 0
B50: EDIF | C50: =#REF! -> #REF! | D50: =Resumo!B40 -> 2001006 | E50: =UPPER(IF($B50="EDIF",VLOOKUP($D50,[1]EDIF!$A$1:$F$3677,2,0),(IF($B50="INFRA",VLOOKUP($D50,[1]INFRA!$A$1:$F$1859,2,0),(IF($B50="SINAPI",VLOOKUP($D50,[1]SINAPI!$A$1:$G$9552,2,0),(IF($B50="CDHU",VLOOKUP($D50,[1]CDHU!$A$1:$G$5122,2,0),(IF($B50="SIEC",VLOOKUP($D50,[1]SIEC!$A$1:$F$5304,2,0),(IF($B50="DER",VLOOKUP($D50,[1]DER!$A$1:$F$3075,2,0),(IF($B50="FDE",VLOOKUP($D50,[1]FDE!$A$1:$F$3289,2,0),(IF($B50="SICRO",VLOOKUP($D50,[1]SICRO!$A$1:$E$7371,2,0))))))))))))))))) -> ESTACA DE CONCRETO MOLDADA NO LOCAL, TIPO "STRAUSS" - ATÉ 30T | F50: =UPPER(IF($B50="EDIF",VLOOKUP($D50,[1]EDIF!$A$1:$F$3677,3,0),(IF($B50="INFRA",VLOOKUP($D50,[1]INFRA!$A$1:$F$1859,3,0),(IF($B50="SINAPI",VLOOKUP($D50,[1]SINAPI!$A$1:$G$9552,3,0),(IF($B50="CDHU",VLOOKUP($D50,[1]CDHU!$A$1:$G$5122,3,0),(IF($B50="SIEC",VLOOKUP($D50,[1]SIEC!$A$1:$F$5304,3,0),(IF($B50="DER",VLOOKUP($D50,[1]DER!$A$1:$F$2075,3,0),(IF($B50="FDE",VLOOKUP($D50,[1]FDE!$A$1:$F$3289,3,0),(IF($B50="SICRO",VLOOKUP($D50,[1]SICRO!$A$1:$E$7371,3,0))))))))))))))))) -> M | G50: =ORÇ!J135 -> 430 | I50: =TRUNC(G50*H50,2) -> 0
B51: EDIF | C51: =#REF! -> #REF! | D51: =Resumo!B41 -> 2001007 | E51: =UPPER(IF($B51="EDIF",VLOOKUP($D51,[1]EDIF!$A$1:$F$3677,2,0),(IF($B51="INFRA",VLOOKUP($D51,[1]INFRA!$A$1:$F$1859,2,0),(IF($B51="SINAPI",VLOOKUP($D51,[1]SINAPI!$A$1:$G$9552,2,0),(IF($B51="CDHU",VLOOKUP($D51,[1]CDHU!$A$1:$G$5122,2,0),(IF($B51="SIEC",VLOOKUP($D51,[1]SIEC!$A$1:$F$5304,2,0),(IF($B51="DER",VLOOKUP($D51,[1]DER!$A$1:$F$3075,2,0),(IF($B51="FDE",VLOOKUP($D51,[1]FDE!$A$1:$F$3289,2,0),(IF($B51="SICRO",VLOOKUP($D51,[1]SICRO!$A$1:$E$7371,2,0))))))))))))))))) -> ESTACA DE CONCRETO MOLDADA NO LOCAL, TIPO "STRAUSS" - ATÉ 40T | F51: =UPPER(IF($B51="EDIF",VLOOKUP($D51,[1]EDIF!$A$1:$F$3677,3,0),(IF($B51="INFRA",VLOOKUP($D51,[1]INFRA!$A$1:$F$1859,3,0),(IF($B51="SINAPI",VLOOKUP($D51,[1]SINAPI!$A$1:$G$9552,3,0),(IF($B51="CDHU",VLOOKUP($D51,[1]CDHU!$A$1:$G$5122,3,0),(IF($B51="SIEC",VLOOKUP($D51,[1]SIEC!$A$1:$F$5304,3,0),(IF($B51="DER",VLOOKUP($D51,[1]DER!$A$1:$F$2075,3,0),(IF($B51="FDE",VLOOKUP($D51,[1]FDE!$A$1:$F$3289,3,0),(IF($B51="SICRO",VLOOKUP($D51,[1]SICRO!$A$1:$E$7371,3,0))))))))))))))))) -> M | G51: =ORÇ!J138 -> 310 | I51: =TRUNC(G51*H51,2) -> 0
B52: EDIF | C52: =#REF! -> #REF! | D52: =Resumo!B42 -> 2002001 | E52: =UPPER(IF($B52="EDIF",VLOOKUP($D52,[1]EDIF!$A$1:$F$3677,2,0),(IF($B52="INFRA",VLOOKUP($D52,[1]INFRA!$A$1:$F$1859,2,0),(IF($B52="SINAPI",VLOOKUP($D52,[1]SINAPI!$A$1:$G$9552,2,0),(IF($B52="CDHU",VLOOKUP($D52,[1]CDHU!$A$1:$G$5122,2,0),(IF($B52="SIEC",VLOOKUP($D52,[1]SIEC!$A$1:$F$5304,2,0),(IF($B52="DER",VLOOKUP($D52,[1]DER!$A$1:$F$3075,2,0),(IF($B52="FDE",VLOOKUP($D52,[1]FDE!$A$1:$F$3289,2,0),(IF($B52="SICRO",VLOOKUP($D52,[1]SICRO!$A$1:$E$7371,2,0))))))))))))))))) -> ESCAVAÇÃO MANUAL COM PROFUNDIDADE IGUAL OU INFERIOR A 1,50M | F52: =UPPER(IF($B52="EDIF",VLOOKUP($D52,[1]EDIF!$A$1:$F$3677,3,0),(IF($B52="INFRA",VLOOKUP($D52,[1]INFRA!$A$1:$F$1859,3,0),(IF($B52="SINAPI",VLOOKUP($D52,[1]SINAPI!$A$1:$G$9552,3,0),(IF($B52="CDHU",VLOOKUP($D52,[1]CDHU!$A$1:$G$5122,3,0),(IF($B52="SIEC",VLOOKUP($D52,[1]SIEC!$A$1:$F$5304,3,0),(IF($B52="DER",VLOOKUP($D52,[1]DER!$A$1:$F$2075,3,0),(IF($B52="FDE",VLOOKUP($D52,[1]FDE!$A$1:$F$3289,3,0),(IF($B52="SICRO",VLOOKUP($D52,[1]SICRO!$A$1:$E$7371,3,0))))))))))))))))) -> M3 | G52: 69.86 | I52: =TRUNC(G52*H52,2) -> 0
B53: EDIF | C53: =#REF! -> #REF! | D53: =Resumo!B43 -> 2002016 | E53: =UPPER(IF($B53="EDIF",VLOOKUP($D53,[1]EDIF!$A$1:$F$3677,2,0),(IF($B53="INFRA",VLOOKUP($D53,[1]INFRA!$A$1:$F$1859,2,0),(IF($B53="SINAPI",VLOOKUP($D53,[1]SINAPI!$A$1:$G$9552,2,0),(IF($B53="CDHU",VLOOKUP($D53,[1]CDHU!$A$1:$G$5122,2,0),(IF($B53="SIEC",VLOOKUP($D53,[1]SIEC!$A$1:$F$5304,2,0),(IF($B53="DER",VLOOKUP($D53,[1]DER!$A$1:$F$3075,2,0),(IF($B53="FDE",VLOOKUP($D53,[1]FDE!$A$1:$F$3289,2,0),(IF($B53="SICRO",VLOOKUP($D53,[1]SICRO!$A$1:$E$7371,2,0))))))))))))))))) -> LASTRO DE CONCRETO - 150KG CIM/M3 | F53: =UPPER(IF($B53="EDIF",VLOOKUP($D53,[1]EDIF!$A$1:$F$3677,3,0),(IF($B53="INFRA",VLOOKUP($D53,[1]INFRA!$A$1:$F$1859,3,0),(IF($B53="SINAPI",VLOOKUP($D53,[1]SINAPI!$A$1:$G$9552,3,0),(IF($B53="CDHU",VLOOKUP($D53,[1]CDHU!$A$1:$G$5122,3,0),(IF($B53="SIEC",VLOOKUP($D53,[1]SIEC!$A$1:$F$5304,3,0),(IF($B53="DER",VLOOKUP($D53,[1]DER!$A$1:$F$2075,3,0),(IF($B53="FDE",VLOOKUP($D53,[1]FDE!$A$1:$F$3289,3,0),(IF($B53="SICRO",VLOOKUP($D53,[1]SICRO!$A$1:$E$7371,3,0))))))))))))))))) -> M3 | G53: 5.61 | I53: =TRUNC(G53*H53,2) -> 0
B54: EDIF | C54: =#REF! -> #REF! | D54: =Resumo!B44 -> 2003001 | E54: =UPPER(IF($B54="EDIF",VLOOKUP($D54,[1]EDIF!$A$1:$F$3677,2,0),(IF($B54="INFRA",VLOOKUP($D54,[1]INFRA!$A$1:$F$1859,2,0),(IF($B54="SINAPI",VLOOKUP($D54,[1]SINAPI!$A$1:$G$9552,2,0),(IF($B54="CDHU",VLOOKUP($D54,[1]CDHU!$A$1:$G$5122,2,0),(IF($B54="SIEC",VLOOKUP($D54,[1]SIEC!$A$1:$F$5304,2,0),(IF($B54="DER",VLOOKUP($D54,[1]DER!$A$1:$F$3075,2,0),(IF($B54="FDE",VLOOKUP($D54,[1]FDE!$A$1:$F$3289,2,0),(IF($B54="SICRO",VLOOKUP($D54,[1]SICRO!$A$1:$E$7371,2,0))))))))))))))))) -> FORMA COMUM DE TÁBUAS DE PINUS | F54: =UPPER(IF($B54="EDIF",VLOOKUP($D54,[1]EDIF!$A$1:$F$3677,3,0),(IF($B54="INFRA",VLOOKUP($D54,[1]INFRA!$A$1:$F$1859,3,0),(IF($B54="SINAPI",VLOOKUP($D54,[1]SINAPI!$A$1:$G$9552,3,0),(IF($B54="CDHU",VLOOKUP($D54,[1]CDHU!$A$1:$G$5122,3,0),(IF($B54="SIEC",VLOOKUP($D54,[1]SIEC!$A$1:$F$5304,3,0),(IF($B54="DER",VLOOKUP($D54,[1]DER!$A$1:$F$2075,3,0),(IF($B54="FDE",VLOOKUP($D54,[1]FDE!$A$1:$F$3289,3,0),(IF($B54="SICRO",VLOOKUP($D54,[1]SICRO!$A$1:$E$7371,3,0))))))))))))))))) -> M2 | G54: 169.62 | I54: =TRUNC(G54*H54,2) -> 0
B55: EDIF | C55: =#REF! -> #REF! | D55: =Resumo!B45 -> 2004004 | E55: =UPPER(IF($B55="EDIF",VLOOKUP($D55,[1]EDIF!$A$1:$F$3677,2,0),(IF($B55="INFRA",VLOOKUP($D55,[1]INFRA!$A$1:$F$1859,2,0),(IF($B55="SINAPI",VLOOKUP($D55,[1]SINAPI!$A$1:$G$9552,2,0),(IF($B55="CDHU",VLOOKUP($D55,[1]CDHU!$A$1:$G$5122,2,0),(IF($B55="SIEC",VLOOKUP($D55,[1]SIEC!$A$1:$F$5304,2,0),(IF($B55="DER",VLOOKUP($D55,[1]DER!$A$1:$F$3075,2,0),(IF($B55="FDE",VLOOKUP($D55,[1]FDE!$A$1:$F$3289,2,0),(IF($B55="SICRO",VLOOKUP($D55,[1]SICRO!$A$1:$E$7371,2,0))))))))))))))))) -> ARMADURA EM AÇO CA-50 | F55: =UPPER(IF($B55="EDIF",VLOOKUP($D55,[1]EDIF!$A$1:$F$3677,3,0),(IF($B55="INFRA",VLOOKUP($D55,[1]INFRA!$A$1:$F$1859,3,0),(IF($B55="SINAPI",VLOOKUP($D55,[1]SINAPI!$A$1:$G$9552,3,0),(IF($B55="CDHU",VLOOKUP($D55,[1]CDHU!$A$1:$G$5122,3,0),(IF($B55="SIEC",VLOOKUP($D55,[1]SIEC!$A$1:$F$5304,3,0),(IF($B55="DER",VLOOKUP($D55,[1]DER!$A$1:$F$2075,3,0),(IF($B55="FDE",VLOOKUP($D55,[1]FDE!$A$1:$F$3289,3,0),(IF($B55="SICRO",VLOOKUP($D55,[1]SICRO!$A$1:$E$7371,3,0))))))))))))))))) -> KG | G55: 2713.6 | I55: =TRUNC(G55*H55,2) -> 0
B56: EDIF | C56: =#REF! -> #REF! | D56: =Resumo!B46 -> 2004007 | E56: =UPPER(IF($B56="EDIF",VLOOKUP($D56,[1]EDIF!$A$1:$F$3677,2,0),(IF($B56="INFRA",VLOOKUP($D56,[1]INFRA!$A$1:$F$1859,2,0),(IF($B56="SINAPI",VLOOKUP($D56,[1]SINAPI!$A$1:$G$9552,2,0),(IF($B56="CDHU",VLOOKUP($D56,[1]CDHU!$A$1:$G$5122,2,0),(IF($B56="SIEC",VLOOKUP($D56,[1]SIEC!$A$1:$F$5304,2,0),(IF($B56="DER",VLOOKUP($D56,[1]DER!$A$1:$F$3075,2,0),(IF($B56="FDE",VLOOKUP($D56,[1]FDE!$A$1:$F$3289,2,0),(IF($B56="SICRO",VLOOKUP($D56,[1]SICRO!$A$1:$E$7371,2,0))))))))))))))))) -> ARMADURA EM AÇO CA-60 | F56: =UPPER(IF($B56="EDIF",VLOOKUP($D56,[1]EDIF!$A$1:$F$3677,3,0),(IF($B56="INFRA",VLOOKUP($D56,[1]INFRA!$A$1:$F$1859,3,0),(IF($B56="SINAPI",VLOOKUP($D56,[1]SINAPI!$A$1:$G$9552,3,0),(IF($B56="CDHU",VLOOKUP($D56,[1]CDHU!$A$1:$G$5122,3,0),(IF($B56="SIEC",VLOOKUP($D56,[1]SIEC!$A$1:$F$5304,3,0),(IF($B56="DER",VLOOKUP($D56,[1]DER!$A$1:$F$2075,3,0),(IF($B56="FDE",VLOOKUP($D56,[1]FDE!$A$1:$F$3289,3,0),(IF($B56="SICRO",VLOOKUP($D56,[1]SICRO!$A$1:$E$7371,3,0))))))))))))))))) -> KG | G56: 678.4 | I56: =TRUNC(G56*H56,2) -> 0
B57: EDIF | C57: =#REF! -> #REF! | D57: =Resumo!B47 -> 2005010 | E57: =UPPER(IF($B57="EDIF",VLOOKUP($D57,[1]EDIF!$A$1:$F$3677,2,0),(IF($B57="INFRA",VLOOKUP($D57,[1]INFRA!$A$1:$F$1859,2,0),(IF($B57="SINAPI",VLOOKUP($D57,[1]SINAPI!$A$1:$G$9552,2,0),(IF($B57="CDHU",VLOOKUP($D57,[1]CDHU!$A$1:$G$5122,2,0),(IF($B57="SIEC",VLOOKUP($D57,[1]SIEC!$A$1:$F$5304,2,0),(IF($B57="DER",VLOOKUP($D57,[1]DER!$A$1:$F$3075,2,0),(IF($B57="FDE",VLOOKUP($D57,[1]FDE!$A$1:$F$3289,2,0),(IF($B57="SICRO",VLOOKUP($D57,[1]SICRO!$A$1:$E$7371,2,0))))))))))))))))) -> CONCRETO FCK=25MPA - USINADO | F57: =UPPER(IF($B57="EDIF",VLOOKUP($D57,[1]EDIF!$A$1:$F$3677,3,0),(IF($B57="INFRA",VLOOKUP($D57,[1]INFRA!$A$1:$F$1859,3,0),(IF($B57="SINAPI",VLOOKUP($D57,[1]SINAPI!$A$1:$G$9552,3,0),(IF($B57="CDHU",VLOOKUP($D57,[1]CDHU!$A$1:$G$5122,3,0),(IF($B57="SIEC",VLOOKUP($D57,[1]SIEC!$A$1:$F$5304,3,0),(IF($B57="DER",VLOOKUP($D57,[1]DER!$A$1:$F$2075,3,0),(IF($B57="FDE",VLOOKUP($D57,[1]FDE!$A$1:$F$3289,3,0),(IF($B57="SICRO",VLOOKUP($D57,[1]SICRO!$A$1:$E$7371,3,0))))))))))))))))) -> M3 | G57: 33.92 | I57: =TRUNC(G57*H57,2) -> 0
B58: EDIF | C58: =#REF! -> #REF! | D58: =Resumo!B48 -> 5001043 | E58: =UPPER(IF($B58="EDIF",VLOOKUP($D58,[1]EDIF!$A$1:$F$3677,2,0),(IF($B58="INFRA",VLOOKUP($D58,[1]INFRA!$A$1:$F$1859,2,0),(IF($B58="SINAPI",VLOOKUP($D58,[1]SINAPI!$A$1:$G$9552,2,0),(IF($B58="CDHU",VLOOKUP($D58,[1]CDHU!$A$1:$G$5122,2,0),(IF($B58="SIEC",VLOOKUP($D58,[1]SIEC!$A$1:$F$5304,2,0),(IF($B58="DER",VLOOKUP($D58,[1]DER!$A$1:$F$3075,2,0),(IF($B58="FDE",VLOOKUP($D58,[1]FDE!$A$1:$F$3289,2,0),(IF($B58="SICRO",VLOOKUP($D58,[1]SICRO!$A$1:$E$7371,2,0))))))))))))))))) -> PINTURA PROTETORA COM TINTA BETUMINOSA (PARA ARGAMASSA IMPERMEÁVEL) - 2 DEMÃOS | F58: =UPPER(IF($B58="EDIF",VLOOKUP($D58,[1]EDIF!$A$1:$F$3677,3,0),(IF($B58="INFRA",VLOOKUP($D58,[1]INFRA!$A$1:$F$1859,3,0),(IF($B58="SINAPI",VLOOKUP($D58,[1]SINAPI!$A$1:$G$9552,3,0),(IF($B58="CDHU",VLOOKUP($D58,[1]CDHU!$A$1:$G$5122,3,0),(IF($B58="SIEC",VLOOKUP($D58,[1]SIEC!$A$1:$F$5304,3,0),(IF($B58="DER",VLOOKUP($D58,[1]DER!$A$1:$F$2075,3,0),(IF($B58="FDE",VLOOKUP($D58,[1]FDE!$A$1:$F$3289,3,0),(IF($B58="SICRO",VLOOKUP($D58,[1]SICRO!$A$1:$E$7371,3,0))))))))))))))))) -> M2 | G58: 305.32 | I58: =TRUNC(G58*H58,2) -> 0
I59: =SUM(I48:I58) -> 0
E60: =Resumo!C49 -> 2.3 - SUPRA-ESTRUTURA
B61: EDIF | C61: =#REF! -> #REF! | D61: =Resumo!B50 -> 3001001 | E61: =UPPER(IF($B61="EDIF",VLOOKUP($D61,[1]EDIF!$A$1:$F$3677,2,0),(IF($B61="INFRA",VLOOKUP($D61,[1]INFRA!$A$1:$F$1859,2,0),(IF($B61="SINAPI",VLOOKUP($D61,[1]SINAPI!$A$1:$G$9552,2,0),(IF($B61="CDHU",VLOOKUP($D61,[1]CDHU!$A$1:$G$5122,2,0),(IF($B61="SIEC",VLOOKUP($D61,[1]SIEC!$A$1:$F$5304,2,0),(IF($B61="DER",VLOOKUP($D61,[1]DER!$A$1:$F$3075,2,0),(IF($B61="FDE",VLOOKUP($D61,[1]FDE!$A$1:$F$3289,2,0),(IF($B61="SICRO",VLOOKUP($D61,[1]SICRO!$A$1:$E$7371,2,0))))))))))))))))) -> FORMA COMUM DE TÁBUAS DE PINUS - PLANA | F61: =UPPER(IF($B61="EDIF",VLOOKUP($D61,[1]EDIF!$A$1:$F$3677,3,0),(IF($B61="INFRA",VLOOKUP($D61,[1]INFRA!$A$1:$F$1859,3,0),(IF($B61="SINAPI",VLOOKUP($D61,[1]SINAPI!$A$1:$G$9552,3,0),(IF($B61="CDHU",VLOOKUP($D61,[1]CDHU!$A$1:$G$5122,3,0),(IF($B61="SIEC",VLOOKUP($D61,[1]SIEC!$A$1:$F$5304,3,0),(IF($B61="DER",VLOOKUP($D61,[1]DER!$A$1:$F$2075,3,0),(IF($B61="FDE",VLOOKUP($D61,[1]FDE!$A$1:$F$3289,3,0),(IF($B61="SICRO",VLOOKUP($D61,[1]SICRO!$A$1:$E$7371,3,0))))))))))))))))) -> M2 | G61: 390.96 | I61: =TRUNC(G61*H61,2) -> 0
B62: EDIF | C62: =#REF! -> #REF! | D62: =Resumo!B51 -> 3001030 | E62: =UPPER(IF($B62="EDIF",VLOOKUP($D62,[1]EDIF!$A$1:$F$3677,2,0),(IF($B62="INFRA",VLOOKUP($D62,[1]INFRA!$A$1:$F$1859,2,0),(IF($B62="SINAPI",VLOOKUP($D62,[1]SINAPI!$A$1:$G$9552,2,0),(IF($B62="CDHU",VLOOKUP($D62,[1]CDHU!$A$1:$G$5122,2,0),(IF($B62="SIEC",VLOOKUP($D62,[1]SIEC!$A$1:$F$5304,2,0),(IF($B62="DER",VLOOKUP($D62,[1]DER!$A$1:$F$3075,2,0),(IF($B62="FDE",VLOOKUP($D62,[1]FDE!$A$1:$F$3289,2,0),(IF($B62="SICRO",VLOOKUP($D62,[1]SICRO!$A$1:$E$7371,2,0))))))))))))))))) -> CIMBRAMENTO PARA ALTURAS ENTRE 3,01M E 7,00M | F62: =UPPER(IF($B62="EDIF",VLOOKUP($D62,[1]EDIF!$A$1:$F$3677,3,0),(IF($B62="INFRA",VLOOKUP($D62,[1]INFRA!$A$1:$F$1859,3,0),(IF($B62="SINAPI",VLOOKUP($D62,[1]SINAPI!$A$1:$G$9552,3,0),(IF($B62="CDHU",VLOOKUP($D62,[1]CDHU!$A$1:$G$5122,3,0),(IF($B62="SIEC",VLOOKUP($D62,[1]SIEC!$A$1:$F$5304,3,0),(IF($B62="DER",VLOOKUP($D62,[1]DER!$A$1:$F$2075,3,0),(IF($B62="FDE",VLOOKUP($D62,[1]FDE!$A$1:$F$3289,3,0),(IF($B62="SICRO",VLOOKUP($D62,[1]SICRO!$A$1:$E$7371,3,0))))))))))))))))) -> M3 | G62: 1537.86 | I62: =TRUNC(G62*H62,2) -> 0
B63: EDIF | C63: =#REF! -> #REF! | D63: =Resumo!B52 -> 3002004 | E63: =UPPER(IF($B63="EDIF",VLOOKUP($D63,[1]EDIF!$A$1:$F$3677,2,0),(IF($B63="INFRA",VLOOKUP($D63,[1]INFRA!$A$1:$F$1859,2,0),(IF($B63="SINAPI",VLOOKUP($D63,[1]SINAPI!$A$1:$G$9552,2,0),(IF($B63="CDHU",VLOOKUP($D63,[1]CDHU!$A$1:$G$5122,2,0),(IF($B63="SIEC",VLOOKUP($D63,[1]SIEC!$A$1:$F$5304,2,0),(IF($B63="DER",VLOOKUP($D63,[1]DER!$A$1:$F$3075,2,0),(IF($B63="FDE",VLOOKUP($D63,[1]FDE!$A$1:$F$3289,2,0),(IF($B63="SICRO",VLOOKUP($D63,[1]SICRO!$A$1:$E$7371,2,0))))))))))))))))) -> ARMADURA EM AÇO CA-50 | F63: =UPPER(IF($B63="EDIF",VLOOKUP($D63,[1]EDIF!$A$1:$F$3677,3,0),(IF($B63="INFRA",VLOOKUP($D63,[1]INFRA!$A$1:$F$1859,3,0),(IF($B63="SINAPI",VLOOKUP($D63,[1]SINAPI!$A$1:$G$9552,3,0),(IF($B63="CDHU",VLOOKUP($D63,[1]CDHU!$A$1:$G$5122,3,0),(IF($B63="SIEC",VLOOKUP($D63,[1]SIEC!$A$1:$F$5304,3,0),(IF($B63="DER",VLOOKUP($D63,[1]DER!$A$1:$F$2075,3,0),(IF($B63="FDE",VLOOKUP($D63,[1]FDE!$A$1:$F$3289,3,0),(IF($B63="SICRO",VLOOKUP($D63,[1]SICRO!$A$1:$E$7371,3,0))))))))))))))))) -> KG | G63: 4318.4 | I63: =TRUNC(G63*H63,2) -> 0
B64: EDIF | C64: =#REF! -> #REF! | D64: =Resumo!B53 -> 3002007 | E64: =UPPER(IF($B64="EDIF",VLOOKUP($D64,[1]EDIF!$A$1:$F$3677,2,0),(IF($B64="INFRA",VLOOKUP($D64,[1]INFRA!$A$1:$F$1859,2,0),(IF($B64="SINAPI",VLOOKUP($D64,[1]SINAPI!$A$1:$G$9552,2,0),(IF($B64="CDHU",VLOOKUP($D64,[1]CDHU!$A$1:$G$5122,2,0),(IF($B64="SIEC",VLOOKUP($D64,[1]SIEC!$A$1:$F$5304,2,0),(IF($B64="DER",VLOOKUP($D64,[1]DER!$A$1:$F$3075,2,0),(IF($B64="FDE",VLOOKUP($D64,[1]FDE!$A$1:$F$3289,2,0),(IF($B64="SICRO",VLOOKUP($D64,[1]SICRO!$A$1:$E$7371,2,0))))))))))))))))) -> ARMADURA EM AÇO CA-60 | F64: =UPPER(IF($B64="EDIF",VLOOKUP($D64,[1]EDIF!$A$1:$F$3677,3,0),(IF($B64="INFRA",VLOOKUP($D64,[1]INFRA!$A$1:$F$1859,3,0),(IF($B64="SINAPI",VLOOKUP($D64,[1]SINAPI!$A$1:$G$9552,3,0),(IF($B64="CDHU",VLOOKUP($D64,[1]CDHU!$A$1:$G$5122,3,0),(IF($B64="SIEC",VLOOKUP($D64,[1]SIEC!$A$1:$F$5304,3,0),(IF($B64="DER",VLOOKUP($D64,[1]DER!$A$1:$F$2075,3,0),(IF($B64="FDE",VLOOKUP($D64,[1]FDE!$A$1:$F$3289,3,0),(IF($B64="SICRO",VLOOKUP($D64,[1]SICRO!$A$1:$E$7371,3,0))))))))))))))))) -> KG | G64: 1079.6 | I64: =TRUNC(G64*H64,2) -> 0
B65: EDIF | C65: =#REF! -> #REF! | D65: =Resumo!B54 -> 3003017 | E65: =UPPER(IF($B65="EDIF",VLOOKUP($D65,[1]EDIF!$A$1:$F$3677,2,0),(IF($B65="INFRA",VLOOKUP($D65,[1]INFRA!$A$1:$F$1859,2,0),(IF($B65="SINAPI",VLOOKUP($D65,[1]SINAPI!$A$1:$G$9552,2,0),(IF($B65="CDHU",VLOOKUP($D65,[1]CDHU!$A$1:$G$5122,2,0),(IF($B65="SIEC",VLOOKUP($D65,[1]SIEC!$A$1:$F$5304,2,0),(IF($B65="DER",VLOOKUP($D65,[1]DER!$A$1:$F$3075,2,0),(IF($B65="FDE",VLOOKUP($D65,[1]FDE!$A$1:$F$3289,2,0),(IF($B65="SICRO",VLOOKUP($D65,[1]SICRO!$A$1:$E$7371,2,0))))))))))))))))) -> CONCRETO FCK = 25,0MPA - USINADO | F65: =UPPER(IF($B65="EDIF",VLOOKUP($D65,[1]EDIF!$A$1:$F$3677,3,0),(IF($B65="INFRA",VLOOKUP($D65,[1]INFRA!$A$1:$F$1859,3,0),(IF($B65="SINAPI",VLOOKUP($D65,[1]SINAPI!$A$1:$G$9552,3,0),(IF($B65="CDHU",VLOOKUP($D65,[1]CDHU!$A$1:$G$5122,3,0),(IF($B65="SIEC",VLOOKUP($D65,[1]SIEC!$A$1:$F$5304,3,0),(IF($B65="DER",VLOOKUP($D65,[1]DER!$A$1:$F$2075,3,0),(IF($B65="FDE",VLOOKUP($D65,[1]FDE!$A$1:$F$3289,3,0),(IF($B65="SICRO",VLOOKUP($D65,[1]SICRO!$A$1:$E$7371,3,0))))))))))))))))) -> M3 | G65: 53.98 | I65: =TRUNC(G65*H65,2) -> 0
B66: EDIF | C66: =#REF! -> #REF! | D66: =Resumo!B55 -> 3004021 | E66: =UPPER(IF($B66="EDIF",VLOOKUP($D66,[1]EDIF!$A$1:$F$3677,2,0),(IF($B66="INFRA",VLOOKUP($D66,[1]INFRA!$A$1:$F$1859,2,0),(IF($B66="SINAPI",VLOOKUP($D66,[1]SINAPI!$A$1:$G$9552,2,0),(IF($B66="CDHU",VLOOKUP($D66,[1]CDHU!$A$1:$G$5122,2,0),(IF($B66="SIEC",VLOOKUP($D66,[1]SIEC!$A$1:$F$5304,2,0),(IF($B66="DER",VLOOKUP($D66,[1]DER!$A$1:$F$3075,2,0),(IF($B66="FDE",VLOOKUP($D66,[1]FDE!$A$1:$F$3289,2,0),(IF($B66="SICRO",VLOOKUP($D66,[1]SICRO!$A$1:$E$7371,2,0))))))))))))))))) -> LAJE MISTA TRELIÇADA H-12CM COM CAPEAMENTO 4CM (16CM) | F66: =UPPER(IF($B66="EDIF",VLOOKUP($D66,[1]EDIF!$A$1:$F$3677,3,0),(IF($B66="INFRA",VLOOKUP($D66,[1]INFRA!$A$1:$F$1859,3,0),(IF($B66="SINAPI",VLOOKUP($D66,[1]SINAPI!$A$1:$G$9552,3,0),(IF($B66="CDHU",VLOOKUP($D66,[1]CDHU!$A$1:$G$5122,3,0),(IF($B66="SIEC",VLOOKUP($D66,[1]SIEC!$A$1:$F$5304,3,0),(IF($B66="DER",VLOOKUP($D66,[1]DER!$A$1:$F$2075,3,0),(IF($B66="FDE",VLOOKUP($D66,[1]FDE!$A$1:$F$3289,3,0),(IF($B66="SICRO",VLOOKUP($D66,[1]SICRO!$A$1:$E$7371,3,0))))))))))))))))) -> M2 | G66: 496.09 | I66: =TRUNC(G66*H66,2) -> 0
B67: EDIF | C67: =#REF! -> #REF! | D67: =Resumo!B56 -> 5001040 | E67: =UPPER(IF($B67="EDIF",VLOOKUP($D67,[1]EDIF!$A$1:$F$3677,2,0),(IF($B67="INFRA",VLOOKUP($D67,[1]INFRA!$A$1:$F$1859,2,0),(IF($B67="SINAPI",VLOOKUP($D67,[1]SINAPI!$A$1:$G$9552,2,0),(IF($B67="CDHU",VLOOKUP($D67,[1]CDHU!$A$1:$G$5122,2,0),(IF($B67="SIEC",VLOOKUP($D67,[1]SIEC!$A$1:$F$5304,2,0),(IF($B67="DER",VLOOKUP($D67,[1]DER!$A$1:$F$3075,2,0),(IF($B67="FDE",VLOOKUP($D67,[1]FDE!$A$1:$F$3289,2,0),(IF($B67="SICRO",VLOOKUP($D67,[1]SICRO!$A$1:$E$7371,2,0))))))))))))))))) -> REGULARIZAÇÃO COM ARGAMASSA DE CIMENTO E AREIA - TRAÇO 1:3, ESPESSURA MÉDIA 30MM | F67: =UPPER(IF($B67="EDIF",VLOOKUP($D67,[1]EDIF!$A$1:$F$3677,3,0),(IF($B67="INFRA",VLOOKUP($D67,[1]INFRA!$A$1:$F$1859,3,0),(IF($B67="SINAPI",VLOOKUP($D67,[1]SINAPI!$A$1:$G$9552,3,0),(IF($B67="CDHU",VLOOKUP($D67,[1]CDHU!$A$1:$G$5122,3,0),(IF($B67="SIEC",VLOOKUP($D67,[1]SIEC!$A$1:$F$5304,3,0),(IF($B67="DER",VLOOKUP($D67,[1]DER!$A$1:$F$2075,3,0),(IF($B67="FDE",VLOOKUP($D67,[1]FDE!$A$1:$F$3289,3,0),(IF($B67="SICRO",VLOOKUP($D67,[1]SICRO!$A$1:$E$7371,3,0))))))))))))))))) -> M2 | G67: 819.34 | I67: =TRUNC(G67*H67,2) -> 0
B68: EDIF | C68: =#REF! -> #REF! | D68: =Resumo!B57 -> 5001047 | E68: =UPPER(IF($B68="EDIF",VLOOKUP($D68,[1]EDIF!$A$1:$F$3677,2,0),(IF($B68="INFRA",VLOOKUP($D68,[1]INFRA!$A$1:$F$1859,2,0),(IF($B68="SINAPI",VLOOKUP($D68,[1]SINAPI!$A$1:$G$9552,2,0),(IF($B68="CDHU",VLOOKUP($D68,[1]CDHU!$A$1:$G$5122,2,0),(IF($B68="SIEC",VLOOKUP($D68,[1]SIEC!$A$1:$F$5304,2,0),(IF($B68="DER",VLOOKUP($D68,[1]DER!$A$1:$F$3075,2,0),(IF($B68="FDE",VLOOKUP($D68,[1]FDE!$A$1:$F$3289,2,0),(IF($B68="SICRO",VLOOKUP($D68,[1]SICRO!$A$1:$E$7371,2,0))))))))))))))))) -> PROTEÇÃO MECÂNICA COM ARGAMASSA DE CIMENTO E AREIA - TRAÇO 1:7, ESPESSURA MÉDIA 30MM | F68: =UPPER(IF($B68="EDIF",VLOOKUP($D68,[1]EDIF!$A$1:$F$3677,3,0),(IF($B68="INFRA",VLOOKUP($D68,[1]INFRA!$A$1:$F$1859,3,0),(IF($B68="SINAPI",VLOOKUP($D68,[1]SINAPI!$A$1:$G$9552,3,0),(IF($B68="CDHU",VLOOKUP($D68,[1]CDHU!$A$1:$G$5122,3,0),(IF($B68="SIEC",VLOOKUP($D68,[1]SIEC!$A$1:$F$5304,3,0),(IF($B68="DER",VLOOKUP($D68,[1]DER!$A$1:$F$2075,3,0),(IF($B68="FDE",VLOOKUP($D68,[1]FDE!$A$1:$F$3289,3,0),(IF($B68="SICRO",VLOOKUP($D68,[1]SICRO!$A$1:$E$7371,3,0))))))))))))))))) -> M2 | G68: 819.34 | I68: =TRUNC(G68*H68,2) -> 0
B69: EDIF | C69: =#REF! -> #REF! | D69: =Resumo!B58 -> 5001043 | E69: =UPPER(IF($B69="EDIF",VLOOKUP($D69,[1]EDIF!$A$1:$F$3677,2,0),(IF($B69="INFRA",VLOOKUP($D69,[1]INFRA!$A$1:$F$1859,2,0),(IF($B69="SINAPI",VLOOKUP($D69,[1]SINAPI!$A$1:$G$9552,2,0),(IF($B69="CDHU",VLOOKUP($D69,[1]CDHU!$A$1:$G$5122,2,0),(IF($B69="SIEC",VLOOKUP($D69,[1]SIEC!$A$1:$F$5304,2,0),(IF($B69="DER",VLOOKUP($D69,[1]DER!$A$1:$F$3075,2,0),(IF($B69="FDE",VLOOKUP($D69,[1]FDE!$A$1:$F$3289,2,0),(IF($B69="SICRO",VLOOKUP($D69,[1]SICRO!$A$1:$E$7371,2,0))))))))))))))))) -> PINTURA PROTETORA COM TINTA BETUMINOSA (PARA ARGAMASSA IMPERMEÁVEL) - 2 DEMÃOS | F69: =UPPER(IF($B69="EDIF",VLOOKUP($D69,[1]EDIF!$A$1:$F$3677,3,0),(IF($B69="INFRA",VLOOKUP($D69,[1]INFRA!$A$1:$F$1859,3,0),(IF($B69="SINAPI",VLOOKUP($D69,[1]SINAPI!$A$1:$G$9552,3,0),(IF($B69="CDHU",VLOOKUP($D69,[1]CDHU!$A$1:$G$5122,3,0),(IF($B69="SIEC",VLOOKUP($D69,[1]SIEC!$A$1:$F$5304,3,0),(IF($B69="DER",VLOOKUP($D69,[1]DER!$A$1:$F$2075,3,0),(IF($B69="FDE",VLOOKUP($D69,[1]FDE!$A$1:$F$3289,3,0),(IF($B69="SICRO",VLOOKUP($D69,[1]SICRO!$A$1:$E$7371,3,0))))))))))))))))) -> M2 | G69: 819.34 | I69: =TRUNC(G69*H69,2) -> 0
I70: =SUM(I60:I69) -> 0
E71: =Resumo!C59 -> 2.4 - VEDOS
B72: EDIF | C72: =#REF! -> #REF! | D72: =Resumo!B60 -> 4001041 | E72: =UPPER(IF($B72="EDIF",VLOOKUP($D72,[1]EDIF!$A$1:$F$3677,2,0),(IF($B72="INFRA",VLOOKUP($D72,[1]INFRA!$A$1:$F$1859,2,0),(IF($B72="SINAPI",VLOOKUP($D72,[1]SINAPI!$A$1:$G$9552,2,0),(IF($B72="CDHU",VLOOKUP($D72,[1]CDHU!$A$1:$G$5122,2,0),(IF($B72="SIEC",VLOOKUP($D72,[1]SIEC!$A$1:$F$5304,2,0),(IF($B72="DER",VLOOKUP($D72,[1]DER!$A$1:$F$3075,2,0),(IF($B72="FDE",VLOOKUP($D72,[1]FDE!$A$1:$F$3289,2,0),(IF($B72="SICRO",VLOOKUP($D72,[1]SICRO!$A$1:$E$7371,2,0))))))))))))))))) -> VB.01 - ALVENARIA EM BLOCOS DE CONCRETO 14 X 19 X 39CM | F72: =UPPER(IF($B72="EDIF",VLOOKUP($D72,[1]EDIF!$A$1:$F$3677,3,0),(IF($B72="INFRA",VLOOKUP($D72,[1]INFRA!$A$1:$F$1859,3,0),(IF($B72="SINAPI",VLOOKUP($D72,[1]SINAPI!$A$1:$G$9552,3,0),(IF($B72="CDHU",VLOOKUP($D72,[1]CDHU!$A$1:$G$5122,3,0),(IF($B72="SIEC",VLOOKUP($D72,[1]SIEC!$A$1:$F$5304,3,0),(IF($B72="DER",VLOOKUP($D72,[1]DER!$A$1:$F$2075,3,0),(IF($B72="FDE",VLOOKUP($D72,[1]FDE!$A$1:$F$3289,3,0),(IF($B72="SICRO",VLOOKUP($D72,[1]SICRO!$A$1:$E$7371,3,0))))))))))))))))) -> M2 | G72: 1126.45 | I72: =TRUNC(G72*H72,2) -> 0
B73: EDIF | C73: =#REF! -> #REF! | D73: =Resumo!B61 -> 4001098 | E73: =UPPER(IF($B73="EDIF",VLOOKUP($D73,[1]EDIF!$A$1:$F$3677,2,0),(IF($B73="INFRA",VLOOKUP($D73,[1]INFRA!$A$1:$F$1859,2,0),(IF($B73="SINAPI",VLOOKUP($D73,[1]SINAPI!$A$1:$G$9552,2,0),(IF($B73="CDHU",VLOOKUP($D73,[1]CDHU!$A$1:$G$5122,2,0),(IF($B73="SIEC",VLOOKUP($D73,[1]SIEC!$A$1:$F$5304,2,0),(IF($B73="DER",VLOOKUP($D73,[1]DER!$A$1:$F$3075,2,0),(IF($B73="FDE",VLOOKUP($D73,[1]FDE!$A$1:$F$3289,2,0),(IF($B73="SICRO",VLOOKUP($D73,[1]SICRO!$A$1:$E$7371,2,0))))))))))))))))) -> VERGAS, CINTAS E PILARETES DE CONCRETO | F73: =UPPER(IF($B73="EDIF",VLOOKUP($D73,[1]EDIF!$A$1:$F$3677,3,0),(IF($B73="INFRA",VLOOKUP($D73,[1]INFRA!$A$1:$F$1859,3,0),(IF($B73="SINAPI",VLOOKUP($D73,[1]SINAPI!$A$1:$G$9552,3,0),(IF($B73="CDHU",VLOOKUP($D73,[1]CDHU!$A$1:$G$5122,3,0),(IF($B73="SIEC",VLOOKUP($D73,[1]SIEC!$A$1:$F$5304,3,0),(IF($B73="DER",VLOOKUP($D73,[1]DER!$A$1:$F$2075,3,0),(IF($B73="FDE",VLOOKUP($D73,[1]FDE!$A$1:$F$3289,3,0),(IF($B73="SICRO",VLOOKUP($D73,[1]SICRO!$A$1:$E$7371,3,0))))))))))))))))) -> M3 | G73: 2.94 | I73: =TRUNC(G73*H73,2) -> 0
B74: EDIF | C74: =#REF! -> #REF! | D74: =Resumo!B62 -> 4003030 | E74: =UPPER(IF($B74="EDIF",VLOOKUP($D74,[1]EDIF!$A$1:$F$3677,2,0),(IF($B74="INFRA",VLOOKUP($D74,[1]INFRA!$A$1:$F$1859,2,0),(IF($B74="SINAPI",VLOOKUP($D74,[1]SINAPI!$A$1:$G$9552,2,0),(IF($B74="CDHU",VLOOKUP($D74,[1]CDHU!$A$1:$G$5122,2,0),(IF($B74="SIEC",VLOOKUP($D74,[1]SIEC!$A$1:$F$5304,2,0),(IF($B74="DER",VLOOKUP($D74,[1]DER!$A$1:$F$3075,2,0),(IF($B74="FDE",VLOOKUP($D74,[1]FDE!$A$1:$F$3289,2,0),(IF($B74="SICRO",VLOOKUP($D74,[1]SICRO!$A$1:$E$7371,2,0))))))))))))))))) -> PLACAS DE GRANILITE - 30MM DE ESPESSURA | F74: =UPPER(IF($B74="EDIF",VLOOKUP($D74,[1]EDIF!$A$1:$F$3677,3,0),(IF($B74="INFRA",VLOOKUP($D74,[1]INFRA!$A$1:$F$1859,3,0),(IF($B74="SINAPI",VLOOKUP($D74,[1]SINAPI!$A$1:$G$9552,3,0),(IF($B74="CDHU",VLOOKUP($D74,[1]CDHU!$A$1:$G$5122,3,0),(IF($B74="SIEC",VLOOKUP($D74,[1]SIEC!$A$1:$F$5304,3,0),(IF($B74="DER",VLOOKUP($D74,[1]DER!$A$1:$F$2075,3,0),(IF($B74="FDE",VLOOKUP($D74,[1]FDE!$A$1:$F$3289,3,0),(IF($B74="SICRO",VLOOKUP($D74,[1]SICRO!$A$1:$E$7371,3,0))))))))))))))))) -> M2 | G74: 85.93 | I74: =TRUNC(G74*H74,2) -> 0
B75: EDIF | C75: =#REF! -> #REF! | D75: =Resumo!B63 -> 4003071 | E75: =UPPER(IF($B75="EDIF",VLOOKUP($D75,[1]EDIF!$A$1:$F$3677,2,0),(IF($B75="INFRA",VLOOKUP($D75,[1]INFRA!$A$1:$F$1859,2,0),(IF($B75="SINAPI",VLOOKUP($D75,[1]SINAPI!$A$1:$G$9552,2,0),(IF($B75="CDHU",VLOOKUP($D75,[1]CDHU!$A$1:$G$5122,2,0),(IF($B75="SIEC",VLOOKUP($D75,[1]SIEC!$A$1:$F$5304,2,0),(IF($B75="DER",VLOOKUP($D75,[1]DER!$A$1:$F$3075,2,0),(IF($B75="FDE",VLOOKUP($D75,[1]FDE!$A$1:$F$3289,2,0),(IF($B75="SICRO",VLOOKUP($D75,[1]SICRO!$A$1:$E$7371,2,0))))))))))))))))) -> FORNECIMENTO E INSTALAÇÃO DE PAREDE TIPO DRYWALL DE FACE DUPLA EM GESSO ACARTONADO ST - 1ST 12,5 + 1ST 12,5 | F75: =UPPER(IF($B75="EDIF",VLOOKUP($D75,[1]EDIF!$A$1:$F$3677,3,0),(IF($B75="INFRA",VLOOKUP($D75,[1]INFRA!$A$1:$F$1859,3,0),(IF($B75="SINAPI",VLOOKUP($D75,[1]SINAPI!$A$1:$G$9552,3,0),(IF($B75="CDHU",VLOOKUP($D75,[1]CDHU!$A$1:$G$5122,3,0),(IF($B75="SIEC",VLOOKUP($D75,[1]SIEC!$A$1:$F$5304,3,0),(IF($B75="DER",VLOOKUP($D75,[1]DER!$A$1:$F$2075,3,0),(IF($B75="FDE",VLOOKUP($D75,[1]FDE!$A$1:$F$3289,3,0),(IF($B75="SICRO",VLOOKUP($D75,[1]SICRO!$A$1:$E$7371,3,0))))))))))))))))) -> M2 | G75: 43.09 | I75: =TRUNC(G75*H75,2) -> 0
B76: EDIF | C76: =#REF! -> #REF! | D76: =Resumo!B64 -> 4003074 | E76: =UPPER(IF($B76="EDIF",VLOOKUP($D76,[1]EDIF!$A$1:$F$3677,2,0),(IF($B76="INFRA",VLOOKUP($D76,[1]INFRA!$A$1:$F$1859,2,0),(IF($B76="SINAPI",VLOOKUP($D76,[1]SINAPI!$A$1:$G$9552,2,0),(IF($B76="CDHU",VLOOKUP($D76,[1]CDHU!$A$1:$G$5122,2,0),(IF($B76="SIEC",VLOOKUP($D76,[1]SIEC!$A$1:$F$5304,2,0),(IF($B76="DER",VLOOKUP($D76,[1]DER!$A$1:$F$3075,2,0),(IF($B76="FDE",VLOOKUP($D76,[1]FDE!$A$1:$F$3289,2,0),(IF($B76="SICRO",VLOOKUP($D76,[1]SICRO!$A$1:$E$7371,2,0))))))))))))))))) -> ISOLAMENTO ACÚSTICO PARA SISTEMA DE DRYWALL | F76: =UPPER(IF($B76="EDIF",VLOOKUP($D76,[1]EDIF!$A$1:$F$3677,3,0),(IF($B76="INFRA",VLOOKUP($D76,[1]INFRA!$A$1:$F$1859,3,0),(IF($B76="SINAPI",VLOOKUP($D76,[1]SINAPI!$A$1:$G$9552,3,0),(IF($B76="CDHU",VLOOKUP($D76,[1]CDHU!$A$1:$G$5122,3,0),(IF($B76="SIEC",VLOOKUP($D76,[1]SIEC!$A$1:$F$5304,3,0),(IF($B76="DER",VLOOKUP($D76,[1]DER!$A$1:$F$2075,3,0),(IF($B76="FDE",VLOOKUP($D76,[1]FDE!$A$1:$F$3289,3,0),(IF($B76="SICRO",VLOOKUP($D76,[1]SICRO!$A$1:$E$7371,3,0))))))))))))))))) -> M2 | G76: 43.09 | I76: =TRUNC(G76*H76,2) -> 0
I77: =SUM(I71:I76) -> 0
E78: =Resumo!C65 -> 2.5 - COBERTURA
B79: EDIF | C79: =#REF! -> #REF! | D79: =Resumo!B66 -> 6001016 | E79: =UPPER(IF($B79="EDIF",VLOOKUP($D79,[1]EDIF!$A$1:$F$3677,2,0),(IF($B79="INFRA",VLOOKUP($D79,[1]INFRA!$A$1:$F$1859,2,0),(IF($B79="SINAPI",VLOOKUP($D79,[1]SINAPI!$A$1:$G$9552,2,0),(IF($B79="CDHU",VLOOKUP($D79,[1]CDHU!$A$1:$G$5122,2,0),(IF($B79="SIEC",VLOOKUP($D79,[1]SIEC!$A$1:$F$5304,2,0),(IF($B79="DER",VLOOKUP($D79,[1]DER!$A$1:$F$3075,2,0),(IF($B79="FDE",VLOOKUP($D79,[1]FDE!$A$1:$F$3289,2,0),(IF($B79="SICRO",VLOOKUP($D79,[1]SICRO!$A$1:$E$7371,2,0))))))))))))))))) -> ESTRUTURA COM TESOURAS DE MADEIRA PARA TELHAS ONDULADAS CRFS/AL/PL - VÃOS 7,01 À 10,00M | F79: =UPPER(IF($B79="EDIF",VLOOKUP($D79,[1]EDIF!$A$1:$F$3677,3,0),(IF($B79="INFRA",VLOOKUP($D79,[1]INFRA!$A$1:$F$1859,3,0),(IF($B79="SINAPI",VLOOKUP($D79,[1]SINAPI!$A$1:$G$9552,3,0),(IF($B79="CDHU",VLOOKUP($D79,[1]CDHU!$A$1:$G$5122,3,0),(IF($B79="SIEC",VLOOKUP($D79,[1]SIEC!$A$1:$F$5304,3,0),(IF($B79="DER",VLOOKUP($D79,[1]DER!$A$1:$F$2075,3,0),(IF($B79="FDE",VLOOKUP($D79,[1]FDE!$A$1:$F$3289,3,0),(IF($B79="SICRO",VLOOKUP($D79,[1]SICRO!$A$1:$E$7371,3,0))))))))))))))))) -> M2 | G79: 154.56 | I79: =TRUNC(G79*H79,2) -> 0
B80: EDIF | C80: =#REF! -> #REF! | D80: =Resumo!B67 -> 6001018 | E80: =UPPER(IF($B80="EDIF",VLOOKUP($D80,[1]EDIF!$A$1:$F$3677,2,0),(IF($B80="INFRA",VLOOKUP($D80,[1]INFRA!$A$1:$F$1859,2,0),(IF($B80="SINAPI",VLOOKUP($D80,[1]SINAPI!$A$1:$G$9552,2,0),(IF($B80="CDHU",VLOOKUP($D80,[1]CDHU!$A$1:$G$5122,2,0),(IF($B80="SIEC",VLOOKUP($D80,[1]SIEC!$A$1:$F$5304,2,0),(IF($B80="DER",VLOOKUP($D80,[1]DER!$A$1:$F$3075,2,0),(IF($B80="FDE",VLOOKUP($D80,[1]FDE!$A$1:$F$3289,2,0),(IF($B80="SICRO",VLOOKUP($D80,[1]SICRO!$A$1:$E$7371,2,0))))))))))))))))) -> ESTRUTURA COM TESOURAS DE MADEIRA PARA TELHAS ONDULADAS CRFS/AL/PL - VÃOS 13,01 À 18,00M | F80: =UPPER(IF($B80="EDIF",VLOOKUP($D80,[1]EDIF!$A$1:$F$3677,3,0),(IF($B80="INFRA",VLOOKUP($D80,[1]INFRA!$A$1:$F$1859,3,0),(IF($B80="SINAPI",VLOOKUP($D80,[1]SINAPI!$A$1:$G$9552,3,0),(IF($B80="CDHU",VLOOKUP($D80,[1]CDHU!$A$1:$G$5122,3,0),(IF($B80="SIEC",VLOOKUP($D80,[1]SIEC!$A$1:$F$5304,3,0),(IF($B80="DER",VLOOKUP($D80,[1]DER!$A$1:$F$2075,3,0),(IF($B80="FDE",VLOOKUP($D80,[1]FDE!$A$1:$F$3289,3,0),(IF($B80="SICRO",VLOOKUP($D80,[1]SICRO!$A$1:$E$7371,3,0))))))))))))))))) -> M2 | G80: 1030.11 | I80: =TRUNC(G80*H80,2) -> 0
B81: EDIF | C81: =#REF! -> #REF! | D81: =Resumo!B68 -> 6002003 | E81: =UPPER(IF($B81="EDIF",VLOOKUP($D81,[1]EDIF!$A$1:$F$3677,2,0),(IF($B81="INFRA",VLOOKUP($D81,[1]INFRA!$A$1:$F$1859,2,0),(IF($B81="SINAPI",VLOOKUP($D81,[1]SINAPI!$A$1:$G$9552,2,0),(IF($B81="CDHU",VLOOKUP($D81,[1]CDHU!$A$1:$G$5122,2,0),(IF($B81="SIEC",VLOOKUP($D81,[1]SIEC!$A$1:$F$5304,2,0),(IF($B81="DER",VLOOKUP($D81,[1]DER!$A$1:$F$3075,2,0),(IF($B81="FDE",VLOOKUP($D81,[1]FDE!$A$1:$F$3289,2,0),(IF($B81="SICRO",VLOOKUP($D81,[1]SICRO!$A$1:$E$7371,2,0))))))))))))))))) -> TELHAS DE BARRO COZIDO - PAULISTA | F81: =UPPER(IF($B81="EDIF",VLOOKUP($D81,[1]EDIF!$A$1:$F$3677,3,0),(IF($B81="INFRA",VLOOKUP($D81,[1]INFRA!$A$1:$F$1859,3,0),(IF($B81="SINAPI",VLOOKUP($D81,[1]SINAPI!$A$1:$G$9552,3,0),(IF($B81="CDHU",VLOOKUP($D81,[1]CDHU!$A$1:$G$5122,3,0),(IF($B81="SIEC",VLOOKUP($D81,[1]SIEC!$A$1:$F$5304,3,0),(IF($B81="DER",VLOOKUP($D81,[1]DER!$A$1:$F$2075,3,0),(IF($B81="FDE",VLOOKUP($D81,[1]FDE!$A$1:$F$3289,3,0),(IF($B81="SICRO",VLOOKUP($D81,[1]SICRO!$A$1:$E$7371,3,0))))))))))))))))) -> M2 | G81: 1279.44 | I81: =TRUNC(G81*H81,2) -> 0
